Workbook

Sheet AHRROS
A2: LUGAR | B2: CANTIDAD INICIAL
A3: Deuda lucía | B3: ='MAY26'!G64 -> 646463.5
A4: Efectivo MAJOR | B4: =-1*'MAY26'!G13 -> 842744 | H4: lo que sobre a fm estudio
A5: Fondos mutuos MAJORS (CTA. 02) | B5: =4907433 -> 4907433 | L5: invertido | M5: Diferencia
A6: acciones cruzados | B6: =D6*F6 -> 1111800 | C6: cant. Acc. | D6: 21800 | E6: precio accion | F6: 51 | I6: precio compra | J6: 205 | L6: =J6*D6 -> 4469000 | M6: =B6-L6 -> -3357200
A7: fondo mutuo CASA (cta 01) | B7: =44301096 -> 44301096
A8: AHORROS RAUL | B8: =SUM(B3:B7) -> 51809536
A9: FONDO MUTUO colegio agus (cta 00) | B9: 5636408
A11: TOTAL | B11: =B8+SUM(B9:B10) -> 57445944

Sheet DEPA 
B1: en $ | C1: EN UF | D1: en % | G1: purificador mama | K1: Cuota | L1: Fecha Venc. | M1: Valor | N1: Pagado | O1: Por Pagar
A2: VALOR UF al día (18/9/19) | B2: 28162.42 | G2: Total | H2: =M14 -> 332292 | K2: 1 | L2: 44286 | M2: 27691 | N2: 27691 | O2: =M2-N2 -> 0
A3: VALOR UF al pago PIE | B3: 26669.22 | G3: Pagado | H3: =N14 -> 304601 | K3: 2 | L3: 44316 | M3: 27691 | N3: =1351+26340 -> 27691 | O3: =M3-N3 -> 0
A4: VALOR UF al pago PIE EXTRA1 | B4: 27953.42 | K4: 3 | L4: 44347 | M4: 27691 | N4: =1660+26031 -> 27691 | O4: =M4-N4 -> 0
A5: VALOR UF al pago PIE EXTRA2 | B5: 28162.42 | G5: Por Pagar | H5: =H2-H3 -> 27691 | K5: 4 | L5: 44377 | M5: 27691 | N5: 27691 | O5: =M5-N5 -> 0
A6: VALOR TOTAL | B6: =C6*B2 -> 1.3500726e+08 | C6: 4793.88 | D6: 1 | K6: 5 | L6: 44408 | M6: 27691 | N6: =485+27206 -> 27691 | O6: =M6-N6 -> 0
G7: Cant. Cuotas | H7: 12 | K7: 6 | L7: 44439 | M7: 27691 | N7: 27691 | O7: =M7-N7 -> 0
A8: RESERVA | B8: 500000 | C8: =B8/B3 -> 18.748205 | D8: =C8/C6 -> 0.0039108624 | G8: Cuotas | H8: =H2/H7 -> 27691 | K8: 7 | L8: 44469 | M8: 27691 | N8: =1209+26482 -> 27691 | O8: =M8-N8 -> 0
A9: PIE (20% INMOBILIARIA) | B9: =C9*B3 -> 25069915 | C9: =C10-C8 -> 940.0318 | D9: =C9/C6 -> 0.19608997 | K9: 8 | L9: 44500 | M9: 27691 | N9: =7914+19777 -> 27691 | O9: =M9-N9 -> 0
A10: TOTAL PIE (20%) | B10: =SUM(B8:B9) -> 25569915 | C10: 958.78 | D10: =C10/C6 -> 0.20000083 | H10: =56239-H5 -> 28548 | K10: 9 | L10: 44530 | M10: 27691 | N10: =8223+19468 -> 27691 | O10: =M10-N10 -> 0
A11: PIE EXTRA PAGADO 2 | B11: =3000000 -> 3000000 | C11: =B11/B5 -> 106.52494 | D11: =C11/C6 -> 0.022221027 | K11: 10 | L11: 44561 | M11: 27691 | N11: =8509+19182 -> 27691 | O11: =M11-N11 -> 0
A12: PIE EXTRA PAGADO 1 | B12: 13486000 | C12: =B12/B4 -> 482.44544 | D12: =C12/C6 -> 0.10063778 | K12: 11 | L12: 44592 | M12: 27691 | N12: =8818+18873 -> 27691 | O12: =M12-N12 -> 0
A13: CREDITO HIPOTECARIO | B13: =C13*B2 -> 91418866 | C13: =C6-C10-C11-C12 -> 3246.1296 | D13: =C13/C6 -> 0.67714036 | K13: 12 | L13: 44620 | M13: 27691 | O13: =M13-N13 -> 27691
K14: Total | M14: =SUM(M2:M13) -> 332292 | N14: =SUM(N2:N13) -> 304601
A15: Costo UF | B15: =C6 -> 4793.88 | D15: =SUM(C10:C12) -> 1547.7504
A16: Pie pagado | B16: =C12+C10+C11 -> 1547.7504
A17: Cantidad a pedir | B17: =B15-B16 -> 3246.1296 | I17: =113201-H5 -> 85510
A19: TASA INTERÉS ANUAL REAL | B19: 2.68 | M19: =85216-H5 -> 57525
A20: n CUOTAS | B20: 300
A21: VP CREDITO (CRED. +GASTO OP)
A23: GASTOS OPERACIONALES | B23: 784000 | C23: OK
A24: FONDOS DE ADMINISTRACIÓN | B24: 141691 | C24: OK
A25: HONORARIOS NOTARIA | B25: 113500 | C25: OK
A26: IMPUESTO NOTARIA | B26: 184017 | C26: OK
A28: TOTAL IMPO+OP+GASTO COM. | B28: =SUM(B23:B27) -> 1223208

Sheet Deudas
H1: Año actual | I1: 2026 | N1: Ahorros | O1: 85000000 | R1: Gastos mensuales casa | T1: =2500000 -> 2500000
I2: i | J2: 0.03 | K2: 0.05 | N2: Deuda universidad 1 | S2: dividendo | T2: 600000
A3: deuda univ | B3: 5077000 | G3: Tipo | H3: Deuda | I3: año | J3: valor actual | N3: arencel universidad | O3: =K19 -> 30372380 | T3: =T1-T2 -> 1900000
G4: univ mama lu | H4: 5077000 | I4: 2014 | J4: =$H4*POWER((1+J$2),$I$1-$I4) -> 7238588 | K4: =$H4*POWER((1+K$2),$I$1-$I4) -> 9117562.6 | N4: Magister | O4: 2500000
G5: arancel | H5: 4000000 | I5: 2015 | J5: =$H5*POWER((1+J$2),$I$1-$I5) -> 5536935.5 | K5: =$H5*POWER((1+K$2),$I$1-$I5) -> 6841357.4 | N5: gastos anuales (2 años) | O5: =2*T9 -> 22800000
A6: deuda total | B6: =SUM(B3:B4) -> 5077000 | G6: aranceñ | H6: 4000000 | I6: 2016 | J6: =$H6*POWER((1+J$2),$I$1-$I6) -> 5375665.5 | K6: =$H6*POWER((1+K$2),$I$1-$I6) -> 6515578.5 | N6: Remanente | O6: =O1-SUM(O2:O5) -> 29327620
G7: arancel | H7: 4000000 | I7: 2017 | J7: =$H7*POWER((1+J$2),$I$1-$I7) -> 5219092.7 | K7: =$H7*POWER((1+K$2),$I$1-$I7) -> 6205312.9
G8: unap | I8: 2014 | J8: =$H8*POWER((1+J$2),$I$1-$I8) -> 0 | K8: =$H8*POWER((1+K$2),$I$1-$I8) -> 0 | N8: Majors | S8: Gasto mensual | T8: =(T3+T4+T5+T6)/2 -> 950000
I9: Toatl | J9: =SUM(J4:J8) -> 23370282 | K9: =SUM(K4:K8) -> 28679811 | N9: BOSTON | O9: 1750861 | S9: Gasto anual | T9: =T8*12 -> 11400000
N10: CHICAGO | O10: 1593881
N11: LONDRES | O11: 4014046
E12: Usando UF | G12: AÑO | H12: Valor UF | I12: UF | J12: Valor actual UF | K12: Total | N12: BERLIN | O12: 2484715.4
A13: INFLACION | B13: 0.03 | E13: univ mama lu | F13: 5077000 | G13: 2014 | H13: 23700 | I13: =F13/H13 -> 214.21941 | J13: 39784 | K13: =I13*J13 -> 8522505
A14: PERIODOS | B14: =2025-2012 -> 13 | E14: arancel | F14: 4000000 | G14: 2015 | H14: 24910 | I14: =F14/H14 -> 160.57808 | J14: 39784 | K14: =I14*J14 -> 6388438.4 | N14: A depositar | O14: =O6+SUM(O9:O12) -> 39171123
A15: AL 2025 (3% INFLACION) | B15: =B6*POWER(1+B13,B14) -> 7455745.7 | E15: aranceñ | F15: 4000000 | G15: 2016 | H15: 25919 | I15: =F15/H15 -> 154.32694 | J15: 39784 | K15: =I15*J15 -> 6139743
E16: arancel | F16: 4000000 | G16: 2017 | H16: 26681 | I16: =F16/H16 -> 149.91942 | J16: 39784 | K16: =I16*J16 -> 5964394.1 | N16: Cobro de arriendo | O16: 300 mil mensual
E17: unap | F17: 2000000 | G17: 2014 | H17: 23700 | I17: =F17/H17 -> 84.388186 | J17: 39784 | K17: =I17*J17 -> 3357299.6
N18: depa | O18: Propietario Raul | P18: Juez y custodia (gastos abogado) y lo quito en cuanto pueda, se resta valor de arriendo a pension - Nest (nos movemos) - Me quedo
J19: Total deuda | K19: =SUM(K13:K17) -> 30372380 | N19: auto | O19: a medias (vender)
N21: Agus | O21: Dgo PM a Jueves AM quedarse aca (lucia ausente) - FDS con mama, dia de semana salgo temprano y no viajo
N23: gastos compartidos 50/50 | O23: lucia tiene mayor ingreso (ojo)
N24: colegiatura | O24: (pago en diciembre mitad y mitad
O25: resto de los gastos como utiles, uniformes, intercambios, todo con boleta mitad y mitad

Sheet MAR25
B1: Presupuesto | C1: Gastado | D1: Queda | F1: cta cte internet | G1: 3465871 | L1: Cuentas Mamá | O1: prox mes
B2: 2680855 | C2: 2680855 | F2: mama | G2: =M12 -> 153760 | L2: agua | M2: 12450
A3: Supermercado | B3: 195000 | C3: =72886+1565+22209+28864-4194+23972+30360+19338 -> 195000 | D3: =B3-C3 -> 0 | E3: 190000 | F3: Prox mes | G3: =P11 -> 6159 | L3: tag | M3: =6927 -> 6927
A4: DIVIDENDO | B4: 632697 | C4: 632697 | D4: =B4-C4 -> 0 | E4: 62 DE 300 | F4: ANID | G4: =-425380+40000+8307+30000+15000+44327+7515+35000 -> -245231 | L4: luz | M4: ok | O4: vitamina c | P4: 6159
A5: luz | B5: 30400 | C5: 30400 | D5: =B5-C5 -> 0 | F5: prox mes | G5: -2654575 | L5: GGCC | M5: ok
A6: agua | B6: 9510 | C6: 9510 | D6: =B6-C6 -> 0 | F6: Ahorro Major | G6: =-50295-10000+12428 -> -47867 | L6: entrenamiento | M6: ok
A7: GG.CC + agua caliente | B7: 184463 | C7: 184463 | D7: =B7-C7 -> 0 | F7: deudores | G7: =M22 -> 126076 | L7: tag ruta maipo | M7: ok
A8: seguro | B8: 76870 | C8: 76870 | D8: =B8-C8 -> 0 | F8: Dev. Impuesto (zapatiila) | G8: =127994 -> 127994 | I8: cont 2 papa | J8: 134383 | L8: vit C | M8: ok
A9: regalos | B9: 25000 | C9: =6290+14540+4170 -> 25000 | D9: =B9-C9 -> 0 | F9: Efectivo | G9: 24000 | L9: contribuciones 1 de 2 | M9: 134383
A10: Agustina | B10: 80000 | C10: =62913+16191+896 -> 80000 | D10: =B10-C10 -> 0 | F10: Efectivo Lu | G10: 0
A11: Colegio Agus (ahorro) | B11: 120000 | C11: 120000 | D11: =B11-C11 -> 0 | E11: normal 120000 | O11: Total | P11: =SUM(P2:P10) -> 6159
A12: cuota curso agus | B12: 30000 | C12: 30000 | D12: =B12-C12 -> 0 | E12: 30mil semestral 01 OK | F12: ahorro (contribuciones) | G12: =3536-27500-27500-27500-27500-28000-28000-28000+176332 -> -14132 | H12: 2/4 ok | I12: deber ser | J12: 176332 | L12: Total | M12: =SUM(M2:M10) -> 153760
A13: Teléfono | B13: 15988 | C13: 15988 | D13: =B13-C13 -> 0 | F13: ahorro (vacas o depa) | G13: =-3919255+67200+3000000 -> -852055 | O13: total giftcard | P13: 470400 | Q13: METODO COMPRADO | R13: REGALO
A14: Feria | B14: 25000 | C14: =4779+8142+1000+11079 -> 25000 | D14: =B14-C14 -> 0 | F14: ahorro (colegio agus) | G14: 0 | L14: Deudor | M14: Monto | O14: RAUL | P14: ok | Q14: EFECTIVO (DEV. FIESTA) | R14: ZAPATILLA
A15: Furgon Agus | B15: 100000 | C15: 100000 | D15: =B15-C15 -> 0 | F15: ahorro (ferIen agus) | G15: =0 -> 0 | O15: LUCIA
A16: Credito LU | B16: 99383 | C16: 99383 | D16: =B16-C16 -> 0 | F16: Ahorro mantención auto | G16: =-30000-30000-30000 -> -90000 | L16: lu (U) | M16: =(33105+690)*2/3 -> 22530 | O16: AGUS | R16: puzzle
A17: frenillos agus | B17: 25000 | C17: =4279+5490+15231 -> 25000 | D17: =B17-C17 -> 0 | F17: Real | G17: =SUM(G1:G16) -> 0 | L17: andres aranguiz | M17: 26390 | O17: PAPA | P17: =44990 -> 44990 | Q17: giftcard | R17: poleron north face
A18: Ahorro mantencion auto | B18: 30000 | C18: 30000 | D18: =B18-C18 -> 0 | E18: normal 30000 | F18: Ideal | L18: U Lu | M18: =43856+33300 -> 77156 | O18: MAMA | P18: 31990 | Q18: giftcard | R18: sandalia
A19: Ahorro major - casa | B19: 100000 | C19: 100000 | D19: =B19-C19 -> 0 | E19: normal 150000 | F19: cta cte. | G19: liquido | H19: total | J19: =H20-G17 -> 0 | O19: GIO | P19: =44990 -> 44990 | Q19: giftcard | R19: poleron north face
A20: TAG | B20: 40000 | C20: =2493+704+36803 -> 40000 | D20: =B20-C20 -> 0 | F20: =SUM(D3:D35)+B37 -> 0 | G20: 0 | H20: =F20+G20 -> 0 | O20: NINON | P20: 24990 | Q20: giftcard | R20: vestido
A21: nutri-kine | B21: =50000 -> 50000 | C21: =15000+35000 -> 50000 | D21: =B21-C21 -> 0 | O21: FIORELLA | P21: =34990/2 -> 17495 | Q21: giftcard | R21: cocina
A22: Uniforme y utiles agus | B22: 0 | D22: =B22-C22 -> 0 | L22: Total | M22: =SUM(M15:M20) -> 126076 | O22: SUPER | P22: 31990 | Q22: giftcard | R22: sandalia
A23: viajes Y paseos | B23: 80000 | C23: 80000 | D23: =B23-C23 -> 0 | I23: para usar | J23: =G17-D4-D5-D6-D7-D12-D29-D8-D11-D13-D17-D20-D22-D24-D28-D30-D14-D21-D19-D16-D18 -> 0 | O23: LUCHITO | P23: =44990 -> 44990 | Q23: giftcard | R23: poleron north face
A24: entrenamiento raul y agus | B24: 35000 | C24: 35000 | D24: =B24-C24 -> 0 | O24: CARITO | P24: =95970/3 -> 31990 | Q24: giftcard | R24: sandalia
A25: Lucia | B25: 80000 | C25: =53980-5517+10340+21197 -> 80000 | D25: =B25-C25 -> 0 | F25: ahorro colegio agus | G25: =SUM(G26:G28) -> 5636408 | O25: CRIS | P25: 7990 | Q25: giftcard | R25: gorro
A26: raul | B26: 80000 | C26: =25567+2000+9772+700+28767+2000+11194 -> 80000 | D26: =B26-C26 -> 0 | F26: en cta cte | G26: =G14*-1 -> 0 | I26: meses por pagar | J26: =ROUNDUP(12-(G25/'Colegio Agus'!K7),0) -> 12 | O26: MAX | P26: 24190 | Q26: giftcard | R26: juego nintendo
A27: lavado auto | B27: 8000 | C27: =4000+4000 -> 8000 | D27: =B27-C27 -> 0 | E27: 8400 | F27: en cta ahorro | G27: =AHRROS!B9 -> 5636408 | I27: falta | J27: ='Colegio Agus'!K7-G25 -> 602221.37 | O27: DOMI | P27: =34990/2 -> 17495 | Q27: giftcard | R27: cocina
A28: Bencina | B28: 140000 | C28: =48038+1962+45000+22150+9700+13150 -> 140000 | D28: =B28-C28 -> 0 | E28: 140000 | F28: en cuenta lu | G28: 0 | I28: cuotas | J28: 10 | K28: feb-nov | O28: TRINI
A29: VACACIONES (ene) /per circ (marzo) | B29: 158619 | C29: 158619 | D29: =B29-C29 -> 0 | E29: 2 de 2 | I29: monto cuota | J29: =J27/J28 -> 60222.137 | O29: lu cumple
A30: ahorro feren agus | B30: 11700 | C30: 11700 | D30: =B30-C30 -> 0 | E30: normal 8000 | O30: falda agus | P30: 21990 | Q30: giftcard
A31: AHORRO CONTRIBUCIONES | B31: 28000 | C31: 28000 | D31: =B31-C31 -> 0 | E31: debe ser 28000 | O31: cumple cris
A32: rev tecniva | D32: =B32-C32 -> 0 | E32: normal 22000 en julio-agosto 2026 | O32: FLO
A33: Netflix gio (01 año- ultimo agosto) | B33: 0 | D33: =B33-C33 -> 0 | E33: 2620 mensual (32000 anual) | O33: cumple fiorella
A34: carga metro - movilizacion | B34: 0 | D34: =B34-C34 -> 0 | E34: Normal 10000 | O34: cumple mama
A35: extras | B35: 190225 | C35: =19300+20058+2970+4490+17985+1800+16970+5500+16500+990+39990+7990+34294-21580-7990+30733+225 -> 190225 | D35: =B35-C35 -> 0 | H35: lo q sobra a ahorro | O35: Total | P35: =SUM(P14:P33) -> 345090
A36: Total gastos | B36: =SUM(B3:B35) -> 2680855 | C36: =SUM(C3:C35) -> 2680855
A37: Remanente | B37: =B2-B36 -> 0 | C37: =C2-C36 -> 0 | J37: =2752586 -> 2752586
D38: =SUM(D3:D35) -> 0 | J38: =574857 -> 574857 | O38: GASTADO CON GIFTCARD
J39: =J37-J38 -> 2177729
O50: TOTAL USADO | P50: =SUM(P14:P33) -> 345090
O52: SALDO REGALOS | P52: =P13-P50 -> 125310
O54: SALDO GIFTCARD | P54: =P13-SUMIF(Q14:Q33,"GIFTCARD",P14:P33)-SUM(P39:P48) -> 125310
O56: para usar giftcard | P56: =P54-G6 -> 173177

Sheet JUL25
B1: Presupuesto | C1: Gastado | D1: Queda | F1: cta cte internet | G1: 486282 | L1: Cuentas Mamá | O1: prox mes
B2: 2648345 | C2: 2648345 | F2: mama | G2: =M12 -> 36042 | L2: agua | M2: 9840 | O2: lucia | P2: 150000
A3: Supermercado | B3: 200000 | C3: =52182+30445+4894+20620+2185+16777+2000+23400+7101+30396+1066+8934 -> 200000 | D3: =B3-C3 -> 0 | E3: 190000 | F3: Prox mes | G3: =P11 -> 321429 | L3: tag | M3: 8663 | O3: geles raul | P3: 44700 | Q3: faltan los isotonic
A4: DIVIDENDO | B4: 639119 | C4: 639119 | D4: =B4-C4 -> 0 | E4: 66 DE 300 | F4: ANID | G4: =30000+25000-206000+21500 -> -129500 | H4: (21500 cada ida) | L4: luz | M4: OK | O4: beta raul | P4: 16239
A5: luz | B5: 30100 | C5: 30100 | D5: =B5-C5 -> 0 | L5: GGCC | M5: OK | O5: huevos 14900 | P5: 14900
A6: agua | B6: 6110 | C6: 6110 | D6: =B6-C6 -> 0 | F6: Ahorro Major | G6: =-155000-9000-5000-58557-120000+71995 -> -275562 | L6: Entrenamiento | M6: OK | O6: super | P6: =45230-8934 -> 36296
A7: GG.CC + agua caliente | B7: 196307 | C7: 196307 | D7: =B7-C7 -> 0 | F7: deudores | G7: =M22 -> 141544 | L7: tag | M7: 17539 | O7: AGUS | P7: 59294
A8: seguro | B8: 77433 | C8: 77433 | D8: =B8-C8 -> 0 | L8: CEL papa | M8: ok
A9: regalos (dia del niño + coni) | B9: 30000 | C9: =20000+10000 -> 30000 | D9: =B9-C9 -> 0 | F9: Efectivo | G9: 130000 | L9: almuerzo | M9: ok
A10: Agustina | B10: 80000 | C10: =1840+1167+4000+12993+5000+23295+1705+13000+10000+7000 -> 80000 | D10: =B10-C10 -> 0 | F10: Efectivo Lu
A11: Colegio Agus (ahorro) | B11: 110000 | C11: 110000 | D11: =B11-C11 -> 0 | E11: normal 120000 | O11: Total | P11: =SUM(P2:P10) -> 321429
A12: cuota curso agus | B12: 0 | D12: =B12-C12 -> 0 | E12: FALTA CUOTA 2 $30000 | F12: ahorro (contribuciones) | G12: =-42132-28000-28000-28000 -> -126132 | H12: 2/4 ok (82500 c/u) | I12: deber ser | J12: 176332 | L12: Total | M12: =SUM(M2:M11) -> 36042
A13: Teléfono | B13: 15988 | C13: 15988 | D13: =B13-C13 -> 0 | F13: ahorro (vacas o depa) | G13: =-472349-2802266+2800000+151912 -> -322703 | O13: total giftcard | P13: 470400 | Q13: METODO COMPRADO | R13: REGALO
A14: Feria | B14: 26433 | C14: =3990+10872+11571 -> 26433 | D14: =B14-C14 -> 0 | E14: normas 25000 | F14: ahorro (colegio agus) | G14: 0 | L14: Deudor | M14: Monto | O14: RAUL | P14: ok | Q14: EFECTIVO (DEV. FIESTA) | R14: ZAPATILLA
A15: Furgon Agus | B15: 100000 | C15: 100000 | D15: =B15-C15 -> 0 | F15: ahorro (viaje agus) | G15: =-8000-8000-8000-8000 -> -32000 | L15: Carito telefono | M15: 110000 | O15: LUCIA
A16: Credito LU | B16: 100408 | C16: 100408 | D16: =B16-C16 -> 0 | F16: Ahorro mantención auto | G16: =-30000-30000-30000-30000-30000-30000-30000 -> -210000 | L16: uber lu (vra) | M16: 10381 | O16: AGUS | R16: puzzle
A17: frenillos agus | B17: 25000 | C17: 25000 | D17: =B17-C17 -> 0 | F17: Real | G17: =SUM(G1:G16) -> 19400 | L17: uber 2 lu | M17: 10624 | O17: PAPA | P17: =44990 -> 44990 | Q17: giftcard | R17: poleron north face
A18: Ahorro mantencion auto | B18: 30000 | C18: 30000 | D18: =B18-C18 -> 0 | E18: normal 30000 | F18: Ideal | L18: uber 3 | M18: 10539 | O18: MAMA | P18: 31990 | Q18: giftcard | R18: sandalia
A19: Ahorro major - casa | B19: 120000 | C19: 120000 | D19: =B19-C19 -> 0 | E19: normal 150000 | F19: cta cte. | G19: liquido | H19: total | J19: =H20-G17 -> 0 | O19: GIO | P19: =44990 -> 44990 | Q19: giftcard | R19: poleron north face
A20: TAG | B20: 55000 | C20: =1244+20866+7717+4563+8697+11913 -> 55000 | D20: =B20-C20 -> 0 | F20: =SUM(D3:D35)+B37 -> 19400 | G20: 0 | H20: =F20+G20 -> 19400 | O20: NINON | P20: 24990 | Q20: giftcard | R20: vestido
A21: nutri-kine | B21: =15000+37000 -> 52000 | C21: =37000 -> 37000 | D21: =B21-C21 -> 15000 | E21: NORMAL 52000 | O21: FIORELLA | P21: =34990/2 -> 17495 | Q21: giftcard | R21: cocina
A22: suplementos | B22: 35000 | C22: =4221+25018+5761 -> 35000 | D22: =B22-C22 -> 0 | L22: Total | M22: =SUM(M15:M20) -> 141544 | O22: SUPER | P22: 31990 | Q22: giftcard | R22: sandalia
A23: viajes Y paseos | B23: 85000 | C23: 85000 | D23: =B23-C23 -> 0 | I23: para usar | J23: =G17-D4-D5-D6-D7-D12-D29-D8-D11-D13-D17-D20-D22-D24-D28-D30-D14-D21-D19-D16-D18 -> 4400 | O23: LUCHITO | P23: =44990 -> 44990 | Q23: giftcard | R23: poleron north face
A24: entrenamiento raul | B24: 35000 | C24: 35000 | D24: =B24-C24 -> 0 | O24: CARITO | P24: =95970/3 -> 31990 | Q24: giftcard | R24: sandalia
A25: Lucia | B25: 100000 | C25: =8939+55970+4000+2983+28108 -> 100000 | D25: =B25-C25 -> 0 | E25: 80000 | F25: ahorro colegio agus | G25: =SUM(G26:G28) -> 5636408 | O25: CRIS | P25: 7990 | Q25: giftcard | R25: gorro
A26: raul | B26: 85000 | C26: =1000+49800+5689+800+7711+10586+7031+2383 -> 85000 | D26: =B26-C26 -> 0 | E26: 80000 | F26: en cta cte | G26: =G14*-1 -> 0 | I26: meses por pagar | J26: =ROUNDUP(12-(G25/'Colegio Agus'!K7),0) -> 12 | O26: MAX | P26: 24190 | Q26: giftcard | R26: juego nintendo
A27: lavado auto | B27: =8800 -> 8800 | C27: =4400 -> 4400 | D27: =B27-C27 -> 4400 | E27: 8400 | F27: en cta ahorro | G27: =AHRROS!B9 -> 5636408 | I27: falta | J27: ='Colegio Agus'!K7-G25 -> 602221.37 | O27: DOMI | P27: =34990/2 -> 17495 | Q27: giftcard | R27: cocina
A28: Bencina | B28: 150000 | C28: =25000+36825+23175+51055+13945 -> 150000 | D28: =B28-C28 -> 0 | E28: 140000 | F28: en cuenta lu | G28: 0 | I28: cuotas | J28: 4 | K28: ago-nov | O28: TRINI
D29: =B29-C29 -> 0 | E29: 2 de 2 | I29: monto cuota | J29: =J27/J28 -> 150555.34 | O29: lu cumple
A30: ahorro viaje estudio agus | B30: 8000 | C30: 8000 | D30: =B30-C30 -> 0 | E30: normal 8000 | O30: falda agus | P30: 21990 | Q30: giftcard
A31: AHORRO CONTRIBUCIONES | B31: 28000 | C31: 28000 | D31: =B31-C31 -> 0 | E31: debe ser 28000 | O31: cumple cris
A32: rev tecniva o uniforme y utiles | D32: =B32-C32 -> 0 | E32: normal 22000 en julio-agosto 2026 | O32: FLO
A33: Netflix gio (01 año- ultimo agosto) | B33: 0 | D33: =B33-C33 -> 0 | E33: 2620 mensual (32000 anual) | O33: cumple fiorella
A34: carga metro - movilizacion | B34: 13000 | C34: 13000 | D34: =B34-C34 -> 0 | E34: Normal 10000 | O34: cumple mama
A35: extras | B35: 206647 | C35: =4960+4990+3370+4270+12-24+46420+5900+2630+14959+17513+8200+7500+2150+39724+100+3000+336+3500+35490+1647 -> 206647 | D35: =B35-C35 -> 0 | H35: lo q sobra a ahorro | O35: Total | P35: =SUM(P14:P33) -> 345090
A36: Total gastos | B36: =SUM(B3:B35) -> 2648345 | C36: =SUM(C3:C35) -> 2628945
A37: Remanente | B37: =B2-B36 -> 0 | C37: =C2-C36 -> 19400 | J37: =2752586 -> 2752586
D38: =SUM(D3:D35) -> 19400 | J38: =574857 -> 574857 | O38: GASTADO CON GIFTCARD
J39: =J37-J38 -> 2177729
O50: TOTAL USADO | P50: =SUM(P14:P33) -> 345090
O52: SALDO REGALOS | P52: =P13-P50 -> 125310
O54: SALDO GIFTCARD | P54: =P13-SUMIF(Q14:Q33,"GIFTCARD",P14:P33)-SUM(P39:P48) -> 125310
O56: para usar giftcard | P56: =P54-G6 -> 400872

Sheet AGO25
B1: Presupuesto | C1: Gastado | D1: Queda | F1: cta cte internet | G1: 4312985 | L1: Cuentas Mamá | O1: prox mes
B2: =2632038+15000+4400 -> 2651438 | C2: =2632038+15000+4400 -> 2651438 | F2: mama | G2: =M12 -> 156695 | J2: =63473+188 -> 63661 | L2: agua | M2: 12080 | O2: Raul poleron | P2: 12996
A3: Supermercado | B3: 200000 | C3: =36296+6390+2197+55117+30857+5990+31030+29670+2453 -> 200000 | D3: =B3-C3 -> 0 | E3: 190000 | F3: Prox mes | G3: =P11 -> 12996 | L3: tag | M3: ok
A4: DIVIDENDO | B4: 639490 | C4: 639490 | D4: =B4-C4 -> 0 | E4: 67 DE 300 | F4: ANID | G4: =-207000-34500+34500 -> -207000 | H4: (34500 cada ida) | L4: luz | M4: ok
A5: luz | B5: 32900 | C5: 32900 | D5: =B5-C5 -> 0 | F5: sueldo | G5: -2749085 | L5: GGCC | M5: ok
A6: agua | B6: 9490 | C6: 9490 | D6: =B6-C6 -> 0 | F6: Ahorro Major | G6: =-155000-9000-5000-58557-120000+71995-103000-132000-180000+34500 -> -656062 | L6: Entrenamiento | M6: ok
A7: GG.CC + agua caliente | B7: 225133 | C7: 225133 | D7: =B7-C7 -> 0 | F7: deudores | G7: =M22 -> 207227 | L7: tag | M7: 8423
A8: seguro | B8: 77836 | C8: 77836 | D8: =B8-C8 -> 0 | F8: En euros | G8: =85*1100 -> 93500 | L8: contribuciones 1 de 2 | M8: 136192
A9: regalos (AGU + OTRO) | B9: 30000 | C9: =30000 -> 30000 | D9: =B9-C9 -> 0 | F9: Efectivo | G9: 51000
A10: Agustina | B10: 80000 | C10: =59294+20706 -> 80000 | D10: =B10-C10 -> 0 | F10: Efectivo Lu
A11: Colegio Agus (ahorro) | B11: 100000 | C11: 100000 | D11: =B11-C11 -> 0 | E11: normal 120000 | O11: Total | P11: =SUM(P2:P10) -> 12996
A12: cuota curso agus | B12: 0 | D12: =B12-C12 -> 0 | E12: FALTA CUOTA 2 $30000 | F12: ahorro (contribuciones) | G12: =-42132-28000-28000-28000-28000+89468 -> -64664 | H12: 2/4 ok (82500 c/u) | I12: deber ser | J12: 176332 | L12: Total | M12: =SUM(M2:M11) -> 156695
A13: Teléfono | B13: 15988 | C13: 15988 | D13: =B13-C13 -> 0 | F13: ahorro (vacas o depa) | G13: =-472349-2802266+2800000+151912-2758250+48819+231000+1923730 -> -877404 | O13: total giftcard | P13: 470400 | Q13: METODO COMPRADO | R13: REGALO
A14: Feria | B14: 25000 | C14: =14900+100+8770+807+423 -> 25000 | D14: =B14-C14 -> 0 | E14: normal 25000 | F14: ahorro (colegio agus) | G14: 0 | L14: Deudor | M14: Monto | O14: RAUL | P14: ok | Q14: EFECTIVO (DEV. FIESTA) | R14: ZAPATILLA
A15: Furgon Agus | B15: 100000 | C15: 100000 | D15: =B15-C15 -> 0 | F15: ahorro (viaje agus) | G15: =-8000-8000-8000-8000-8000 -> -40000 | L15: Carito telefono | M15: 110000 | O15: LUCIA
A16: Credito LU | B16: 100413 | C16: 100413 | D16: =B16-C16 -> 0 | F16: Ahorro mantención auto | G16: =-30000-30000-30000-30000-30000-30000-30000-30000 -> -240000 | L16: uber lu (vra) | M16: 10381 | O16: AGUS | R16: puzzle
A17: frenillos agus | B17: 25000 | C17: =25000 -> 25000 | D17: =B17-C17 -> 0 | F17: Real | G17: =SUM(G1:G16) -> 188 | L17: uber 2 lu | M17: 10624 | O17: PAPA | P17: =44990 -> 44990 | Q17: giftcard | R17: poleron north face
A18: Ahorro mantencion auto | B18: 30000 | C18: 30000 | D18: =B18-C18 -> 0 | E18: normal 30000 | F18: Ideal | L18: uber 3 | M18: 10539 | O18: MAMA | P18: 31990 | Q18: giftcard | R18: sandalia
A19: Ahorro major - casa | B19: 132000 | C19: 132000 | D19: =B19-C19 -> 0 | E19: normal 150000 | F19: cta cte. | G19: liquido | H19: total | J19: =H20-G17 -> 0 | L19: uber 4 | M19: 10740 | O19: GIO | P19: =44990 -> 44990 | Q19: giftcard | R19: poleron north face
A20: TAG | B20: 55000 | C20: =10633+367+17662+6000+16865+3473 -> 55000 | D20: =B20-C20 -> 0 | F20: =SUM(D3:D35)+B37 -> 188 | G20: 0 | H20: =F20+G20 -> 188 | L20: Maurten ROY | M20: 54943 | O20: NINON | P20: 24990 | Q20: giftcard | R20: vestido
A21: nutri-kine | B21: =15000+37000+15000 -> 67000 | C21: =37000+30000 -> 67000 | D21: =B21-C21 -> 0 | E21: NORMAL 52000 | O21: FIORELLA | P21: =34990/2 -> 17495 | Q21: giftcard | R21: cocina
A22: cumple agus | D22: =B22-C22 -> 0 | L22: Total | M22: =SUM(M15:M21) -> 207227 | O22: SUPER | P22: 31990 | Q22: giftcard | R22: sandalia
A23: viajes Y paseos (CUMPLE AGUS) | B23: 51800 | C23: =1003+1600+11717+26895+2700+5200+1100+1585 -> 51800 | D23: =B23-C23 -> 0 | E23: NORMAL 85 | I23: para usar | J23: =G17-D4-D5-D6-D7-D12-D29-D8-D11-D13-D17-D20-D22-D24-D28-D30-D14-D21-D19-D16-D18 -> 188 | O23: LUCHITO | P23: =44990 -> 44990 | Q23: giftcard | R23: poleron north face
A24: entrenamiento raul | B24: 35000 | C24: 35000 | D24: =B24-C24 -> 0 | O24: CARITO | P24: =95970/3 -> 31990 | Q24: giftcard | R24: sandalia
A25: Lucia | B25: =85000+18000 -> 103000 | C25: =50000+18000+11880+4000+19120 -> 103000 | D25: =B25-C25 -> 0 | E25: 80000 | F25: ahorro colegio agus | G25: =SUM(G26:G28) -> 5636408 | O25: CRIS | P25: 7990 | Q25: giftcard | R25: gorro
A26: raul | B26: 85000 | C26: =44700+16239+14061+800+9200-7777-4200+92+9672+2213 -> 85000 | D26: =B26-C26 -> 0 | E26: 80000 | F26: en cta cte | G26: =G14*-1 -> 0 | I26: meses por pagar | J26: =ROUNDUP(12-(G25/'Colegio Agus'!K7),0) -> 12 | O26: MAX | P26: 24190 | Q26: giftcard | R26: juego nintendo
A27: lavado auto | B27: =8800+4400 -> 13200 | C27: =4400+4400+4400 -> 13200 | D27: =B27-C27 -> 0 | E27: 8400 | F27: en cta ahorro | G27: =AHRROS!B9 -> 5636408 | I27: falta | J27: ='Colegio Agus'!K7-G25 -> 602221.37 | O27: DOMI | P27: =34990/2 -> 17495 | Q27: giftcard | R27: cocina
A28: Bencina | B28: 140000 | C28: =45865+6600+16042+11493+60000 -> 140000 | D28: =B28-C28 -> 0 | E28: 140000 | F28: en cuenta lu | G28: 0 | I28: cuotas | J28: 3 | K28: sep-nov | O28: TRINI
D29: =B29-C29 -> 0 | E29: 2 de 2 | I29: monto cuota | J29: =J27/J28 -> 200740.46 | O29: lu cumple
A30: ahorro viaje estudio agus | B30: 8000 | C30: 8000 | D30: =B30-C30 -> 0 | E30: normal 8000 | O30: falda agus | P30: 21990 | Q30: giftcard
A31: AHORRO CONTRIBUCIONES | B31: 28000 | C31: 28000 | D31: =B31-C31 -> 0 | E31: debe ser 28000 | O31: cumple cris
A32: rev tecniva o uniforme y utiles | D32: =B32-C32 -> 0 | E32: normal 22000 en julio-agosto 2026 | O32: FLO
A33: Netflix gio (01 año- ultimo agosto) | B33: 32000 | C33: 32000 | D33: =B33-C33 -> 0 | E33: 2620 mensual (32000 anual) | O33: cumple fiorella
A34: carga metro - movilizacion | B34: 10000 | C34: =5690+2100+2210 -> 10000 | D34: =B34-C34 -> 0 | E34: Normal 10000 | O34: cumple mama
A35: extras | B35: 200000 | C35: =8965+38720+1600+3000+13470+2570+1715+1640+1600+3000+35310+2599+16500-213+1690+3000+1400+25000+17142+2200+6550+12542 -> 200000 | D35: =B35-C35 -> 0 | H35: lo q sobra a ahorro | O35: Total | P35: =SUM(P14:P33) -> 345090
A36: Total gastos | B36: =SUM(B3:B35) -> 2651250 | C36: =SUM(C3:C35) -> 2651250
A37: Remanente | B37: =B2-B36 -> 188 | C37: =C2-C36 -> 188 | J37: =2752586 -> 2752586
D38: =SUM(D3:D35) -> 0 | J38: =574857 -> 574857 | O38: GASTADO CON GIFTCARD
J39: =J37-J38 -> 2177729
O50: TOTAL USADO | P50: =SUM(P14:P33) -> 345090
O52: SALDO REGALOS | P52: =P13-P50 -> 125310
O54: SALDO GIFTCARD | P54: =P13-SUMIF(Q14:Q33,"GIFTCARD",P14:P33)-SUM(P39:P48) -> 125310
O56: para usar giftcard | P56: =P54-G6 -> 781372

Sheet SEP25
B1: Presupuesto | C1: Gastado | D1: Queda | F1: cta cte internet | G1: 4489110 | L1: Cuentas Mamá | O1: prox mes
B2: =2649085 -> 2649085 | C2: =2649085+24905+366 -> 2674356 | F2: mama | G2: =M12 -> 100752 | L2: agua | M2: 7800
A3: Supermercado | B3: 200000 | C3: =6412-188+24821+27900+14480+25575-259+26092+19549+22223+33395-1020-34500-4124+35462+4182 -> 200000 | D3: =B3-C3 -> 0 | E3: 190000 | F3: Prox mes | G3: =P11 -> 0 | L3: luz | M3: ok
A4: DIVIDENDO | B4: 642712 | C4: 642712 | D4: =B4-C4 -> 0 | E4: 68 DE 300 | F4: ANID | G4: =-207000-34500+34500+34500 -> -172500 | H4: (34500 cada ida) | L4: GGCC | M4: ok
A5: luz | B5: 30000 | C5: 30000 | D5: =B5-C5 -> 0 | F5: sueldo oct | G5: -2747668 | L5: Entrenamiento | M5: ok
A6: agua | B6: 5220 | C6: 5220 | D6: =B6-C6 -> 0 | F6: Ahorro Major | G6: 5144 | L6: tag | M6: 9072
A7: GG.CC + agua caliente | B7: 203247 | C7: 203247 | D7: =B7-C7 -> 0 | F7: deudores | G7: =M22 -> 193547 | L7: contribuciones 1 de 2 | M7: ok
A8: seguro | B8: 78039 | C8: 78039 | D8: =B8-C8 -> 0 | L8: tag 2 | M8: =11100 -> 11100
A9: regalos (AGU + OTRO) | B9: 30000 | C9: =6333+2088+21579 -> 30000 | D9: =B9-C9 -> 0 | F9: Efectivo | G9: 30000
A10: Agustina | B10: 80000 | C10: =12990+12951+5000+21990+780+9990+16299 -> 80000 | D10: =B10-C10 -> 0 | F10: Efectivo Lu | L10: super | M10: 57980
A11: Colegio Agus (ahorro) | B11: 100000 | C11: 100000 | D11: =B11-C11 -> 0 | E11: normal 120000 | L11: TAG 3 | M11: =14800 -> 14800 | O11: Total | P11: =SUM(P2:P10) -> 0
A12: cuota curso agus (polera run wolf) | B12: 30000 | C12: 30000 | D12: =B12-C12 -> 0 | E12: FALTA CUOTA 2 $30000 | F12: ahorro (contribuciones) | G12: =-42132-28000-28000-28000-28000+89468-28000 -> -92664 | H12: 2/4 ok (82500 c/u) | I12: deber ser | J12: 176332 | L12: Total | M12: =SUM(M2:M11) -> 100752
A13: Teléfono | B13: 15988 | C13: 15988 | D13: =B13-C13 -> 0 | F13: ahorro (vacas o depa) | G13: =-500000-1500000+1617804+412273-1500000 -> -1469923 | O13: total giftcard | P13: 470400 | Q13: METODO COMPRADO | R13: REGALO
A14: Feria | B14: 25000 | C14: =25000 -> 25000 | D14: =B14-C14 -> 0 | E14: normal 25000 | F14: ahorro (colegio agus) | L14: Deudor | M14: Monto | O14: RAUL | P14: ok | Q14: EFECTIVO (DEV. FIESTA) | R14: ZAPATILLA
A15: Furgon Agus | B15: 100000 | C15: 100000 | D15: =B15-C15 -> 0 | F15: ahorro (viaje agus) | G15: =-8000-8000-8000-8000-8000-8000 -> -48000 | L15: Carito telefono | M15: 110000 | O15: LUCIA
A16: Credito LU | B16: 101024 | C16: 101024 | D16: =B16-C16 -> 0 | F16: Ahorro mantención auto | G16: =-30000-30000-30000-30000-30000-30000-30000-30000-30000 -> -270000 | L16: uber lu (vra) | M16: =-17716+11302+4500+9981 -> 8067 | O16: AGUS | R16: puzzle
A17: frenillos agus | B17: 25000 | C17: =3000+17000+5000 -> 25000 | D17: =B17-C17 -> 0 | F17: Real | G17: =SUM(G1:G16) -> 17798 | L17: papa | M17: 5670 | O17: PAPA | P17: =44990 -> 44990 | Q17: giftcard | R17: poleron north face
A18: Ahorro mantencion auto | B18: 30000 | C18: 30000 | D18: =B18-C18 -> 0 | E18: normal 30000 | F18: Ideal | L18: gio | M18: =8140+27170 -> 35310 | O18: MAMA | P18: 31990 | Q18: giftcard | R18: sandalia
A19: Ahorro major - casa | B19: 150000 | C19: 150000 | D19: =B19-C19 -> 0 | E19: normal 150000 | F19: cta cte. | G19: liquido | H19: total | J19: =H20-G17 -> 0 | L19: papa MDS | M19: 34500 | O19: GIO | P19: =44990 -> 44990 | Q19: giftcard | R19: poleron north face
A20: TAG | B20: 55000 | C20: =32600+8958+442+13000 -> 55000 | D20: =B20-C20 -> 0 | F20: =SUM(D3:D35)+B37 -> 17798 | G20: 0 | H20: =F20+G20 -> 17798 | O20: NINON | P20: 24990 | Q20: giftcard | R20: vestido
A21: nutri-kine | B21: =15000+37000 -> 52000 | C21: =52000-15000+15000 -> 52000 | D21: =B21-C21 -> 0 | E21: NORMAL 52000 | O21: FIORELLA | P21: =34990/2 -> 17495 | Q21: giftcard | R21: cocina
A22: cumple agus | D22: =B22-C22 -> 0 | L22: Total | M22: =SUM(M15:M21) -> 193547 | O22: SUPER | P22: 31990 | Q22: giftcard | R22: sandalia
A23: viajes Y paseos | B23: 85000 | C23: =38749-330+41400+125+5056 -> 85000 | D23: =B23-C23 -> 0 | E23: NORMAL 85 | I23: para usar | J23: =G17-D4-D5-D6-D7-D12-D29-D8-D11-D13-D17-D20-D22-D24-D28-D30-D14-D21-D19-D16-D18 -> 17798 | O23: LUCHITO | P23: =44990 -> 44990 | Q23: giftcard | R23: poleron north face
A24: entrenamiento raul | B24: 35000 | C24: 35000 | D24: =B24-C24 -> 0 | O24: CARITO | P24: =95970/3 -> 31990 | Q24: giftcard | R24: sandalia
A25: Lucia | B25: 85000 | C25: =1600+12633+12951+3600+5800+4493+10000+5600+1943+12982 -> 71602 | D25: =B25-C25 -> 13398 | E25: 80000 | F25: ahorro colegio agus | G25: =SUM(G26:G28) -> 5636408 | O25: CRIS | P25: 7990 | Q25: giftcard | R25: gorro
A26: raul | B26: 85000 | C26: =12996+3682+50000+1990+2018+14314 -> 85000 | D26: =B26-C26 -> 0 | E26: 80000 | F26: en cta cte | G26: =G14*-1 -> 0 | I26: meses por pagar | J26: =ROUNDUP(12-(G25/'Colegio Agus'!K7),0) -> 12 | O26: MAX | P26: 24190 | Q26: giftcard | R26: juego nintendo
A27: lavado auto | B27: =8800 -> 8800 | C27: =4400 -> 4400 | D27: =B27-C27 -> 4400 | E27: 8400 | F27: en cta ahorro | G27: =AHRROS!B9 -> 5636408 | I27: falta | J27: ='Colegio Agus'!K7-G25 -> 602221.37 | O27: DOMI | P27: =34990/2 -> 17495 | Q27: giftcard | R27: cocina
A28: Bencina | B28: 140000 | C28: =50000+45000+45000 -> 140000 | D28: =B28-C28 -> 0 | E28: 140000 | F28: en cuenta lu | G28: 0 | I28: cuotas | J28: 2 | K28: oct-nov | O28: TRINI
D29: =B29-C29 -> 0 | E29: 2 de 2 | I29: monto cuota | J29: =J27/J28 -> 301110.69 | O29: lu cumple
A30: ahorro viaje estudio agus | B30: 8000 | C30: 8000 | D30: =B30-C30 -> 0 | E30: normal 8000 | O30: falda agus | P30: 21990 | Q30: giftcard
A31: AHORRO CONTRIBUCIONES | B31: 28000 | C31: 28000 | D31: =B31-C31 -> 0 | E31: debe ser 28000 | O31: cumple cris
A32: rev tecniva o uniforme y utiles | D32: =B32-C32 -> 0 | E32: normal 22000 en julio-agosto 2026 | O32: FLO
A33: Netflix gio (01 año- ultimo agosto) | D33: =B33-C33 -> 0 | E33: 2620 mensual (32000 anual) | O33: cumple fiorella
A34: carga metro - movilizacion | B34: 10000 | C34: =1000+2000+3186+3814 -> 10000 | D34: =B34-C34 -> 0 | E34: Normal 10000 | O34: cumple mama
A35: extras | B35: 211055 | C35: =11294+3200+9600+39033+6316+1490+2390+15549+14000+5420+5569+5400+4000+2480+14452+1690+42570+6850+240+8457+11055 -> 211055 | D35: =B35-C35 -> 0 | H35: lo q sobra a ahorro | O35: Total | P35: =SUM(P14:P33) -> 345090
A36: Total gastos | B36: =SUM(B3:B35) -> 2649085 | C36: =SUM(C3:C35) -> 2631287
A37: Remanente | B37: =B2-B36 -> 0 | C37: =C2-C36 -> 43069 | J37: =2752586 -> 2752586
D38: =SUM(D3:D35) -> 17798 | J38: =574857 -> 574857 | O38: GASTADO CON GIFTCARD
J39: =J37-J38 -> 2177729
O50: TOTAL USADO | P50: =SUM(P14:P33) -> 345090
O52: SALDO REGALOS | P52: =P13-P50 -> 125310
O54: SALDO GIFTCARD | P54: =P13-SUMIF(Q14:Q33,"GIFTCARD",P14:P33)-SUM(P39:P48) -> 125310
O56: para usar giftcard | P56: =P54-G6 -> 120166

Sheet OCT25
B1: Presupuesto | C1: Gastado | D1: Queda | F1: cta cte internet | G1: 4545761 | L1: Cuentas Mamá | O1: prox mes
B2: =2644668+4400+13398 -> 2662466 | C2: =2644668+4400+13398 -> 2662466 | F2: mama | G2: =M13 -> 149212 | L2: agua | M2: 13700 | O2: huevos | P2: 13580
A3: Supermercado | B3: 200000 | C3: =36150-2000-5000+28000+5000+36835+11736+31375+29450+28454 -> 200000 | D3: =B3-C3 -> 0 | E3: 200000 | F3: Prox mes | G3: =P11 -> 60662 | L3: luz | M3: ok | O3: raul | P3: 5372
A4: DIVIDENDO | B4: 643375 | C4: 643375 | D4: =B4-C4 -> 0 | E4: 69 DE 300 | F4: ANID | G4: =-207000-34500+34500+34500+34500 -> -138000 | H4: (34500 cada ida) | L4: GGCC | M4: ok | O4: JUMBO 2 | P4: 41710
A5: luz | B5: 26600 | C5: 26600 | D5: =B5-C5 -> 0 | F5: sueldo prox mes | G5: -2643163 | L5: Entrenamiento | M5: ok
A6: agua | B6: 7610 | C6: 7610 | D6: =B6-C6 -> 0 | F6: Ahorro Major | G6: =5144-103000-150000+24003 -> -223853 | L6: tag | M6: -680
A7: GG.CC + agua caliente | B7: 200000 | C7: =183714+16286 -> 200000 | D7: =B7-C7 -> 0 | F7: deudores | G7: =M23 -> 34500 | L7: contribuciones 2 de 2 | M7: 136192
A8: seguro | B8: 78261 | C8: 78261 | D8: =B8-C8 -> 0 | J8: =33700+J19 -> 33700 | L8: tag 2 | M8: ok
A9: regalos | B9: 35000 | C9: =1421+15000+5246+13333 -> 35000 | D9: =B9-C9 -> 0 | F9: Efectivo | G9: 20000 | L9: TAG 3 | M9: ok
A10: Agustina | B10: 80000 | C10: =5184+44850+5000+1490+20000+3476 -> 80000 | D10: =B10-C10 -> 0 | F10: Efectivo Lu | L10: TAG 4 | M10: ok
A11: Colegio Agus (ahorro) | B11: 100000 | C11: 100000 | D11: =B11-C11 -> 0 | E11: normal 120000 | L11: super 1 | M11: ok | O11: Total | P11: =SUM(P2:P10) -> 60662
A12: cuota curso agus | B12: 30000 | C12: 30000 | D12: =B12-C12 -> 0 | E12: 2 de 2 | F12: ahorro (contribuciones) | G12: =-42132-28000-28000-28000-28000+89468-28000-28000+89468 -> -31196 | H12: 4/4 ok (89468 c/u) | I12: deber ser | J12: 176332
A13: Teléfono | B13: 15988 | C13: 15988 | D13: =B13-C13 -> 0 | F13: ahorro (vacas o depa) | G13: =-500000-1500000+1617804+412273-1500000+110000 -> -1359923 | L13: Total | M13: =SUM(M2:M12) -> 149212 | O13: total giftcard | P13: 470400 | Q13: METODO COMPRADO | R13: REGALO
A14: Feria | B14: 25000 | C14: =15000+10000 -> 25000 | D14: =B14-C14 -> 0 | E14: normal 25000 | F14: ahorro (colegio agus) | G14: 0 | O14: RAUL | P14: ok | Q14: EFECTIVO (DEV. FIESTA) | R14: ZAPATILLA
A15: Furgon Agus | B15: 100000 | C15: 100000 | D15: =B15-C15 -> 0 | F15: ahorro (viaje agus) | G15: =-8000-8000-8000-8000-8000-8000-8000 -> -56000 | L15: Deudor | M15: Monto | O15: LUCIA
A16: Credito LU | B16: 101141 | C16: 101141 | D16: =B16-C16 -> 0 | F16: Ahorro mantención auto | G16: =-30000-30000-30000-30000-30000-30000-30000-30000-30000-30000 -> -300000 | O16: AGUS | R16: puzzle
A17: frenillos agus | B17: 0 | D17: =B17-C17 -> 0 | E17: normal 25000 | F17: Real | G17: =SUM(G1:G16) -> 58000 | O17: PAPA | P17: =44990 -> 44990 | Q17: giftcard | R17: poleron north face
A18: Ahorro mantencion auto | B18: 30000 | C18: 30000 | D18: =B18-C18 -> 0 | E18: normal 30000 | F18: Ideal | O18: MAMA | P18: 31990 | Q18: giftcard | R18: sandalia
A19: Ahorro major - casa | B19: 150000 | C19: 150000 | D19: =B19-C19 -> 0 | E19: normal 150000 | F19: cta cte. | G19: liquido | H19: total | J19: =H20-G17 -> 0 | O19: GIO | P19: =44990 -> 44990 | Q19: giftcard | R19: poleron north face
A20: TAG | B20: =55000+8078 -> 63078 | C20: =7920+8958+29600+16600 -> 63078 | D20: =B20-C20 -> 0 | E20: normal 60 | F20: =SUM(D3:D35)+B37 -> 58000 | G20: 0 | H20: =F20+G20 -> 58000 | L20: papa MDS | M20: 34500 | O20: NINON | P20: 24990 | Q20: giftcard | R20: vestido
A21: nutri-kine | B21: =15000+37000 -> 52000 | C21: =37000+15000 -> 52000 | D21: =B21-C21 -> 0 | E21: NORMAL 52000 | O21: FIORELLA | P21: =34990/2 -> 17495 | Q21: giftcard | R21: cocina
A22: cumple agus | D22: =B22-C22 -> 0 | O22: SUPER | P22: 31990 | Q22: giftcard | R22: sandalia
A23: viajes Y paseos | B23: 85000 | C23: =23277+2000+59723 -> 85000 | D23: =B23-C23 -> 0 | E23: NORMAL 85 | I23: para usar | J23: =G17-D4-D5-D6-D7-D12-D29-D8-D11-D13-D17-D20-D22-D24-D28-D30-D14-D21-D19-D16-D18 -> 0 | L23: Total | M23: =SUM(M16:M22) -> 34500 | O23: LUCHITO | P23: =44990 -> 44990 | Q23: giftcard | R23: poleron north face
A24: entrenamiento raul | B24: 40000 | C24: 40000 | D24: =B24-C24 -> 0 | O24: CARITO | P24: =95970/3 -> 31990 | Q24: giftcard | R24: sandalia
A25: Lucia | B25: 85000 | C25: =22980+4200+2200+1350+10383+10246-1003+9100+5544+9236+764+5000+5000 -> 85000 | D25: =B25-C25 -> 0 | E25: 80000 | F25: ahorro colegio agus | G25: =SUM(G26:G28) -> 5636408 | O25: CRIS | P25: 7990 | Q25: giftcard | R25: gorro
A26: raul | B26: 85608 | C26: =5000+4290+8990+1300+800+1000+1160+1500+12000+1000+2282+5678+1000+39608 -> 85608 | D26: =B26-C26 -> 0 | E26: 80000 | F26: en cta cte | G26: =G14*-1 -> 0 | I26: meses por pagar | J26: =ROUNDUP(12-(G25/'Colegio Agus'!K7),0) -> 12 | O26: MAX | P26: 24190 | Q26: giftcard | R26: juego nintendo
A27: lavado auto | B27: =8800 -> 8800 | C27: =4400+4400 -> 8800 | D27: =B27-C27 -> 0 | E27: 8400 | F27: en cta ahorro | G27: =AHRROS!B9 -> 5636408 | I27: falta | J27: ='Colegio Agus'!K7-G25 -> 602221.37 | O27: DOMI | P27: =34990/2 -> 17495 | Q27: giftcard | R27: cocina
A28: Bencina | B28: =140000-36651 -> 103349 | C28: =20000+54381-33000+39000+619+15000+7349 -> 103349 | D28: =B28-C28 -> 0 | E28: 140000 | F28: en cuenta lu | G28: 0 | I28: cuotas | J28: 1 | K28: nov | O28: TRINI
A29: Parte (cuota 1) | B29: =58000 -> 58000 | D29: =B29-C29 -> 58000 | E29: 1 de 2 | I29: monto cuota | J29: =J27/J28 -> 602221.37 | O29: lu cumple
A30: ahorro viaje estudio agus | B30: 8000 | C30: 8000 | D30: =B30-C30 -> 0 | E30: normal 8000 | O30: falda agus | P30: 21990 | Q30: giftcard
A31: AHORRO CONTRIBUCIONES | B31: 28000 | C31: 28000 | D31: =B31-C31 -> 0 | E31: debe ser 28000 | O31: cumple cris
A32: rev tecniva o uniforme y utiles | D32: =B32-C32 -> 0 | E32: normal 22000 en julio-agosto 2026 | O32: FLO
A33: Netflix gio (01 año- ultimo agosto) | D33: =B33-C33 -> 0 | E33: 2620 mensual (32000 anual) | O33: cumple fiorella
A34: carga metro - movilizacion | B34: 10000 | C34: 10000 | D34: =B34-C34 -> 0 | E34: Normal 10000 | O34: cumple mama
A35: extras | B35: =200000+13398-742 -> 212656 | C35: =8565+5280+4470+3180+7500+22055+6820+2880+2970+1980+1600+1690+1971+1990+18900+29380+6310+8400+18335+13347+21810+20190+450+2583 -> 212656 | D35: =B35-C35 -> 0 | H35: lo q sobra a ahorro | O35: Total | P35: =SUM(P14:P33) -> 345090
A36: Total gastos | B36: =SUM(B3:B35) -> 2662466 | C36: =SUM(C3:C35) -> 2604466
A37: Remanente | B37: =B2-B36 -> 0 | C37: =C2-C36 -> 58000 | J37: =2752586 -> 2752586
D38: =SUM(D3:D35) -> 58000 | J38: =574857 -> 574857 | O38: GASTADO CON GIFTCARD
J39: =J37-J38 -> 2177729
O50: TOTAL USADO | P50: =SUM(P14:P33) -> 345090
O52: SALDO REGALOS | P52: =P13-P50 -> 125310
O54: SALDO GIFTCARD | P54: =P13-SUMIF(Q14:Q33,"GIFTCARD",P14:P33)-SUM(P39:P48) -> 125310
O56: para usar giftcard | P56: =P54-G6 -> 349163

Sheet NOV25
B1: Presupuesto | C1: Gastado | D1: Queda | F1: cta cte internet | G1: 46911 | L1: Cuentas Mamá | O1: prox mes
B2: =2643163-103000+58000 -> 2598163 | C2: =2643163-103000+58000 -> 2598163 | F2: mama | G2: =M13 -> 18808 | L2: agua | M2: 11970 | O2: regalo fio | P2: =7490*2 -> 14980
A3: Supermercado | B3: 200000 | C3: =41710+30100+50183-4017-176+19846+41540+20814-34500-4+19880+14624 -> 200000 | D3: =B3-C3 -> 0 | E3: 200000 | F3: Prox mes | G3: =P11 -> 88768 | L3: luz | M3: ok | O3: viña 21k | P3: 31050
A4: DIVIDENDO | B4: 645171 | C4: 645171 | D4: =B4-C4 -> 0 | E4: 70 DE 300 | F4: ANID | G4: =-207000-34500+34500+34500+34500+34500 -> -103500 | H4: (34500 cada ida) | L4: GGCC | M4: ok
A5: luz | B5: 30600 | C5: 30600 | D5: =B5-C5 -> 0 | L5: Entrenamiento | M5: ok | O5: CUMPLE CHRIS DIC | P5: 12490
A6: agua | B6: 7750 | C6: 7750 | D6: =B6-C6 -> 0 | F6: Ahorro Major | G6: =6947-140000 -> -133053 | L6: tag | M6: -242 | O6: Regalo mama dic | P6: =11992+4792+1459*2 -> 19702
A7: GG.CC + agua caliente | B7: 186842 | C7: 186842 | D7: =B7-C7 -> 0 | F7: deudores | G7: =M23 -> 34500 | L7: contribuciones 2 de 2 | M7: ok | O7: super | P7: =10800+6396-6650 -> 10546
A8: seguro | B8: 78351 | C8: 78351 | D8: =B8-C8 -> 0 | F8: en giftcard | G8: =P47-P46 -> -18647 | L8: almuerzo
A9: regalos | B9: 50000 | C9: =40000+10000 -> 50000 | D9: =B9-C9 -> 0 | F9: Efectivo | G9: 0 | L9: dentista agus
A10: Agustina | B10: 80000 | C10: =23990+8623+25871+8597+9340+3579 -> 80000 | D10: =B10-C10 -> 0 | F10: Efectivo Lu | L10: leches | M10: 7080
A11: Colegio Agus (ahorro) | B11: 120000 | C11: 120000 | D11: =B11-C11 -> 0 | E11: normal 120000 | O11: Total | P11: =SUM(P2:P10) -> 88768
A12: cuota curso agus | B12: 0 | D12: =B12-C12 -> 0 | E12: OK 2025 | F12: ahorro (contribuciones) | G12: =-42132-28000-28000-28000-28000+89468-28000-28000+89468-30000 -> -61196 | H12: 4/4 ok (89468 c/u) | I12: deber ser | J12: 176332
A13: Teléfono | B13: 15988 | C13: 15988 | D13: =B13-C13 -> 0 | F13: ahorro (vacas o depa) | G13: =-1577676+775391+362-1500000+1977375+214562+631395 -> 521409 | L13: Total | M13: =SUM(M2:M12) -> 18808 | O13: total giftcard | P13: 444440 | Q13: METODO COMPRADO | R13: REGALO | S13: LLEGADA
A14: Feria | B14: 25000 | C14: =13580+11420 -> 25000 | D14: =B14-C14 -> 0 | E14: normal 25000 | F14: ahorro (colegio agus) | G14: 0 | O14: RAUL | P14: ok | Q14: ok | R14: PERFUME | S14: OK
A15: Furgon Agus | B15: 100000 | C15: 100000 | D15: =B15-C15 -> 0 | F15: ahorro (viaje agus) | G15: =-8000-8000-8000-8000-8000-8000-8000-8000 -> -64000 | L15: Deudor | M15: Monto | O15: LUCIA | P15: 35920 | Q15: EFECTIVO | R15: imp | S15: ofi
A16: Credito LU | B16: 101428 | C16: 101428 | D16: =B16-C16 -> 0 | F16: Ahorro mantención auto | G16: =-30000-30000-30000-30000-30000-30000-30000-30000-30000-30000-30000+247990 -> -82010 | O16: AGUS | P16: 19990 | Q16: EFECTIVO | R16: PUZZLE SAN FRANCISCO | S16: OK
A17: frenillos agus | B17: 25000 | C17: 25000 | D17: =B17-C17 -> 0 | E17: normal 25000 | F17: Real | G17: =SUM(G1:G16) -> 247990 | O17: PAPA | P17: 39980 | Q17: GIFTCARD | R17: SUETER TOMMY | S17: OK
A18: Ahorro mantencion auto | B18: 30000 | C18: 30000 | D18: =B18-C18 -> 0 | E18: normal 30000 | F18: Ideal | O18: MAMA | P18: =25990 -> 25990 | Q18: GIFTCARD | R18: SET LANCOME | S18: OK
A19: Ahorro major - casa | B19: 3000 | C19: 3000 | D19: =B19-C19 -> 0 | E19: normal 150000 | F19: cta cte. | G19: liquido | H19: total | J19: =H20-G17 -> -247990 | O19: GIO | P19: 37791 | Q19: GIFTCARD | R19: ZAPATILLAS LACOSTE | S19: OK
A20: TAG | B20: 60000 | C20: =673+6199+8048+1272+9805+32600+1403 -> 60000 | D20: =B20-C20 -> 0 | E20: normal 60 | F20: =SUM(D3:D35)+B37 -> 0 | G20: 0 | H20: =F20+G20 -> 0 | L20: papa MDS | M20: 34500 | O20: NINON | P20: 19990 | Q20: GIFTCARD | R20: vestido | S20: llegada 12 dic
A21: nutri-kine | B21: =15000+37000 -> 52000 | C21: =37000+15000 -> 52000 | D21: =B21-C21 -> 0 | E21: NORMAL 52000 | O21: FIORELLA | P21: 41990 | Q21: GIFTCARD | R21: unicornio | S21: OK
A22: cumple agus | D22: =B22-C22 -> 0 | O22: SUPER
A23: viajes Y paseos | B23: 85000 | C23: =59586+7890+1570+15954 -> 85000 | D23: =B23-C23 -> 0 | E23: NORMAL 85 | I23: para usar | J23: =G17-D4-D5-D6-D7-D12-D29-D8-D11-D13-D17-D20-D22-D24-D28-D30-D14-D21-D19-D16-D18 -> 247990 | L23: Total | M23: =SUM(M16:M22) -> 34500 | O23: LUCHITO | P23: 20990 | Q23: GIFTCARD | R23: POLERA ROJA | S23: ok
A24: entrenamiento raul | B24: 40000 | C24: 40000 | D24: =B24-C24 -> 0 | O24: CARITO
A25: Lucia | B25: 85000 | C25: =19990+7000+58010 -> 85000 | D25: =B25-C25 -> 0 | E25: 80000 | F25: ahorro colegio agus | G25: =SUM(G26:G28) -> 7973310 | O25: CRIS | P25: 17990 | Q25: GIFTCARD | R25: POLAR | S25: ok
A26: raul | B26: 85000 | C26: =5372+3+29990+49635 -> 85000 | D26: =B26-C26 -> 0 | E26: 80000 | F26: en cta cte | G26: =G14*-1 -> 0 | I26: meses por pagar | J26: =ROUNDUP(12-(G25/'Colegio Agus'!K7),0) -> 11 | O26: MAX | P26: =25390+3990 -> 29380 | Q26: GIFTCARD | R26: Juego nintendo | S26: ok
A27: lavado auto | B27: =8800 -> 8800 | C27: =4400+3875+525 -> 8800 | D27: =B27-C27 -> 0 | E27: 8400 | F27: en cta ahorro | G27: =AHRROS!B9 -> 5636408 | I27: falta | J27: ='Colegio Agus'!K7-G25 -> -1734680.6 | O27: DOMI | P27: 24490 | Q27: GIFTCARD | R27: BLUEY | S27: OK
A28: Bencina | B28: 130000 | C28: =30000+45000+53651+1349 -> 130000 | D28: =B28-C28 -> 0 | E28: 140000 | F28: en cuenta lu | G28: 2336902 | I28: cuotas | J28: 12 | K28: dic-nov | O28: TRINI
A29: Parte | B29: 104313 | C29: 104313 | D29: =B29-C29 -> 0 | I29: monto cuota | J29: =J27/J28 -> -144556.72 | O29: lu cumple | P29: =11992+1459 -> 13451 | Q29: EFECTIVO | R29: ….. | S29: …...
A30: ahorro viaje estudio agus | B30: 8000 | C30: 8000 | D30: =B30-C30 -> 0 | E30: normal 8000 | O30: FLO
A31: AHORRO CONTRIBUCIONES | B31: 30000 | C31: 30000 | D31: =B31-C31 -> 0 | E31: debe ser 30000 | O31: SANTI
A32: rev tecniva o uniforme y utiles | D32: =B32-C32 -> 0 | E32: normal 22000 en julio-agosto 2026 | O32: MARTIN | P32: =18890+7990 -> 26880 | Q32: GIFTCARD | R32: carrito + musical | S32: OK
A33: Netflix gio (01 año- ultimo agosto) | D33: =B33-C33 -> 0 | E33: 2620 mensual (32000 anual) | O33: mama 2 | P33: =7992+1460 -> 9452 | Q33: EFECTIVO | R33: calendario | S33: emotions
A34: carga metro - movilizacion | B34: 10000 | C34: 10000 | D34: =B34-C34 -> 0 | E34: Normal 10000
A35: extras | B35: 200920 | C35: =7800+45760+4017+150+2550+20000+3590+224+4385+2880+7995+4661+11934+3200+1600+6710+900+2366-1198+7250+3600+13035+11200+500+1890+480+27316+6125 -> 200920 | D35: =B35-C35 -> 0 | H35: lo q sobra a ahorro | O35: Total | P35: =SUM(P14:P33) -> 364284
A36: Total gastos | B36: =SUM(B3:B35) -> 2598163 | C36: =SUM(C3:C35) -> 2598163
A37: Remanente | B37: =B2-B36 -> 0 | C37: =C2-C36 -> 0 | J37: =2752586 -> 2752586
D38: =SUM(D3:D35) -> 0 | J38: =574857 -> 574857 | O38: GASTADO CON GIFTCARD
J39: =J37-J38 -> 2177729 | O39: perfume raul | P39: 29990
O40: cumple fiorella | P40: =7490*2 -> 14980 | Q40: mascota + pistola burbujas | S40: jumbo 1 norte 1 dic
O42: CUMPLE PAPA | P42: =40000 -> 40000 | Q42: POLERON LACOSTE | S42: llega 29nov paris
O43: CUMPLE CHRIS | P43: 12490 | Q43: SET PARRILLERO
O46: total | P46: =SUM(P39:P45) -> 97460
O47: Total efectivo | P47: =SUMIF(Q14:Q33,"EFECTIVO",P14:P33) -> 78813
O50: TOTAL USADO | P50: =SUM(P14:P33) -> 364284
O52: SALDO REGALOS | P52: =P13-P50 -> 80156
O54: SALDO GIFTCARD | P54: =P13-SUMIF(Q14:Q33,"GIFTCARD",P14:P33)-SUM(P39:P45) -> 61509
O56: para usar giftcard | P56: =P54-G6 -> 194562

Sheet DIC25
B1: Presupuesto | C1: Gastado | D1: Queda | F1: cta cte internet | G1: 4705440 | L1: Cuentas Mamá | O1: prox mes
B2: =2713123 -> 2713123 | C2: =2713123 -> 2713123 | F2: mama | G2: =M13 -> 26115 | L2: agua | M2: 16160 | O2: super | P2: =18503+800-14000 -> 5303
A3: Supermercado | B3: 200000 | C3: =10546+44752+2201+6594+22795+4000+30230-4480+36881+1690+630+33580+10581 -> 200000 | D3: =B3-C3 -> 0 | E3: 200000 | F3: Prox mes | G3: =P11 -> 5303 | L3: luz | M3: ok
A4: DIVIDENDO | B4: 645834 | C4: 645834 | D4: =B4-C4 -> 0 | E4: 71 DE 300 | F4: ANID | G4: =-207000-34500+34500+34500+34500+34500+19971 -> -83529 | H4: (34500 cada ida) | L4: GGCC | M4: ok
A5: luz | B5: 29800 | C5: 29800 | D5: =B5-C5 -> 0 | F5: sueldo porx mes | G5: =-101645-3342596 -> -3444241 | L5: Entrenamiento | M5: ok
A6: agua | B6: 7440 | C6: 7440 | D6: =B6-C6 -> 0 | F6: Ahorro Major | G6: 0 | L6: tag | M6: =-294+7249+3000 -> 9955
A7: GG.CC + agua caliente | B7: 183531 | C7: 183531 | D7: =B7-C7 -> 0 | F7: deudores | G7: =M23 -> 0
A8: seguro | B8: 78518 | C8: 78518 | D8: =B8-C8 -> 0 | F8: en giftcard | G8: =-11520 -> -11520
A9: regalos | B9: 47172 | C9: =19702+14980+12490 -> 47172 | D9: =B9-C9 -> 0 | F9: Efectivo | G9: 73000
A10: Agustina | B10: 80000 | C10: =5829+14171+6153+3847+1200+12823+35977 -> 80000 | D10: =B10-C10 -> 0 | F10: Efectivo Lu | G10: 15000
A11: Colegio Agus (ahorro) | B11: 120000 | C11: 120000 | D11: =B11-C11 -> 0 | E11: normal 120000 | O11: Total | P11: =SUM(P2:P10) -> 5303
A12: cuota curso agus | B12: 0 | D12: =B12-C12 -> 0 | F12: ahorro (contribuciones) | G12: =-42132-28000-28000-28000-28000+89468-28000-28000+89468-30000-30000 -> -91196 | H12: 4/4 ok (89468 c/u) | I12: deber ser | J12: 176332
A13: Teléfono | B13: 15449 | C13: 15449 | D13: =B13-C13 -> 0 | F13: ahorro (vacas o depa) | G13: =521409-1500000+233226+112074+182552-559623 -> -1010362 | L13: Total | M13: =SUM(M2:M12) -> 26115 | O13: total giftcard | P13: 444440 | Q13: METODO COMPRADO | R13: REGALO | S13: LLEGADA
A14: Feria | B14: 25000 | C14: =10682+1400+1000+11580+338 -> 25000 | D14: =B14-C14 -> 0 | E14: normal 25000 | F14: ahorro (colegio agus) | G14: 0 | O14: RAUL | P14: ok | Q14: ok | R14: PERFUME | S14: OK
A15: Mov. Agus + metro | B15: 0 | D15: =B15-C15 -> 0 | F15: ahorro (viaje agus) | G15: =-8000-8000-8000-8000-8000-8000-8000-8000-8000 -> -72000 | L15: Deudor | M15: Monto | O15: LUCIA | P15: 35920 | Q15: EFECTIVO | R15: imp | S15: ofi
A16: Credito LU | B16: 101536 | C16: 101536 | D16: =B16-C16 -> 0 | F16: Ahorro mantención auto | G16: =-82010-30000 -> -112010 | O16: AGUS | P16: 19990 | Q16: EFECTIVO | R16: PUZZLE SAN FRANCISCO | S16: OK
A17: frenillos agus | B17: 25000 | C17: 25000 | D17: =B17-C17 -> 0 | E17: normal 25000 | F17: Real | G17: =SUM(G1:G16) -> 0 | O17: PAPA | P17: 39980 | Q17: GIFTCARD | R17: SUETER TOMMY | S17: OK
A18: Ahorro mantencion auto | B18: 30000 | C18: =30000 -> 30000 | D18: =B18-C18 -> 0 | E18: normal 30000 | F18: Ideal | O18: MAMA | P18: =25990 -> 25990 | Q18: GIFTCARD | R18: SET LANCOME | S18: OK
A19: Ahorro major - casa | B19: 150000 | C19: 150000 | D19: =B19-C19 -> 0 | E19: normal 150000 | F19: cta cte. | G19: liquido | H19: total | J19: =H20-G17 -> 0 | O19: GIO | P19: 37791 | Q19: GIFTCARD | R19: ZAPATILLAS LACOSTE | S19: OK
A20: TAG | B20: 60000 | C20: =15700+5009+8012+1279+26000+4000 -> 60000 | D20: =B20-C20 -> 0 | E20: normal 60 | F20: =SUM(D3:D35)+B37 -> 0 | G20: 0 | H20: =F20+G20 -> 0 | O20: NINON | P20: 19990 | Q20: GIFTCARD | R20: vestido | S20: llegada 12 dic
A21: nutri-kine | B21: =15000+37000 -> 52000 | C21: =37000+15000 -> 52000 | D21: =B21-C21 -> 0 | E21: NORMAL 52000 | O21: FIORELLA | P21: 41990 | Q21: GIFTCARD | R21: unicornio | S21: OK
A22: cumple agus (sep) / rev tecnica (AGO) | D22: =B22-C22 -> 0 | O22: SUPER
A23: viajes Y paseos | B23: 85000 | C23: =25000+60000 -> 85000 | D23: =B23-C23 -> 0 | E23: NORMAL 85 | I23: para usar | J23: =G17-D4-D5-D6-D7-D12-D29-D8-D11-D13-D17-D20-D22-D24-D28-D30-D14-D21-D19-D16-D18 -> 0 | L23: Total | M23: =SUM(M16:M22) -> 0 | O23: LUCHITO | P23: 20990 | Q23: GIFTCARD | R23: POLERA ROJA | S23: ok
A24: entrenamiento raul | B24: 40000 | C24: 40000 | D24: =B24-C24 -> 0 | O24: CARITO
A25: Lucia | B25: 85000 | C25: =1000+18000+14740+35010+16250 -> 85000 | D25: =B25-C25 -> 0 | E25: 85000 | F25: ahorro colegio agus | G25: =SUM(G26:G28) -> 5636408 | O25: CRIS | P25: 17990 | Q25: GIFTCARD | R25: POLAR | S25: ok
A26: raul | B26: 85000 | C26: =31050+1800+6000+2550+2000+24954+5000+1000+3000+610+7036 -> 85000 | D26: =B26-C26 -> 0 | E26: 85000 | F26: en cta cte | G26: =G14*-1 -> 0 | I26: meses por pagar | J26: =ROUNDUP(12-(G25/'Colegio Agus'!K7),0) -> 12 | O26: MAX | P26: =25390+3990 -> 29380 | Q26: GIFTCARD | R26: Juego nintendo | S26: ok
A27: lavado auto | B27: =8800 -> 8800 | C27: =4400+2200+2200 -> 8800 | D27: =B27-C27 -> 0 | E27: 8800 | F27: en cta ahorro | G27: =AHRROS!B9 -> 5636408 | I27: falta | J27: ='Colegio Agus'!K7-G25 -> 602221.37 | O27: DOMI | P27: 24490 | Q27: GIFTCARD | R27: BLUEY | S27: OK
A28: Bencina | B28: 130000 | C28: =20000+41277+13391+31615+23717 -> 130000 | D28: =B28-C28 -> 0 | E28: 140000 | F28: en cuenta lu | G28: 0 | I28: cuotas | J28: 11 | K28: dic-nov | O28: TRINI | S28: ok
A29: Vacas o extras navidad | B29: 57619 | C29: =23762+33857 -> 57619 | D29: =B29-C29 -> 0 | I29: monto cuota | J29: =J27/J28 -> 54747.397 | O29: lu cumple | P29: =11992+1459 -> 13451 | Q29: EFECTIVO | R29: ….. | S29: …...
A30: ahorro viaje estudio agus | B30: 8000 | C30: 8000 | D30: =B30-C30 -> 0 | E30: normal 8000 | O30: FLO | S30: ok
A31: AHORRO CONTRIBUCIONES | B31: 30000 | C31: 30000 | D31: =B31-C31 -> 0 | E31: debe ser 30000 | O31: SANTI
A32: Utiles agus (uniforme) 1 de 2 | B32: 100000 | C32: =58100+36211+5689 -> 100000 | D32: =B32-C32 -> 0 | E32: normal 22000 en julio-agosto 2026 | O32: MARTIN | P32: =18890+7990 -> 26880 | Q32: GIFTCARD | R32: carrito + musical | S32: OK
A33: Netflix gio (01 año- ultimo agosto) | D33: =B33-C33 -> 0 | E33: 2620 mensual (32000 anual) | O33: mama 2 | P33: =7992+1460 -> 9452 | Q33: EFECTIVO | R33: calendario | S33: emotions
A34: carga metro - movilizacion | B34: 10000 | C34: =5000+5000 -> 10000 | D34: =B34-C34 -> 0 | E34: Normal 10000
A35: extras | B35: 222424 | C35: =18258+16858+21530+990+12990+2090+20590+6194+16500+1050+8400+2070+2000+4570+5900+2000+1890+7103+7365+2859+22627+38590 -> 222424 | D35: =B35-C35 -> 0 | H35: lo q sobra a ahorro | O35: Total | P35: =SUM(P14:P33) -> 364284
A36: Total gastos | B36: =SUM(B3:B35) -> 2713123 | C36: =SUM(C3:C35) -> 2713123
A37: Remanente | B37: =B2-B36 -> 0 | C37: =C2-C36 -> 0 | J37: =2752586 -> 2752586
D38: =SUM(D3:D35) -> 0 | J38: =574857 -> 574857 | O38: GASTADO CON GIFTCARD
J39: =J37-J38 -> 2177729 | O39: perfume raul | P39: 29990
O40: cumple fiorella | P40: =7490*2 -> 14980 | Q40: mascota + pistola burbujas | S40: jumbo 1 norte 1 dic
O42: CUMPLE PAPA | P42: =40000 -> 40000 | Q42: POLERON LACOSTE | S42: llega 29nov paris
O43: CUMPLE CHRIS | P43: 12490 | Q43: SET PARRILLERO
O46: total | P46: =SUM(P39:P45) -> 97460
O47: Total efectivo | P47: =SUMIF(Q14:Q33,"EFECTIVO",P14:P33) -> 78813
O50: TOTAL USADO | P50: =SUM(P14:P33) -> 364284
O52: SALDO REGALOS | P52: =P13-P50 -> 80156
O54: SALDO GIFTCARD | P54: =P13-SUMIF(Q14:Q33,"GIFTCARD",P14:P33)-SUM(P39:P45) -> 61509
O56: para usar giftcard | P56: =P54-G6 -> 61509

Sheet ENE26
B1: Presupuesto | C1: Gastado | D1: Queda | F1: cta cte internet | G1: =5277751 -> 5277751 | L1: Cuentas Mamá | O1: prox mes
B2: =3342596+101645 -> 3444241 | C2: =3342596+101645 -> 3444241 | F2: mama | G2: =M13 -> 29646 | L2: agua | M2: 15380
A3: Supermercado | B3: =210000 -> 210000 | C3: =5303-1005+5374-50+27971+12407+11520+11068+31760+27885+37025+8710-6450+31457+7025 -> 210000 | D3: =B3-C3 -> 0 | E3: 200000 | F3: Prox mes | G3: =P11 -> 0 | L3: luz | M3: ok
A4: DIVIDENDO | B4: 646554 | C4: 646554 | D4: =B4-C4 -> 0 | E4: 71 DE 300 | F4: ANID | G4: =-207000-34500+34500+34500+34500+34500+19971 -> -83529 | H4: (34500 cada ida) | L4: GGCC | M4: ok
A5: luz | B5: 28100 | C5: =28100 -> 28100 | D5: =B5-C5 -> 0 | F5: Sueldo prox mes | G5: =-3466976-178107 -> -3645083 | L5: Entrenamiento | M5: ok
A6: agua | B6: 9870 | C6: 9870 | D6: =B6-C6 -> 0 | F6: Ahorro Major | G6: =17644-241002 -> -223358 | L6: tag | M6: =5977+5400+2889 -> 14266
A7: GG.CC + agua caliente | B7: 195711 | C7: 195711 | D7: =B7-C7 -> 0 | F7: deudores | G7: =M23 -> 91000
A8: seguro | B8: 78475 | C8: 78475 | D8: =B8-C8 -> 0 | F8: En dolares | G8: =200*845 -> 169000
A9: regalos | B9: 30000 | C9: =30000 -> 30000 | D9: =B9-C9 -> 0 | F9: Efectivo | G9: 35000
A10: Agustina | B10: 80000 | C10: =14400+600+9836+3600+5900+10490+8184+151+26839 -> 80000 | D10: =B10-C10 -> 0 | F10: Efectivo Lu | G10: 0
A11: Colegio Agus (ahorro) | B11: 120000 | C11: 120000 | D11: =B11-C11 -> 0 | E11: normal 120000 | F11: Por pagar viaje (420,99 usd) | G11: =-420.99*892 -> -375523.08 | O11: Total | P11: =SUM(P2:P10) -> 0
A12: cuota curso agus | B12: 0 | D12: =B12-C12 -> 0 | F12: ahorro (contribuciones) | G12: =-42132-28000-28000-28000-28000+89468-28000-28000+89468-30000-30000-32000 -> -123196 | H12: 0/4 ok (89468 c/u) | I12: deber ser | J12: 176332
A13: Teléfono | B13: 15448 | C13: 15448 | D13: =B13-C13 -> 0 | F13: ahorro (vacas o depa) | G13: =-1010362-400000-1608231+1689037+41335+375523 -> -912698 | L13: Total | M13: =SUM(M2:M12) -> 29646 | O13: total giftcard | P13: 444440 | Q13: METODO COMPRADO | R13: REGALO | S13: LLEGADA
A14: Feria | B14: 25000 | C14: =5000+5000+1433+13567 -> 25000 | D14: =B14-C14 -> 0 | E14: normal 25000 | F14: ahorro (colegio agus) | G14: 0 | O14: RAUL | P14: ok | Q14: ok | R14: PERFUME | S14: OK
A15: Mov. Agus + metro | B15: =25000+25000 -> 50000 | C15: =50000 -> 50000 | D15: =B15-C15 -> 0 | F15: ahorro (viaje agus) | G15: =-8000-8000-8000-8000-8000-8000-8000-8000-8000-15000 -> -87000 | L15: Deudor | M15: Monto | O15: LUCIA | P15: 35920 | Q15: EFECTIVO | R15: imp | S15: ofi
A16: Credito LU | B16: 101654 | C16: 101654 | D16: =B16-C16 -> 0 | F16: Ahorro mantención auto | G16: =-82010-30000-40000 -> -152010 | L16: Agus | M16: 91000 | O16: AGUS | P16: 19990 | Q16: EFECTIVO | R16: PUZZLE SAN FRANCISCO | S16: OK
A17: frenillos agus | B17: 25000 | C17: 25000 | D17: =B17-C17 -> 0 | E17: normal 25000 | F17: Real | G17: =SUM(G1:G16) -> -0.08 | O17: PAPA | P17: 39980 | Q17: GIFTCARD | R17: SUETER TOMMY | S17: OK
A18: Ahorro mantencion auto | B18: 40000 | C18: 40000 | D18: =B18-C18 -> 0 | E18: normal 40000 | F18: Ideal | O18: MAMA | P18: =25990 -> 25990 | Q18: GIFTCARD | R18: SET LANCOME | S18: OK
A19: Ahorro major - casa | B19: 250000 | C19: 250000 | D19: =B19-C19 -> 0 | E19: normal 250000 | F19: cta cte. | G19: liquido | H19: total | J19: =H20-G17 -> 0.08 | O19: GIO | P19: 37791 | Q19: GIFTCARD | R19: ZAPATILLAS LACOSTE | S19: OK
A20: TAG | B20: 60000 | C20: =14800+3830+7094+3059+5033+26184 -> 60000 | D20: =B20-C20 -> 0 | E20: normal 60 | F20: =SUM(D3:D36)+B38 -> 0 | G20: 0 | H20: =F20+G20 -> 0 | O20: NINON | P20: 19990 | Q20: GIFTCARD | R20: vestido | S20: llegada 12 dic
A21: nutri-kine | B21: =15000+37000 -> 52000 | C21: =15000+37000 -> 52000 | D21: =B21-C21 -> 0 | E21: NORMAL 52000 | O21: FIORELLA | P21: 41990 | Q21: GIFTCARD | R21: unicornio | S21: OK
A22: cumple agus (sep) / rev tecnica (AGO) | B22: =4990 -> 4990 | C22: 4990 | D22: =B22-C22 -> 0 | E22: o permiso circ marzo | O22: SUPER
A23: viajes Y paseos | B23: 90000 | C23: 90000 | D23: =B23-C23 -> 0 | E23: NORMAL 85 | I23: para usar | J23: =G17-SUM(D4,D5,D6,D7,D8,D11,D12,D13,D16,D17,D18,D19,D20,D21,D22,D24,D28,D30,D31,D33,D36) -> -0.08 | L23: Total | M23: =SUM(M16:M22) -> 91000 | O23: LUCHITO | P23: 20990 | Q23: GIFTCARD | R23: POLERA ROJA | S23: ok
A24: entrenamiento raul | B24: 40000 | C24: 40000 | D24: =B24-C24 -> 0 | O24: CARITO
A25: Lucia | B25: 90000 | C25: =20000+2000+44300+20546+3154 -> 90000 | D25: =B25-C25 -> 0 | E25: 85000 | F25: ahorro colegio agus | G25: =SUM(G26:G28) -> 5636408 | O25: CRIS | P25: 17990 | Q25: GIFTCARD | R25: POLAR | S25: ok
A26: raul | B26: 85000 | C26: =1120+3880+10780+4600+8000+56620 -> 85000 | D26: =B26-C26 -> 0 | E26: 85000 | F26: en cta cte | G26: =G14*-1 -> 0 | I26: meses por pagar | J26: =ROUNDUP(12-(G25/'Colegio Agus'!K7),0) -> 12 | O26: MAX | P26: =25390+3990 -> 29380 | Q26: GIFTCARD | R26: Juego nintendo | S26: ok
A27: lavado auto | B27: =8800 -> 8800 | C27: =8800 -> 8800 | D27: =B27-C27 -> 0 | E27: 8800 | F27: en cta ahorro | G27: =AHRROS!B9 -> 5636408 | I27: falta | J27: ='Colegio Agus'!K7-G25 -> 602221.37 | O27: DOMI | P27: 24490 | Q27: GIFTCARD | R27: BLUEY | S27: OK
A28: Bencina | B28: 140000 | C28: =51112+15000+73888 -> 140000 | D28: =B28-C28 -> 0 | E28: 140000 | F28: en cuenta lu | G28: 0 | I28: cuotas | J28: 10 | K28: ene-nov | O28: TRINI | S28: ok
A29: Vacas o extras navidad | B29: 135639 | C29: 135639 | D29: =B29-C29 -> 0 | I29: monto cuota | J29: =J27/J28 -> 60222.137 | O29: lu cumple | P29: =11992+1459 -> 13451 | Q29: EFECTIVO | R29: ….. | S29: …...
A30: ahorro viaje estudio agus | B30: 15000 | C30: 15000 | D30: =B30-C30 -> 0 | E30: normal 15000 | O30: FLO | S30: ok
A31: AHORRO CONTRIBUCIONES | B31: 32000 | C31: =32000 -> 32000 | D31: =B31-C31 -> 0 | E31: debe ser 32000 | O31: SANTI
A32: Utiles agus (uniforme) 2 de 2 | B32: 150000 | C32: =18754+7814+123432 -> 150000 | D32: =B32-C32 -> 0 | E32: normal 22000 en julio-agosto 2026 | O32: MARTIN | P32: =18890+7990 -> 26880 | Q32: GIFTCARD | R32: carrito + musical | S32: OK
A33: Netflix gio (01 año- ultimo agosto) | D33: =B33-C33 -> 0 | E33: 2620 mensual (32000 anual) | O33: mama 2 | P33: =7992+1460 -> 9452 | Q33: EFECTIVO | R33: calendario | S33: emotions
A34: carga metro - movilizacion-lucia | B34: 15000 | C34: 15000 | D34: =B34-C34 -> 0 | E34: Normal 10000
A35: extras | B35: 220000 | C35: =14000+11310+4990+1000+278+5400+48770+6770+9830+27462+2780+2800+46281+38329 -> 220000 | D35: =B35-C35 -> 0
A36: AHORRO | B36: 400000 | C36: 400000 | D36: =B36-C36 -> 0 | H36: lo q sobra a ahorro | O36: Total | P36: =SUM(P14:P33) -> 364284
A37: Total gastos | B37: =SUM(B3:B36) -> 3444241 | C37: =SUM(C3:C35) -> 3044241
A38: Remanente | B38: =B2-B37 -> 0 | C38: =C2-C37 -> 400000 | J38: =2752586 -> 2752586
D39: =SUM(D3:D36) -> 0 | J39: =574857 -> 574857 | O39: GASTADO CON GIFTCARD
J40: =J38-J39 -> 2177729 | O40: perfume raul | P40: 29990
O41: cumple fiorella | P41: =7490*2 -> 14980 | Q41: mascota + pistola burbujas | S41: jumbo 1 norte 1 dic
O43: CUMPLE PAPA | P43: =40000 -> 40000 | Q43: POLERON LACOSTE | S43: llega 29nov paris
O44: CUMPLE CHRIS | P44: 12490 | Q44: SET PARRILLERO
O47: total | P47: =SUM(P40:P46) -> 97460
O48: Total efectivo | P48: =SUMIF(Q14:Q33,"EFECTIVO",P14:P33) -> 78813
O51: TOTAL USADO | P51: =SUM(P14:P33) -> 364284
O53: SALDO REGALOS | P53: =P13-P51 -> 80156
O55: SALDO GIFTCARD | P55: =P13-SUMIF(Q14:Q33,"GIFTCARD",P14:P33)-SUM(P40:P46) -> 61509
O57: para usar giftcard | P57: =P55-G6 -> 284867

Sheet FEB26
B1: Presupuesto | C1: Gastado | D1: Queda | F1: cta cte internet | G1: 4291897 | L1: Cuentas Mamá | O1: prox mes
B2: 3466976 | C2: 3466976 | F2: mama | G2: =M13 -> 30955 | L2: agua | M2: 8370 | O2: permiso circ | P2: =266199 -> 266199
A3: Supermercado | B3: 220000 | C3: =9999+60820+20539+23962-812+33954-2390+136+3980+46349+1290+21880+293 -> 220000 | D3: =B3-C3 -> 0 | E3: 220000 | F3: Prox mes | G3: =P11 -> 324199 | L3: luz | M3: ok | O3: dentista agus | P3: 18000
A4: DIVIDENDO | B4: 647027 | C4: 647027 | D4: =B4-C4 -> 0 | E4: 73 DE 300 | F4: ANID | G4: =-207000-34500+34500+34500+34500+34500+19971+14529+34500 -> -34500 | H4: (34500 cada ida) | L4: GGCC | M4: ok
A5: luz | B5: 25000 | C5: 25000 | D5: =B5-C5 -> 0 | F5: Para prox mes (frenillos) | G5: -25000 | I5: =260442-259822 -> 620 | L5: Entrenamiento | M5: ok | O5: nutri | P5: 40000
A6: agua | B6: 7590 | C6: 7590 | D6: =B6-C6 -> 0 | F6: Ahorro Major | G6: =17644-241002-178107-250000+400000+46958-101597-871189+600000 -> -577293 | L6: tag | M6: =2980+6600 -> 9580
A7: GG.CC + agua caliente | B7: 177130 | C7: 177130 | D7: =B7-C7 -> 0 | F7: deudores | G7: =M23 -> 20000 | L7: tag 2 | M7: =10800+2205 -> 13005
A8: seguro | B8: 78642 | C8: 78642 | D8: =B8-C8 -> 0 | F8: Dolce gusto devolucion | G8: 89990
A9: regalos | B9: 30000 | C9: =28773+1227 -> 30000 | D9: =B9-C9 -> 0 | F9: Efectivo | G9: 32000
A10: Agustina | B10: 80000 | C10: =5593+12920+11200+43945+6342 -> 80000 | D10: =B10-C10 -> 0 | F10: sueldo prox mes | G10: =-3460216-121650 -> -3581866
A11: Colegio Agus (ahorro) | B11: 120000 | C11: =120000 -> 120000 | D11: =B11-C11 -> 0 | E11: normal 120000 | O11: Total | P11: =SUM(P2:P10) -> 324199
A12: cuota curso agus | B12: 0 | D12: =B12-C12 -> 0 | F12: ahorro (contribuciones) | G12: =-42132-28000-28000-28000-28000+89468-28000-28000+89468-30000-30000-32000-32000 -> -155196 | H12: 0/4 ok (89468 c/u) | I12: deber ser | J12: 176332
A13: Teléfono | B13: 15988 | C13: 15988 | D13: =B13-C13 -> 0 | F13: ahorro (vacas o depa) | G13: 0 | L13: Total | M13: =SUM(M2:M12) -> 30955 | O13: total giftcard | P13: 444440 | Q13: METODO COMPRADO | R13: REGALO | S13: LLEGADA
A14: Feria/huevos/frutos secos | B14: 25000 | C14: =23344+1656 -> 25000 | D14: =B14-C14 -> 0 | E14: normal 25000 | F14: ahorro (colegio agus) | G14: 0 | O14: RAUL | P14: ok | Q14: ok | R14: PERFUME | S14: OK
A15: Mov. Agus + metro RAUL | B15: =25000+25000 -> 50000 | C15: =1020+610+2000+2610+1220+2000+5000+610+1000+1220+1000+1220+610+620+1120+1000+1220+860+610+1220+510 -> 27280 | D15: =B15-C15 -> 22720 | F15: ahorro (viaje agus) | G15: =-8000-8000-8000-8000-8000-8000-8000-8000-8000-15000-15000 -> -102000 | L15: Deudor | M15: Monto | O15: LUCIA | P15: 35920 | Q15: EFECTIVO | R15: imp | S15: ofi
A16: Credito LU | B16: 101717 | C16: 101717 | D16: =B16-C16 -> 0 | F16: Ahorro mantención auto | G16: =-82010-30000-40000-40000 -> -192010 | L16: Efectivo Lu (era mio) | M16: 20000 | O16: AGUS | P16: 19990 | Q16: EFECTIVO | R16: PUZZLE SAN FRANCISCO | S16: OK
A17: frenillos agus | B17: 25000 | C17: 25000 | D17: =B17-C17 -> 0 | E17: normal 25000 | F17: Real | G17: =SUM(G1:G16) -> 121176 | O17: PAPA | P17: 39980 | Q17: GIFTCARD | R17: SUETER TOMMY | S17: OK
A18: Ahorro mantencion auto | B18: 40000 | C18: =40000 -> 40000 | D18: =B18-C18 -> 0 | E18: normal 40000 | F18: Ideal | O18: MAMA | P18: =25990 -> 25990 | Q18: GIFTCARD | R18: SET LANCOME | S18: OK
A19: Ahorro major - casa | B19: 250000 | C19: =250000 -> 250000 | D19: =B19-C19 -> 0 | E19: normal 250000 | F19: cta cte. | G19: liquido | H19: total | J19: =H20-G17 -> 0 | O19: GIO | P19: 37791 | Q19: GIFTCARD | R19: ZAPATILLAS LACOSTE | S19: OK
A20: TAG | B20: 60000 | C20: =23062+4200 -> 27262 | D20: =B20-C20 -> 32738 | E20: normal 60 | F20: =SUM(D3:D36)+B38 -> 121176 | G20: 0 | H20: =F20+G20 -> 121176 | O20: NINON | P20: 19990 | Q20: GIFTCARD | R20: vestido | S20: llegada 12 dic
A21: nutri-kine | B21: 55000 | C21: =40000+15000 -> 55000 | D21: =B21-C21 -> 0 | E21: NORMAL 55000 | O21: FIORELLA | P21: 41990 | Q21: GIFTCARD | R21: unicornio | S21: OK
A22: cumple agus (sep) / rev tecnica (AGO) | B22: 77244 | C22: =14835+12461+31482+7180+11286 -> 77244 | D22: =B22-C22 -> 0 | E22: o permiso circ marzo 266199 /REINTEGRO SII | O22: SUPER
A23: viajes Y paseos | B23: 90000 | C23: =34110+2352+27990 -> 64452 | D23: =B23-C23 -> 25548 | E23: NORMAL 85 | I23: para usar | J23: =G17-SUM(D4,D5,D6,D7,D8,D11,D12,D13,D16,D17,D18,D19,D20,D21,D22,D24,D28,D30,D31,D33,D36) -> 88438 | L23: Total | M23: =SUM(M16:M22) -> 20000 | O23: LUCHITO | P23: 20990 | Q23: GIFTCARD | R23: POLERA ROJA | S23: ok
A24: entrenamiento raul | B24: 40000 | C24: 40000 | D24: =B24-C24 -> 0 | O24: CARITO
A25: Lucia | B25: 90000 | C25: =9835+16693+8350+12990+4500+7490+5000+25142 -> 90000 | D25: =B25-C25 -> 0 | E25: 85000 | F25: ahorro colegio agus | G25: =SUM(G26:G28) -> 5636408 | O25: CRIS | P25: 17990 | Q25: GIFTCARD | R25: POLAR | S25: ok
A26: raul | B26: =92201+2345 -> 94546 | C26: =89201+3000+2345-19468 -> 75078 | D26: =B26-C26 -> 19468 | E26: 85000 | F26: en cta cte | G26: =G14*-1 -> 0 | I26: meses por pagar | J26: =ROUNDUP(12-(G25/'Colegio Agus'!K7),0) -> 12 | O26: MAX | P26: =25390+3990 -> 29380 | Q26: GIFTCARD | R26: Juego nintendo | S26: ok
A27: lavado auto | B27: =8800 -> 8800 | C27: =4400 -> 4400 | D27: =B27-C27 -> 4400 | E27: 8800 | F27: en cta ahorro | G27: =AHRROS!B9 -> 5636408 | I27: falta | J27: ='Colegio Agus'!K7-G25 -> 602221.37 | O27: DOMI | P27: 24490 | Q27: GIFTCARD | R27: BLUEY | S27: OK
A28: Bencina | B28: 140000 | C28: =46104+11854+82042 -> 140000 | D28: =B28-C28 -> 0 | E28: 140000 | F28: en cuenta lu | G28: 0 | I28: cuotas | J28: 10 | K28: ene-nov | O28: TRINI | S28: ok
A29: Vacas o extras navidad | B29: 0 | D29: =B29-C29 -> 0 | I29: monto cuota | J29: =J27/J28 -> 60222.137 | O29: lu cumple | P29: =11992+1459 -> 13451 | Q29: EFECTIVO | R29: ….. | S29: …...
A30: ahorro viaje estudio agus | B30: 15000 | C30: =15000 -> 15000 | D30: =B30-C30 -> 0 | E30: normal 15000 | O30: FLO | S30: ok
A31: AHORRO CONTRIBUCIONES | B31: 32000 | C31: =32000 -> 32000 | D31: =B31-C31 -> 0 | E31: debe ser 32000 | O31: SANTI
A32: Utiles agus (uniforme) 2 de 2 (super extra) | B32: 150000 | C32: =3124+32670+101460+2690+95+9961 -> 150000 | D32: =B32-C32 -> 0 | E32: normal 22000 en julio-agosto 2026 | O32: MARTIN | P32: =18890+7990 -> 26880 | Q32: GIFTCARD | R32: carrito + musical | S32: OK
A33: Netflix gio (01 año- ultimo agosto) | D33: =B33-C33 -> 0 | E33: 2620 mensual (32000 anual) | O33: mama 2 | P33: =7992+1460 -> 9452 | Q33: EFECTIVO | R33: calendario | S33: emotions
A34: carga metro - movilizacion-lucia | B34: 15000 | C34: 15000 | D34: =B34-C34 -> 0 | E34: Normal 10000
A35: extras | B35: 256292 | C35: =3637+4100+39160+3200+150+20490+1890+1100+2090+9820+7060+4200+8260+800+1390+1547+5908+8500+22575+3421+22590+1000+4200+1890+2000+20131-9961+48842 -> 239990 | D35: =B35-C35 -> 16302 | L35: Cuentas SOLO lucia
A36: AHORRO | B36: 450000 | C36: =450000 -> 450000 | D36: =B36-C36 -> 0 | H36: lo q sobra a ahorro | L36: cuaderno lu | M36: 8990 | O36: Total | P36: =SUM(P14:P33) -> 364284
A37: Total gastos | B37: =SUM(B3:B36) -> 3466976 | C37: =SUM(C3:C35) -> 2895800 | L37: Oficina lu | M37: 16480
A38: Remanente | B38: =B2-B37 -> 0 | C38: =C2-C37 -> 571176 | J38: =2752586 -> 2752586 | L38: {=A16:B16} -> Credito LU | M38: 101717
D39: =SUM(D3:D36) -> 121176 | J39: =574857 -> 574857 | L39: {=A25:B25} -> Lucia | M39: 90000 | O39: GASTADO CON GIFTCARD
J40: =J38-J39 -> 2177729 | L40: {=A34:B34} -> carga metro - movilizacion-lucia | M40: 15000 | O40: perfume raul | P40: 29990
A41: GASTOS PARA AGREGAR | L41: SUBTOTAL (1) | M41: =SUM(M36:M40) -> 232187 | O41: cumple fiorella | P41: =7490*2 -> 14980 | Q41: mascota + pistola burbujas | S41: jumbo 1 norte 1 dic
A42: Colegiatura agus mensual 12 meses | B42: 500000 | F42: Item | G42: Presupuestado | H42: gastado
A43: VTR | B43: 38000 | F43: {=A3:C3} -> Supermercado | G43: 220000 | H43: 220000 | L43: CUENTAS COMPARTIDAS | O43: CUMPLE PAPA | P43: =40000 -> 40000 | Q43: POLERON LACOSTE | S43: llega 29nov paris
F44: {=A5:C8} -> luz | G44: 25000 | H44: 25000 | L44: {=A3:B3} -> Supermercado | M44: 220000 | O44: CUMPLE CHRIS | P44: 12490 | Q44: SET PARRILLERO
A45: Total | B45: =SUM(B3,B5,B6,B7,B4,B10,B14,B15,B17,B30,B31,B32,B35,B42,B43) -> 2248039 | F45: agua | G45: 7590 | H45: 7590 | L45: {=A5:B7} -> luz | M45: 25000
F46: GG.CC + agua caliente | G46: 177130 | H46: 177130 | L46: agua | M46: 7590
A47: Alimentos | B47: =B3+B5+B6+B10+B14+B15+B17+B30+B32+B42 -> 1097590 | F47: seguro | G47: 78642 | H47: 78642 | L47: GG.CC + agua caliente | M47: 177130 | O47: total | P47: =SUM(P40:P46) -> 97460
F48: {=A10:C10} -> Agustina | G48: 80000 | H48: 80000 | L48: {=A10:B10} -> Agustina | M48: 80000 | O48: Total efectivo | P48: =SUMIF(Q14:Q33,"EFECTIVO",P14:P33) -> 78813
F49: {=A13:C14} -> Teléfono | G49: 15988 | H49: 15988 | L49: {=A13:B14} -> Teléfono | M49: 15988
F50: Feria/huevos/frutos secos | G50: 25000 | H50: 25000 | L50: Feria/huevos/frutos secos | M50: 25000
F51: {=A17:C17} -> frenillos agus | G51: 25000 | H51: 25000 | L51: {=A17:B17} -> frenillos agus | M51: 25000 | O51: TOTAL USADO | P51: =SUM(P14:P33) -> 364284
F52: {=A20:C20} -> TAG | G52: 60000 | H52: 27262 | L52: {=A20:B20} -> TAG | M52: 60000
F53: {=A22:C23} -> cumple agus (sep) / rev tecnica (AGO) | G53: 77244 | H53: 77244 | L53: {=A8:B8} -> seguro | M53: 78642 | O53: SALDO REGALOS | P53: =P13-P51 -> 80156
F54: viajes Y paseos | G54: 90000 | H54: 64452 | L54: =A28 -> Bencina | M54: =C28 -> 140000
F55: {=A28:C28} -> Bencina | G55: 140000 | H55: 140000 | L55: {=A32:B32} -> Utiles agus (uniforme) 2 de 2 (super extra) | M55: 150000 | O55: SALDO GIFTCARD | P55: =P13-SUMIF(Q14:Q33,"GIFTCARD",P14:P33)-SUM(P40:P46) -> 61509
F56: {=A32:C32} -> Utiles agus (uniforme) 2 de 2 (super extra) | G56: 150000 | H56: 150000 | L56: =A35 -> extras | M56: =C35 -> 239990
F57: {=A35:C35} -> extras | G57: 256292 | H57: 239990 | L57: VTR | M57: 38000 | O57: para usar giftcard | P57: =P55-G6 -> 638802
F58: VTR | G58: 38000 | H58: 38000 | L58: SUBTOTAL COMUN | M58: =SUM(M44:M57) -> 1282340
F59: subtotal | G59: =SUM(G43:G58) -> 1465886 | H59: =SUM(H43:H58) -> 1391298 | L59: a media (2) | M59: =M58/2 -> 641170
F61: A media (1) | G61: =G59/2 -> 732943 | H61: =H59/2 -> 695649 | L61: Total a transferir (1) + (2) | M61: =M59+M41 -> 873357
F63: Cuentas SOLO lucia
F64: cuaderno lu | G64: 8990 | H64: 8990
F65: Oficina lu | G65: 16480 | H65: 16480
F66: Credito LU | G66: 101717 | H66: 101717
F67: Lucia | G67: 90000 | H67: 90000
F68: carga metro - movilizacion-lucia | G68: 15000 | H68: 15000
F69: SUBTOTAL (2) | G69: =SUM(G64:G68) -> 232187 | H69: =SUM(H64:H68) -> 232187
F71: A depositar | G71: (1)+(2) | H71: =H61+H69 -> 927836

Sheet MAR26
B1: Presupuesto | C1: Gastado | D1: Queda | F1: cta cte internet | G1: 429165 | L1: Cuentas Mamá | O1: prox mes
B2: =3407515+25000 -> 3432515 | C2: =3407515+25000 -> 3432515 | F2: mama | G2: =M13 -> 361112 | L2: agua | M2: 16010
A3: Supermercado | B3: =230000+25060 -> 255060 | C3: =339+4122+25376+32110-50-1888+2190+2880+8664+36371+25264+13270+35520+6790+31030+8012+25060 -> 255060 | D3: =B3-C3 -> 0 | E3: 230000 | F3: Prox mes | G3: =P11 -> 0 | L3: luz | M3: ok
A4: DIVIDENDO | B4: 648292 | C4: 648292 | D4: =B4-C4 -> 0 | E4: 74 DE 300 | L4: GGCC | M4: ok
A5: luz | B5: 22800 | C5: 22800 | D5: =B5-C5 -> 0 | L5: Entrenamiento | M5: ok
A6: agua | B6: 11550 | C6: 11550 | D6: =B6-C6 -> 0 | F6: Ahorro Major | G6: =-577293-121176-121650-52701-500000+1500+1000000-100000-1000-941693-57420+100780 -> -1370653 | L6: contribuciones 1/2 | M6: 137645
A7: GG.CC + agua caliente | B7: 175884 | C7: 175884 | D7: =B7-C7 -> 0 | F7: deudores | G7: =M23 -> 915550 | L7: contribuciones 2/2 | M7: 137645
A8: seguro | B8: 78743 | C8: 78743 | D8: =B8-C8 -> 0 | L8: jacqueline | M8: 40000
A9: regalos | B9: 30000 | C9: =14549+15451 -> 30000 | D9: =B9-C9 -> 0 | F9: Efectivo | G9: 20000
A10: Agustina | B10: 75000 | C10: =10490+13240+16110+2100+12160+3688+2400+2990+530+11292 -> 75000 | D10: =B10-C10 -> 0
A11: Colegio Agus (ahorro) | B11: 120000 | C11: 120000 | D11: =B11-C11 -> 0 | E11: normal 120000 | L11: tag | M11: =11700+10200+1500+6600-900+772-60 -> 29812 | O11: Total | P11: =SUM(P2:P10) -> 0
A12: cuota curso agus | B12: 60000 | C12: 60000 | D12: =B12-C12 -> 0 | E12: anual 60mil (ok9 | F12: ahorro (contribuciones) | G12: =-42132-28000-28000-28000-28000+89468-28000-28000+89468-30000-30000-32000-32000-32000+181032 -> -6164 | H12: 2/4 ok (90516 c/u)
A13: Teléfono | B13: 15988 | C13: 15988 | D13: =B13-C13 -> 0 | F13: ahorro (vacas o depa) | G13: 0 | L13: Total | M13: =SUM(M2:M12) -> 361112 | O13: total giftcard | P13: 444440 | Q13: METODO COMPRADO | R13: REGALO | S13: LLEGADA
A14: Feria/huevos/frutos secos | B14: 25000 | C14: =12600+900+11500 -> 25000 | D14: =B14-C14 -> 0 | E14: normal 25000 | F14: ahorro (colegio agus) | G14: 0 | O14: RAUL | P14: ok | Q14: ok | R14: PERFUME | S14: OK
A15: Mov.- metro RAUL | B15: =30000 -> 30000 | C15: =610+610+800+1120+5000+610+3000+610+10+5000+610+1000+610+1000+100+510+8800 -> 30000 | D15: =B15-C15 -> 0 | F15: ahorro (viaje agus) | G15: =-8000-8000-8000-8000-8000-8000-8000-8000-8000-15000-15000-15000 -> -117000 | L15: Deudor | M15: Monto | O15: LUCIA | P15: 35920 | Q15: EFECTIVO | R15: imp | S15: ofi
A16: Credito LU | B16: 0 | D16: =B16-C16 -> 0 | E16: ELIMINAR | F16: Ahorro mantención auto | G16: =-82010-30000-40000-40000-40000 -> -232010 | L16: Cine agus | M16: =4800*5 -> 24000 | O16: AGUS | P16: 19990 | Q16: EFECTIVO | R16: PUZZLE SAN FRANCISCO | S16: OK
A17: frenillos agus | B17: 25000 | C17: =18000+7000 -> 25000 | D17: =B17-C17 -> 0 | E17: normal 25000 | F17: Real | G17: =SUM(G1:G16) -> 0 | O17: PAPA | P17: 39980 | Q17: GIFTCARD | R17: SUETER TOMMY | S17: OK
A18: Ahorro mantencion auto | B18: 40000 | C18: 40000 | D18: =B18-C18 -> 0 | E18: normal 40000 | F18: Ideal | L18: lucia mes abril | M18: 891550 | O18: MAMA | P18: =25990 -> 25990 | Q18: GIFTCARD | R18: SET LANCOME | S18: OK
A19: Ahorro major - casa | B19: 600000 | C19: 600000 | D19: =B19-C19 -> 0 | E19: normal 500000 | F19: cta cte. | G19: liquido | H19: total | J19: =H20-G17 -> 0 | O19: GIO | P19: 37791 | Q19: GIFTCARD | R19: ZAPATILLAS LACOSTE | S19: OK
A20: TAG | B20: 60000 | C20: =4236+15600+6136+30665+3363 -> 60000 | D20: =B20-C20 -> 0 | E20: normal 60 | F20: =SUM(D3:D36)+B38 -> 0 | G20: 0 | H20: =F20+G20 -> 0 | O20: NINON | P20: 19990 | Q20: GIFTCARD | R20: vestido | S20: llegada 12 dic
A21: nutri-kine | B21: 55000 | C21: =40000+15000 -> 55000 | D21: =B21-C21 -> 0 | E21: NORMAL 55000 | O21: FIORELLA | P21: 41990 | Q21: GIFTCARD | R21: unicornio | S21: OK
A22: perm circ (marzo)/ cumple agus (sep) / rev tecnica (AGO) | B22: 266199 | C22: 266199 | D22: =B22-C22 -> 0 | E22: o permiso circ marzo 266199 /REINTEGRO SII | O22: SUPER
A23: viajes Y paseos (curico) | B23: 100000 | C23: =20000+17660+45745+16595 -> 100000 | D23: =B23-C23 -> 0 | E23: NORMAL 90 | I23: para usar | J23: =G17-SUM(D4,D5,D6,D7,D8,D11,D12,D13,D16,D17,D18,D19,D20,D21,D22,D24,D28,D30,D31,D33,D36) -> 0 | L23: Total | M23: =SUM(M16:M22) -> 915550 | O23: LUCHITO | P23: 20990 | Q23: GIFTCARD | R23: POLERA ROJA | S23: ok
A24: entrenamiento raul | B24: 40000 | C24: 40000 | D24: =B24-C24 -> 0 | O24: CARITO
A25: raul MDS | B25: =37296 -> 37296 | C25: =21990+15306 -> 37296 | D25: =B25-C25 -> 0 | E25: ELIMINAR | F25: ahorro colegio agus | G25: =SUM(G26:G28) -> 5636408 | O25: CRIS | P25: 17990 | Q25: GIFTCARD | R25: POLAR | S25: ok
A26: raul | B26: =101619+20000+1197+6389+18335-100 -> 147440 | C26: =26990+11000+44100+3000-551+12859+4221+20000+1197+6389+18335-100 -> 147440 | D26: =B26-C26 -> 0 | E26: 85000 | F26: en cta cte | G26: =G14*-1 -> 0 | I26: meses por pagar | J26: =ROUNDUP(12-(G25/'Colegio Agus'!K7),0) -> 12 | O26: MAX | P26: =25390+3990 -> 29380 | Q26: GIFTCARD | R26: Juego nintendo | S26: ok
A27: lavado auto | B27: =8800 -> 8800 | C27: =4400+4400 -> 8800 | D27: =B27-C27 -> 0 | E27: 8800 | F27: en cta ahorro | G27: =AHRROS!B9 -> 5636408 | I27: falta | J27: ='Colegio Agus'!K7-G25 -> 602221.37 | O27: DOMI | P27: 24490 | Q27: GIFTCARD | R27: BLUEY | S27: OK
A28: Bencina | B28: 120000 | C28: =37869+59301-34500+57330 -> 120000 | D28: =B28-C28 -> 0 | E28: 140000 | F28: en cuenta lu | G28: 0 | I28: cuotas | J28: 8 | K28: abr-nov | O28: TRINI | S28: ok
A29: Vacas o extras navidad o ahorro | B29: 0 | D29: =B29-C29 -> 0 | I29: monto cuota | J29: =J27/J28 -> 75277.672 | O29: lu cumple | P29: =11992+1459 -> 13451 | Q29: EFECTIVO | R29: ….. | S29: …...
A30: ahorro viaje estudio agus | B30: 15000 | C30: 15000 | D30: =B30-C30 -> 0 | E30: normal 15000 | O30: FLO | S30: ok
A31: AHORRO CONTRIBUCIONES | B31: 32000 | C31: 32000 | D31: =B31-C31 -> 0 | E31: debe ser 32000 | O31: SANTI
A32: Utiles agus (uniforme) 2 de 2 (super extra) | D32: =B32-C32 -> 0 | E32: normal 22000 en julio-agosto 2026 | O32: MARTIN | P32: =18890+7990 -> 26880 | Q32: GIFTCARD | R32: carrito + musical | S32: OK
A33: Netflix gio (01 año- ultimo agosto) - aniversario | B33: 33000 | C33: 33000 | D33: =B33-C33 -> 0 | E33: 2620 mensual (32000 anual) | O33: mama 2 | P33: =7992+1460 -> 9452 | Q33: EFECTIVO | R33: calendario | S33: emotions
A34: carga metro - movilizacion-agus | B34: 20000 | C34: =9000+5000+5000+1000 -> 20000 | D34: =B34-C34 -> 0 | E34: ELIMINAR
A35: extras | B35: 230003 | C35: =2780+8500+8965+12585+8180+2600+46860+7000+33590+5800+11336+21440+1590+50270-5000+1900+2000+2780+6827 -> 230003 | D35: =B35-C35 -> 0
A36: Casa (cyber) | B36: 54460 | C36: =54460 -> 54460 | D36: =B36-C36 -> 0 | H36: lo q sobra a ahorro | O36: Total | P36: =SUM(P14:P33) -> 364284
A37: Total gastos | B37: =SUM(B3:B36) -> 3432515 | C37: =SUM(C3:C35) -> 3378055
A38: Remanente | B38: =B2-B37 -> 0 | C38: =C2-C37 -> 54460 | J38: =2752586 -> 2752586
D39: =SUM(D3:D36) -> 0 | J39: =574857 -> 574857 | O39: GASTADO CON GIFTCARD
J40: =J38-J39 -> 2177729 | O40: perfume raul | P40: 29990
A41: GASTOS PARA AGREGAR | O41: cumple fiorella | P41: =7490*2 -> 14980 | Q41: mascota + pistola burbujas | S41: jumbo 1 norte 1 dic
A42: Colegiatura agus mensual 12 meses | B42: 500000 | E42: Item | F42: Presupuestado | G42: gastado
A43: VTR | B43: 38000 | E43: {=A3:C3} -> Supermercado | F43: 255060 | G43: 255060 | L43: Deudas lucia | O43: CUMPLE PAPA | P43: =40000 -> 40000 | Q43: POLERON LACOSTE | S43: llega 29nov paris
E44: {=A5:C8} -> luz | F44: 22800 | G44: 22800 | L44: stgo 25/03 | M44: 6180 | O44: CUMPLE CHRIS | P44: 12490 | Q44: SET PARRILLERO
A45: Total | B45: =SUM(B3,B5,B6,B7,B4,B10,B14,B15,B17,B30,B31,B32,B35,B42,B43) -> 2083589 | E45: agua | F45: 11550 | G45: 11550 | L45: conce | M45: 3300
E46: GG.CC + agua caliente | F46: 175884 | G46: 175884 | L46: efectivo | M46: 20000
A47: Alimentos | B47: =B3+B5+B6+B10+B14+B15+B17+B30+B32+B42 -> 959410 | E47: seguro | F47: 78743 | G47: 78743 | L47: 27 marzo U | M47: =5760+2950+2890 -> 11600 | O47: total | P47: =SUM(P40:P46) -> 97460
E48: {=A10:C10} -> Agustina | F48: 75000 | G48: 75000 | L48: angelica | M48: =35000+8000 -> 43000 | O48: Total efectivo | P48: =SUMIF(Q14:Q33,"EFECTIVO",P14:P33) -> 78813
E49: {=A12:C14} -> cuota curso agus | F49: 60000 | G49: 60000 | L49: U tarde (9 abril - vivendum) | M49: 14000
E50: Teléfono | F50: 15988 | G50: 15988 | L50: kiosko usm 9 abril | M50: 2700
E51: Feria/huevos/frutos secos | F51: 25000 | G51: 25000 | O51: TOTAL USADO | P51: =SUM(P14:P33) -> 364284
E52: {=A17:C17} -> frenillos agus | F52: 25000 | G52: 25000
E53: {=A20:C20} -> TAG | F53: 60000 | G53: 60000 | O53: SALDO REGALOS | P53: =P13-P51 -> 80156
E54: {=A22:C23} -> perm circ (marzo)/ cumple agus (sep) / rev tecnica (AGO) | F54: 266199 | G54: 266199
E55: viajes Y paseos (curico) | F55: 100000 | G55: 100000 | O55: SALDO GIFTCARD | P55: =P13-SUMIF(Q14:Q33,"GIFTCARD",P14:P33)-SUM(P40:P46) -> 61509
E56: {=A28:C28} -> Bencina | F56: 120000 | G56: 120000
E57: {=A35:C36} -> extras | F57: 230003 | G57: 230003 | O57: para usar giftcard | P57: =P55-G6 -> 1432162
E58: Casa (cyber) | F58: 54460 | G58: 54460
E59: VTR | F59: 38000 | G59: 38000 | L59: total | M59: =SUM(M44:M58) -> 100780
E60: =A34 -> carga metro - movilizacion-agus | F60: =B34 -> 20000 | G60: =C34 -> 20000
E61: SUBTOTAL COMUN | F61: =SUM(F43:F59) -> 1613687 | G61: =SUM(G43:G60) -> 1633687
E63: Dividido 2 | F63: =F61/2 -> 806843.5 | G63: =G61/2 -> 816843.5
E65: Deudas
E67: deudas varias | G67: =M59 -> 100780
E69: Total a depositar | G69: =G63+SUM(G66:G68) -> 917623.5

Sheet ABR26
B1: Presupuesto | C1: Gastado | D1: Queda | F1: cta cte internet | G1: 4101351 | L1: Cuentas Mamá | O1: prox mes
B2: =3556069 -> 3556069 | C2: =3556069 -> 3556069 | F2: mama | G2: =M13 -> 208806 | L2: agua | M2: 14290
A3: Supermercado | B3: 250000 | C3: =13090+30035+77121+5381+50486+7180-8060+30325+11309+2400+28063+2670-16567+16567 -> 250000 | D3: =B3-C3 -> 0 | E3: 230000 | F3: Prox mes | G3: =P11 -> 0 | L3: luz | M3: ok
A4: luz | B4: 24700 | C4: 24700 | D4: =B4-C4 -> 0 | F4: sueldo porx mes | G4: =-3487971-121650 -> -3609621 | L4: GGCC | M4: ok
A5: agua | B5: 7460 | C5: 7460 | D5: =B5-C5 -> 0 | L5: Entrenamiento | M5: ok
A6: GG.CC + agua caliente | B6: 166232 | C6: 166232 | D6: =B6-C6 -> 0 | E6: normal 180mil | F6: lider | G6: 1190 | L6: contribuciones 1/2 | M6: ok
A7: seguro | B7: 79293 | C7: 79293 | D7: =B7-C7 -> 0 | F7: deudores | G7: =M23 -> 289665 | L7: contribuciones 2/2 | M7: 137645
A8: Agustina | B8: 80000 | C8: =33350+30000+8500+7283+867 -> 80000 | D8: =B8-C8 -> 0 | L8: jacqueline | M8: ok
A9: cuota curso agus | B9: 0 | D9: =B9-C9 -> 0 | E9: anual 60mil (ok) | F9: Efectivo | G9: 31000 | L9: tag 4
A10: Teléfono | B10: 15988 | C10: 15988 | D10: =B10-C10 -> 0 | L10: tag 3 | M10: 26800
A11: Feria/huevos/frutos secos | B11: 25000 | C11: =15580+9420 -> 25000 | D11: =B11-C11 -> 0 | E11: normal 25000 | F11: nutri | G11: =259000-40000 -> 219000 | L11: tag | M11: =-509+11020 -> 10511 | O11: Total | P11: =SUM(P2:P10) -> 0
A12: frenillos agus | B12: 25000 | C12: =8000+17000 -> 25000 | D12: =B12-C12 -> 0 | E12: normal 25000 | F12: ahorro (contribuciones) | G12: =-42132-28000-28000-28000-28000+89468-28000-28000+89468-30000-30000-32000-32000-32000+181032-32000 -> -38164 | H12: 2/4 ok (90516 c/u) | L12: tag 2 | M12: 19560
A13: TAG | B13: 77327 | C13: =5830+6661+4236+45400+15200 -> 77327 | D13: =B13-C13 -> 0 | E13: normal 60 | F13: ahorro (major) | G13: =-756989-42228 -> -799217 | L13: Total | M13: =SUM(M2:M12) -> 208806 | O13: total giftcard | P13: 444440 | Q13: METODO COMPRADO | R13: REGALO | S13: LLEGADA
A14: cumple agus (sep) / rev tecnica (AGO) | B14: 0 | D14: =B14-C14 -> 0 | E14: o permiso circ marzo 266199 /REINTEGRO SII | F14: ahorro (colegio agus) | G14: 0 | O14: RAUL | P14: ok | Q14: ok | R14: PERFUME | S14: OK
A15: viajes - paseos - salidas | B15: 100000 | C15: =7619+5181+18680+2980+1790+63485-1190+1163+292 -> 100000 | D15: =B15-C15 -> 0 | E15: NORMAL 90 | F15: ahorro (viaje agus) | G15: =-8000-8000-8000-8000-8000-8000-8000-8000-8000-15000-15000-15000-15000 -> -132000 | L15: Deudor | M15: Monto | O15: LUCIA | P15: 35920 | Q15: EFECTIVO | R15: imp | S15: ofi
A16: Bencina | B16: 77772 | C16: =49054+17733+10985 -> 77772 | D16: =B16-C16 -> 0 | E16: 140000 | F16: Ahorro mantención auto | G16: =-82010-30000-40000-40000-40000-40000 -> -272010 | L16: papa | M16: 25000 | O16: AGUS | P16: 19990 | Q16: EFECTIVO | R16: PUZZLE SAN FRANCISCO | S16: OK
A17: carga metro - movilizacion-agus | B17: 20000 | C17: 20000 | D17: =B17-C17 -> 0 | F17: Real | G17: =SUM(G1:G16) -> 0 | O17: PAPA | P17: 39980 | Q17: GIFTCARD | R17: SUETER TOMMY | S17: OK
A18: extras (pedidos-salidas- etc) | B18: 240000 | C18: =2700+3000+1400+8650+12700+81180+10400+12469+36520+1200+3000+17107+360+8100+8550+9990+5020+10071+7583 -> 240000 | D18: =B18-C18 -> 0 | F18: Ideal | O18: MAMA | P18: =25990 -> 25990 | Q18: GIFTCARD | R18: SET LANCOME | S18: OK
A19: Casa (cyber) | B19: 59990 | C19: =59990 -> 59990 | D19: =B19-C19 -> 0 | F19: cta cte. | G19: liquido | H19: total | J19: =H20-G17 -> 0 | L19: lucia | M19: =M41 -> 264665 | O19: GIO | P19: 37791 | Q19: GIFTCARD | R19: ZAPATILLAS LACOSTE | S19: OK
A20: DIVIDENDO | B20: 650850 | C20: 650850 | D20: =B20-C20 -> 0 | E20: 75 DE 300 | F20: =SUM(D3:D38)+B40 -> 0 | G20: 0 | H20: =F20+G20 -> 0 | O20: NINON | P20: 19990 | Q20: GIFTCARD | R20: vestido | S20: llegada 12 dic
A21: regalos (MAMA) | B21: 45000 | C21: =30382+14618 -> 45000 | D21: =B21-C21 -> 0 | O21: FIORELLA | P21: 41990 | Q21: GIFTCARD | R21: unicornio | S21: OK
A22: Colegio Agus (ahorro) | B22: 120000 | C22: 120000 | D22: =B22-C22 -> 0 | E22: normal 120000 | O22: SUPER
A23: Mov.- metro RAUL | B23: 35500 | C23: =1220+1000+610+610+1000+610+1000+510+3260+610+3000+1610+460+2000+610+1000+510+610+510+5000+2000+610+610+610+510+3000+1120+610+690 -> 35500 | D23: =B23-C23 -> 0 | I23: para usar | J23: =G17-SUM(D20,D4,D5,D6,D7,D22,D9,D10,D24,D12,D25,D26,D13,D27,D14,D28,D16,D33,D34,D37,D19) -> 0 | L23: Total | M23: =SUM(M16:M22) -> 289665 | O23: LUCHITO | P23: 20990 | Q23: GIFTCARD | R23: POLERA ROJA | S23: ok
A24: Credito LU - REGALO LU DIA MAMA | B24: 50000 | C24: =43920+6080 -> 50000 | D24: =B24-C24 -> 0 | E24: ROY SOTHERS | O24: CARITO
A25: Ahorro mantencion auto | B25: 40000 | C25: 40000 | D25: =B25-C25 -> 0 | E25: normal 40000 | F25: ahorro colegio agus | G25: =SUM(G26:G28) -> 5636408 | L25: Deudas lucia | O25: CRIS | P25: 17990 | Q25: GIFTCARD | R25: POLAR | S25: ok
A26: Ahorro major - casa | B26: 1000000 | C26: 1000000 | D26: =B26-C26 -> 0 | E26: normal 500000 | F26: en cta cte | G26: =G14*-1 -> 0 | I26: meses por pagar | J26: =ROUNDUP(12-(G25/'Colegio Agus'!K7),0) -> 12 | L26: a favor | M26: -20000 | O26: MAX | P26: =25390+3990 -> 29380 | Q26: GIFTCARD | R26: Juego nintendo | S26: ok
A27: nutri-kine | B27: 55000 | C27: =15000+40000 -> 55000 | D27: =B27-C27 -> 0 | E27: NORMAL 55000 | F27: en cta ahorro | G27: =AHRROS!B9 -> 5636408 | I27: falta | J27: ='Colegio Agus'!K7-G25 -> 602221.37 | L27: metro lucia (stgo) | M27: 1435 | O27: DOMI | P27: 24490 | Q27: GIFTCARD | R27: BLUEY | S27: OK
A28: entrenamiento raul | B28: 40000 | C28: =40000 -> 40000 | D28: =B28-C28 -> 0 | F28: en cuenta lu | G28: 0 | I28: cuotas | J28: 7 | K28: abr-nov | L28: kiosko usm 24 abr (amex) | M28: 8400 | O28: TRINI | S28: ok
A29: raul MDS | B29: 40000 | C29: =8400+5000+26600 -> 40000 | D29: =B29-C29 -> 0 | E29: ELIMINAR | I29: monto cuota | J29: =J27/J28 -> 86031.625 | L29: saville row | M29: 209850 | O29: lu cumple | P29: =11992+1459 -> 13451 | Q29: EFECTIVO | R29: ….. | S29: …...
A30: raul | B30: =120000+12929 -> 132929 | C30: =4077+520+3000+1890+6716+2700+16075+13000+42781+15976+6579+382+6304+12929 -> 132929 | D30: =B30-C30 -> 0 | E30: 85000 | L30: usm kiosk 28 abr | M30: 1400 | O30: FLO | S30: ok
A31: lavado auto | B31: =8800 -> 8800 | C31: 8800 | D31: =B31-C31 -> 0 | E31: 8800 | L31: usm kiosk 29 abr | M31: 9600 | O31: SANTI
A32: Vacas o extras navidad o ahorro | B32: 0 | D32: =B32-C32 -> 0 | L32: Zara Visa days | M32: 73980 | O32: MARTIN | P32: =18890+7990 -> 26880 | Q32: GIFTCARD | R32: carrito + musical | S32: OK
A33: ahorro viaje estudio agus | B33: 15000 | C33: 15000 | D33: =B33-C33 -> 0 | E33: normal 15000 | L33: super | M33: -20000 | O33: mama 2 | P33: =7992+1460 -> 9452 | Q33: EFECTIVO | R33: calendario | S33: emotions
A34: AHORRO CONTRIBUCIONES | B34: 32000 | C34: 32000 | D34: =B34-C34 -> 0 | E34: debe ser 32000
A35: Utiles agus (uniforme) 2 de 2 (super extra) | D35: =B35-C35 -> 0 | E35: normal 22000 en julio-agosto 2026
A36: Netflix gio (01 año- ultimo agosto) | B36: 0 | D36: =B36-C36 -> 0 | E36: 2620 mensual (32000 anual) | H36: lo q sobra a ahorro | O36: Total | P36: =SUM(P14:P33) -> 364284
A37: ahorro extra | B37: =42228 -> 42228 | C37: 42228 | D37: =B36-C36 -> 0
J38: =2752586 -> 2752586
A39: Total gastos | B39: =SUM(B3:B38) -> 3556069 | C39: =SUM(C3:C18) -> 1188772 | D39: =SUM(D3:D38) -> 0 | J39: =574857 -> 574857 | O39: GASTADO CON GIFTCARD
A40: Remanente | B40: =B2-B39 -> 0 | C40: =C2-C39 -> 2367297 | J40: =J38-J39 -> 2177729 | O40: perfume raul | P40: 29990
D41: =SUM(D3:D38) -> 0 | L41: total | M41: =SUM(M26:M40) -> 264665 | O41: cumple fiorella | P41: =7490*2 -> 14980 | Q41: mascota + pistola burbujas | S41: jumbo 1 norte 1 dic
E42: DEUDA LU
E43: Item | F43: Presupuestado | G43: gastado | O43: CUMPLE PAPA | P43: =40000 -> 40000 | Q43: POLERON LACOSTE | S43: llega 29nov paris
E44: =A3 -> Supermercado | F44: =B3 -> 250000 | G44: =C3 -> 250000 | O44: CUMPLE CHRIS | P44: 12490 | Q44: SET PARRILLERO
E45: =A4 -> luz | F45: =B4 -> 24700 | G45: =C4 -> 24700
E46: =A5 -> agua | F46: =B5 -> 7460 | G46: =C5 -> 7460
E47: =A6 -> GG.CC + agua caliente | F47: =B6 -> 166232 | G47: =C6 -> 166232 | O47: total | P47: =SUM(P40:P46) -> 97460
E48: =A7 -> seguro | F48: =B7 -> 79293 | G48: =C7 -> 79293 | O48: Total efectivo | P48: =SUMIF(Q14:Q33,"EFECTIVO",P14:P33) -> 78813
E49: =A8 -> Agustina | F49: =B8 -> 80000 | G49: =C8 -> 80000
E50: =A9 -> cuota curso agus | F50: =B9 -> 0 | G50: =C9 -> 0
E51: =A10 -> Teléfono | F51: =B10 -> 15988 | G51: =C10 -> 15988 | O51: TOTAL USADO | P51: =SUM(P14:P33) -> 364284
E52: =A11 -> Feria/huevos/frutos secos | F52: =B11 -> 25000 | G52: =C11 -> 25000
E53: =A12 -> frenillos agus | F53: =B12 -> 25000 | G53: =C12 -> 25000 | O53: SALDO REGALOS | P53: =P13-P51 -> 80156
E54: =A13 -> TAG | F54: =B13 -> 77327 | G54: =C13 -> 77327
E55: =A14 -> cumple agus (sep) / rev tecnica (AGO) | F55: =B14 -> 0 | G55: =C14 -> 0 | O55: SALDO GIFTCARD | P55: =P13-SUMIF(Q14:Q33,"GIFTCARD",P14:P33)-SUM(P40:P46) -> 61509
E56: =A15 -> viajes - paseos - salidas | F56: =B15 -> 100000 | G56: =C15 -> 100000
E57: =A16 -> Bencina | F57: =B16 -> 77772 | G57: =C16 -> 77772 | O57: para usar giftcard | P57: =P55-G6 -> 60319
E58: =A17 -> carga metro - movilizacion-agus | F58: =B17 -> 20000 | G58: =C17 -> 20000
E59: =A18 -> extras (pedidos-salidas- etc) | F59: =B18 -> 240000 | G59: =C18 -> 240000
E60: =A19 -> Casa (cyber) | F60: =B19 -> 59990 | G60: =C19 -> 59990
E61: VTR | F61: 38000 | G61: 38000
E62: SUBTOTAL COMUN | F62: =SUM(F44:F60) -> 1248762 | G62: =SUM(G44:G61) -> 1286762
E64: Dividido 2 | F64: =F62/2 -> 624381 | G64: =G62/2 -> 643381
E66: Deudas
E68: deudas varias | G68: =M41 -> 264665
E70: Total a depositar | G70: =G64+SUM(G67:G69) -> 908046

Sheet MAY26
B1: Presupuesto | C1: Gastado | D1: Queda | F1: cta cte internet | G1: =820066-5000 -> 815066 | L1: Cuentas Mamá | O1: prox mes | T1: 1 | U1: PAPA | V1: REINETA CROCANTE | X1: PARA PICAR | Y1: 2 TABLAS TRILOGIA CLUB
B2: =3556920 -> 3556920 | C2: =3556920 -> 3556920 | F2: mama | G2: =M13 -> 150307 | L2: agua | M2: 12150 | O2: asics golden run | P2: 36534 | T2: 2 | U2: MAMA | V2: SALMON CON ENSALADA SURTIDA | Y2: 3 PORCIONES EMPANADAS QUESO COCKTAIL
A3: Supermercado | B3: 250000 | C3: =40490+19114+2790+7106+45045+25542+45500+12740+41990+9683 -> 250000 | D3: =B3-C3 -> 0 | E3: 230000 | F3: Prox mes | G3: =P11 -> 36534 | L3: luz | M3: ok | T3: 3 | U3: LU | V3: FILETE RUSTICO | X3: ENTRADA | Y3: 11 CEVICHE MIXTO
A4: luz | B4: 30200 | C4: 30200 | D4: =B4-C4 -> 0 | L4: GGCC | M4: ok | T4: 4 | U4: AGU | V4: FILETE RUSTICO
A5: agua | B5: 9360 | C5: 9360 | D5: =B5-C5 -> 0 | J5: 161990 | L5: Entrenamiento | M5: ok | T5: 5 | U5: RAUL | V5: FILETE QUINOA | X5: PLATOS DE FONDO | Y5: REINETA CROCANTE
A6: GG.CC + agua caliente | B6: 178238 | C6: 178238 | D6: =B6-C6 -> 0 | E6: normal 180mil | L6: contribuciones 1/2 | T6: 6 | U6: GIO | V6: SALMON CON ARROZ | Y6: SALMON CON ENSALADA SURTIDA
A7: seguro | B7: 80263 | C7: 80263 | D7: =B7-C7 -> 0 | F7: deudores | G7: =M23 -> 426065 | L7: contribuciones 2/2 | M7: 137645 | N7: jun | T7: 7 | U7: NINON | V7: LOMO PASTELERA (SALSA ARANDANO APARTE) | Y7: FILETE RUSTICO
A8: Agustina | B8: 80000 | C8: =10484+1200+9000+12780+4422+10487+4000+19573+8054 -> 80000 | D8: =B8-C8 -> 0 | L8: PARKA Y ZAPATOS PAPA | M8: -26 | T8: 8 | U8: JANETT | V8: SALMON GRATINADO | Y8: FILETE RUSTICO
A9: cuota curso agus | B9: 0 | D9: =B9-C9 -> 0 | E9: anual 60mil (ok) | F9: Efectivo | G9: =42000-25000 -> 17000 | L9: tag | M9: ok | T9: 9 | U9: CONSUELO | V9: FILETE MONGOLIANO | Y9: FILETE QUINOA
A10: Teléfono | B10: 15988 | C10: 15988 | D10: =B10-C10 -> 0 | L10: chaqueta (saldo a favor) | M10: =-11995-427 -> -12422 | T10: 10 | U10: PAOLA | V10: MILANESA CON ARROZ | Y10: SALMON CON ARROZ
A11: Feria/huevos/frutos secos | B11: 25000 | C11: =3354+4122+17302+222 -> 25000 | D11: =B11-C11 -> 0 | E11: normal 25000 | F11: nutri | G11: =259000-40000-40000 -> 179000 | L11: almuerzo dia papa | M11: =6480*2 -> 12960 | O11: Total | P11: =SUM(P2:P10) -> 36534 | T11: 11 | U11: FELGUERA | V11: SALMON A LO MERO MACHO | Y11: LOMO PASTELERA (SALSA ARANDANO APARTE)
A12: frenillos agus | B12: 25000 | C12: =25000 -> 25000 | D12: =B12-C12 -> 0 | E12: normal 25000 | F12: ahorro (contribuciones) | G12: =-42132-28000-28000-28000-28000+89468-28000-28000+89468-30000-30000-32000-32000-32000+181032-32000-32000 -> -70164 | H12: 2/4 ok (90516 c/u) | Y12: SALMON GRATINADO
A13: TAG | B13: 60000 | C13: =3223+1316+15339+10000 -> 29878 | D13: =B13-C13 -> 30122 | E13: normal 60 | F13: ahorro (major) | G13: =-799217-643381-1000000-52701+1500000+48880+181110+911200+917396-1500000+1349863-500000+24106-780000-500000 -> -842744 | L13: Total | M13: =SUM(M2:M12) -> 150307 | O13: total giftcard | P13: 444440 | Q13: METODO COMPRADO | R13: REGALO | S13: LLEGADA | U13: PICOTEO | Y13: FILETE MONGOLIANO
A14: cumple agus (sep) / rev tecnica (AGO) | B14: 0 | D14: =B14-C14 -> 0 | E14: o permiso circ marzo 266199 /REINTEGRO SII | F14: ahorro (colegio agus) | G14: 0 | O14: RAUL | P14: ok | Q14: ok | R14: PERFUME | S14: OK | Y14: MILANESA CON ARROZ
A15: Varios Ocio (viajes - paseos - salidas) | B15: 90000 | C15: =45245+40000+4755 -> 90000 | D15: =B15-C15 -> 0 | E15: NORMAL 90 | F15: ahorro (viaje agus) | G15: =-8000-8000-8000-8000-8000-8000-8000-8000-8000-15000-15000-15000-15000-15000 -> -147000 | L15: Deudor | M15: Monto | O15: LUCIA | P15: 35920 | Q15: EFECTIVO | R15: imp | S15: ofi | Y15: SALMON A LO MERO MACHO
A16: Bencina | B16: 120000 | C16: =55857+64143 -> 120000 | D16: =B16-C16 -> 0 | E16: 140000 | F16: Ahorro mantención auto | G16: =-82010-30000-40000-40000-40000-40000-40000 -> -312010 | L16: Nelson Estatua | M16: =48210/2 -> 24105 | O16: AGUS | P16: 19990 | Q16: EFECTIVO | R16: PUZZLE SAN FRANCISCO | S16: OK
A17: carga metro - movilizacion-agus | B17: 21000 | C17: 21000 | D17: =B17-C17 -> 0 | F17: Real | G17: =SUM(G1:G16) -> 252054 | L17: Nelson Hotel | M17: =780000-400000 -> 380000 | O17: PAPA | P17: 39980 | Q17: GIFTCARD | R17: SUETER TOMMY | S17: OK | X17: POSTRES Y BEBESTIBLES EN EL MOMENTO
A18: extras (pedidos-salidas- etc) | B18: 240000 | C18: =2800+5400+2780+22413+4080+7718-4731+9922+468+1500+10000+1000+6162+26500+7870+1450+6400+1363+19440+14000+93465 -> 240000 | D18: =B18-C18 -> 0 | F18: Ideal | L18: gio (dia papa) | M18: =6480*2 -> 12960 | O18: MAMA | P18: =25990 -> 25990 | Q18: GIFTCARD | R18: SET LANCOME | S18: OK
A19: Casa (cyber) | B19: 60000 | C19: =900+5382+6291+11980+12981+22466 -> 60000 | D19: =B19-C19 -> 0 | F19: cta cte. | G19: liquido | H19: total | J19: =H20-G17 -> 0 | L19: lucia | M19: =M41 -> 9000 | O19: GIO | P19: 37791 | Q19: GIFTCARD | R19: ZAPATILLAS LACOSTE | S19: OK
A20: DIVIDENDO | B20: 657732 | C20: 657732 | D20: =B20-C20 -> 0 | E20: 76 DE 300 | F20: =SUM(D3:D38)+B40 -> 252054 | G20: 0 | H20: =F20+G20 -> 252054 | O20: NINON | P20: 19990 | Q20: GIFTCARD | R20: vestido | S20: llegada 12 dic
A21: regalos (PAPÁ) | B21: 52792 | C21: 52792 | D21: =B21-C21 -> 0 | O21: FIORELLA | P21: 41990 | Q21: GIFTCARD | R21: unicornio | S21: OK
A22: Colegio Agus (ahorro) | B22: 120000 | C22: 120000 | D22: =B22-C22 -> 0 | E22: normal 120000 | O22: SUPER
A23: Mov.- metro RAUL | B23: 33000 | C23: =510+610+610+1500+510+610+510+510+1000+610+610+6000+510+510+610+510+610+2000+610+610+510+1220 -> 21290 | D23: =B23-C23 -> 11710 | I23: para usar | J23: =G17-SUM(D20,D4,D5,D6,D7,D22,D9,D10,D24,D12,D25,D26,D13,D27,D14,D28,D16,D33,D34,D36,D19) -> 221932 | L23: Total | M23: =SUM(M16:M22) -> 426065 | O23: LUCHITO | P23: 20990 | Q23: GIFTCARD | R23: POLERA ROJA | S23: ok
A24: Credito LU | B24: 0 | D24: =B24-C24 -> 0 | O24: CARITO
A25: Ahorro mantencion auto | B25: 40000 | C25: 40000 | D25: =B25-C25 -> 0 | E25: normal 40000 | F25: ahorro colegio agus | G25: =SUM(G26:G28) -> 5636408 | L25: Deudas lucia | O25: CRIS | P25: 17990 | Q25: GIFTCARD | R25: POLAR | S25: ok
A26: Ahorro major - casa | B26: 1000000 | C26: 1000000 | D26: =B26-C26 -> 0 | E26: normal 500000 | F26: en cta cte | G26: =G14*-1 -> 0 | I26: meses por pagar | J26: =ROUNDUP(12-(G25/'Colegio Agus'!K7),0) -> 12 | L26: Calcetas Lucía | M26: 9000 | O26: MAX | P26: =25390+3990 -> 29380 | Q26: GIFTCARD | R26: Juego nintendo | S26: ok
A27: nutri-kine | B27: 55000 | C27: =40000+15000 -> 55000 | D27: =B27-C27 -> 0 | E27: NORMAL 55000 | F27: en cta ahorro | G27: =AHRROS!B9 -> 5636408 | I27: falta | J27: ='Colegio Agus'!K7-G25 -> 602221.37 | O27: DOMI | P27: 24490 | Q27: GIFTCARD | R27: BLUEY | S27: OK
A28: entrenamiento raul | B28: 40000 | C28: 40000 | D28: =B28-C28 -> 0 | F28: en cuenta lu | G28: 0 | I28: cuotas | J28: 6 | K28: jun-nov | O28: TRINI | S28: ok
A29: raul cyber | B29: 40000 | C29: 0 | D29: =B29-C29 -> 40000 | E29: ELIMINAR | I29: monto cuota | J29: =J27/J28 -> 100370.23 | O29: lu cumple | P29: =11992+1459 -> 13451 | Q29: EFECTIVO | R29: ….. | S29: …...
A30: raul | B30: 124535 | C30: =26125-10000 -> 16125 | D30: =B30-C30 -> 108410 | E30: 85000 | O30: FLO | S30: ok
A31: lavado auto | B31: =8800 -> 8800 | C31: 0 | D31: =B31-C31 -> 8800 | E31: 8800 | O31: SANTI
A32: Vacas o extras navidad o ahorro | B32: 0 | D32: =B32-C32 -> 0 | O32: MARTIN | P32: =18890+7990 -> 26880 | Q32: GIFTCARD | R32: carrito + musical | S32: OK
A33: ahorro viaje estudio agus | B33: 15000 | C33: 15000 | D33: =B33-C33 -> 0 | E33: normal 15000 | O33: mama 2 | P33: =7992+1460 -> 9452 | Q33: EFECTIVO | R33: calendario | S33: emotions
A34: AHORRO CONTRIBUCIONES | B34: 32000 | C34: 32000 | D34: =B34-C34 -> 0 | E34: debe ser 32000
A35: Utiles agus (uniforme) 2 de 2 (super extra) | D35: =B35-C35 -> 0 | E35: normal 22000 en julio-agosto 2026
A36: Netflix gio (01 año- ultimo agosto) | B36: 0 | D36: =B36-C36 -> 0 | E36: 2620 mensual (32000 anual) | H36: lo q sobra a ahorro | O36: Total | P36: =SUM(P14:P33) -> 364284
A37: Varios extras | B37: 50000 | C37: 0 | D37: =B37-C37 -> 50000
J38: =2752586 -> 2752586
A39: Total gastos | B39: =SUM(B3:B38) -> 3553908 | C39: =SUM(C3:C18) -> 1194927 | D39: =SUM(D3:D38) -> 249042 | J39: =574857 -> 574857 | O39: GASTADO CON GIFTCARD
A40: Remanente | B40: =B2-B39 -> 3012 | C40: =C2-C39 -> 2361993 | J40: =J38-J39 -> 2177729 | O40: perfume raul | P40: 29990
D41: =SUM(D3:D38) -> 249042 | L41: total | M41: =SUM(M26:M40) -> 9000 | O41: cumple fiorella | P41: =7490*2 -> 14980 | Q41: mascota + pistola burbujas | S41: jumbo 1 norte 1 dic
E42: DEUDA LU
E43: Item | F43: Presupuestado | G43: gastado | O43: CUMPLE PAPA | P43: =40000 -> 40000 | Q43: POLERON LACOSTE | S43: llega 29nov paris
E44: =A3 -> Supermercado | F44: =B3 -> 250000 | G44: =C3 -> 250000 | O44: CUMPLE CHRIS | P44: 12490 | Q44: SET PARRILLERO
E45: =A4 -> luz | F45: =B4 -> 30200 | G45: =C4 -> 30200
E46: =A5 -> agua | F46: =B5 -> 9360 | G46: =C5 -> 9360
E47: =A6 -> GG.CC + agua caliente | F47: =B6 -> 178238 | G47: =C6 -> 178238 | O47: total | P47: =SUM(P40:P46) -> 97460
E48: =A7 -> seguro | F48: =B7 -> 80263 | G48: =C7 -> 80263 | O48: Total efectivo | P48: =SUMIF(Q14:Q33,"EFECTIVO",P14:P33) -> 78813
E49: =A8 -> Agustina | F49: =B8 -> 80000 | G49: =C8 -> 80000
E50: =A9 -> cuota curso agus | F50: =B9 -> 0 | G50: =C9 -> 0
E51: =A10 -> Teléfono | F51: =B10 -> 15988 | G51: =C10 -> 15988 | O51: TOTAL USADO | P51: =SUM(P14:P33) -> 364284
E52: =A11 -> Feria/huevos/frutos secos | F52: =B11 -> 25000 | G52: =C11 -> 25000
E53: =A12 -> frenillos agus | F53: =B12 -> 25000 | G53: =C12 -> 25000 | O53: SALDO REGALOS | P53: =P13-P51 -> 80156
E54: =A13 -> TAG | F54: =B13 -> 60000 | G54: =C13 -> 29878
E55: =A14 -> cumple agus (sep) / rev tecnica (AGO) | F55: =B14 -> 0 | G55: =C14 -> 0 | O55: SALDO GIFTCARD | P55: =P13-SUMIF(Q14:Q33,"GIFTCARD",P14:P33)-SUM(P40:P46) -> 61509
E56: =A15 -> Varios Ocio (viajes - paseos - salidas) | F56: =B15 -> 90000 | G56: =C15 -> 90000
E57: =A16 -> Bencina | F57: =B16 -> 120000 | G57: =C16 -> 120000 | O57: para usar giftcard | P57: =P55-#REF! -> #REF!
E58: =A17 -> carga metro - movilizacion-agus | F58: =B17 -> 21000 | G58: =C17 -> 21000
E59: =A18 -> extras (pedidos-salidas- etc) | F59: =B18 -> 240000 | G59: =C18 -> 240000
E60: =A19 -> Casa (cyber) | F60: =B19 -> 60000 | G60: =C19 -> 60000
E61: VTR | F61: 38000 | G61: 38000
E62: SUBTOTAL COMUN | F62: =SUM(F44:F60) -> 1285049 | G62: =SUM(G44:G61) -> 1292927
E64: Dividido 2 | F64: =F62/2 -> 642524.5 | G64: =G62/2 -> 646463.5
E66: Deudas
E68: deudas varias | G68: =M41 -> 9000
E70: Total a depositar | G70: =G64+SUM(G67:G69) -> 655463.5

Sheet JUN26
B1: Presupuesto | C1: Gastado | D1: Queda | F1: cta cte internet | G1: 826773 | L1: Cuentas Mamá | O1: prox mes | T1: 1 | U1: PAPA | V1: REINETA CROCANTE | X1: PARA PICAR | Y1: 2 TABLAS TRILOGIA CLUB
B2: =3607430 -> 3607430 | C2: =3607430 -> 3607430 | F2: mama | G2: =M13 -> 150734 | L2: agua | M2: 12150 | T2: 2 | U2: MAMA | V2: SALMON CON ENSALADA SURTIDA | Y2: 3 PORCIONES EMPANADAS QUESO COCKTAIL
A3: Supermercado | B3: 250000 | D3: =B3-C3 -> 250000 | E3: 230000 | F3: Prox mes | G3: =P11 -> 0 | L3: luz | M3: ok | T3: 3 | U3: LU | V3: FILETE RUSTICO | X3: ENTRADA | Y3: 11 CEVICHE MIXTO
A4: luz | B4: 32000 | D4: =B4-C4 -> 32000 | L4: GGCC | M4: ok | T4: 4 | U4: AGU | V4: FILETE RUSTICO
A5: agua | B5: 10000 | D5: =B5-C5 -> 10000 | L5: Entrenamiento | M5: ok | T5: 5 | U5: RAUL | V5: FILETE QUINOA | X5: PLATOS DE FONDO | Y5: REINETA CROCANTE
A6: GG.CC + agua caliente | B6: 191251 | D6: =B6-C6 -> 191251 | E6: normal 185mil | L6: contribuciones 1/2 | T6: 6 | U6: GIO | V6: SALMON CON ARROZ | Y6: SALMON CON ENSALADA SURTIDA
A7: seguro | B7: 82000 | D7: =B7-C7 -> 82000 | F7: deudores | G7: =M23 -> 444638 | L7: contribuciones 2/2 | M7: 137645 | N7: jun | T7: 7 | U7: NINON | V7: LOMO PASTELERA (SALSA ARANDANO APARTE) | Y7: FILETE RUSTICO
A8: Agustina | B8: 80000 | D8: =B8-C8 -> 80000 | F8: AHORRO SUELDO PROFE | G8: -53440 | L8: PARKA Y ZAPATOS PAPA | M8: -26 | T8: 8 | U8: JANETT | V8: SALMON GRATINADO | Y8: FILETE RUSTICO
A9: cuota curso agus | B9: 0 | D9: =B9-C9 -> 0 | E9: anual 60mil (ok) | F9: Efectivo | G9: 42000 | L9: tag | M9: ok | T9: 9 | U9: CONSUELO | V9: FILETE MONGOLIANO | Y9: FILETE QUINOA
A10: Teléfono | B10: 15988 | D10: =B10-C10 -> 15988 | L10: chaqueta (saldo a favor) | M10: -11995 | T10: 10 | U10: PAOLA | V10: MILANESA CON ARROZ | Y10: SALMON CON ARROZ
A11: Feria/huevos/frutos secos | B11: 25000 | D11: =B11-C11 -> 25000 | E11: normal 25000 | F11: nutri | G11: =259000-40000-40000 -> 179000 | L11: almuerzo dia papa | M11: =6480*2 -> 12960 | O11: Total | P11: =SUM(P2:P10) -> 0 | T11: 11 | U11: FELGUERA | V11: SALMON A LO MERO MACHO | Y11: LOMO PASTELERA (SALSA ARANDANO APARTE)
A12: frenillos agus | B12: 25000 | D12: =B12-C12 -> 25000 | E12: normal 25000 | F12: ahorro (contribuciones) | G12: =-42132-28000-28000-28000-28000+89468-28000-28000+89468-30000-30000-32000-32000-32000+181032-32000-32000 -> -70164 | H12: 2/4 ok (90516 c/u) | Y12: SALMON GRATINADO
A13: TAG | B13: 60000 | D13: =B13-C13 -> 60000 | E13: normal 60 | F13: ahorro (major) | G13: =-799217-643381-1000000-52701+1500000+48880+181110+911200+917396-1500000+1349863-500000+24106-780000-500000 -> -842744 | L13: Total | M13: =SUM(M2:M12) -> 150734 | O13: total giftcard | P13: 444440 | Q13: METODO COMPRADO | R13: REGALO | S13: LLEGADA | U13: PICOTEO | Y13: FILETE MONGOLIANO
A14: cumple agus (sep) / rev tecnica (AGO) | B14: 0 | D14: =B14-C14 -> 0 | E14: o permiso circ marzo 266199 /REINTEGRO SII | F14: ahorro (colegio agus) | G14: 0 | O14: RAUL | P14: ok | Q14: ok | R14: PERFUME | S14: OK | Y14: MILANESA CON ARROZ
A15: Varios Ocio (viajes - paseos - salidas) | B15: 90000 | D15: =B15-C15 -> 90000 | E15: NORMAL 90 | F15: ahorro (viaje agus) | G15: =-8000-8000-8000-8000-8000-8000-8000-8000-8000-15000-15000-15000-15000-15000 -> -147000 | L15: Deudor | M15: Monto | O15: LUCIA | P15: 35920 | Q15: EFECTIVO | R15: imp | S15: ofi | Y15: SALMON A LO MERO MACHO
A16: Bencina | B16: 130000 | D16: =B16-C16 -> 130000 | E16: 140000 | F16: Ahorro mantención auto | G16: =-82010-30000-40000-40000-40000-40000-40000 -> -312010 | L16: Nelson Estatua | M16: =48210/2 -> 24105 | O16: AGUS | P16: 19990 | Q16: EFECTIVO | R16: PUZZLE SAN FRANCISCO | S16: OK
A17: carga metro - movilizacion-agus | B17: 25000 | D17: =B17-C17 -> 25000 | F17: Real | G17: =SUM(G1:G16) -> 217787 | L17: Nelson Hotel | M17: =780000-400000 -> 380000 | O17: PAPA | P17: 39980 | Q17: GIFTCARD | R17: SUETER TOMMY | S17: OK | X17: POSTRES Y BEBESTIBLES EN EL MOMENTO
A18: extras (pedidos-salidas- etc) | B18: 240000 | D18: =B18-C18 -> 240000 | F18: Ideal | L18: gio (dia papa) | M18: =6480*2 -> 12960 | O18: MAMA | P18: =25990 -> 25990 | Q18: GIFTCARD | R18: SET LANCOME | S18: OK
A19: Casa - ARREGLOS | B19: 60000 | D19: =B19-C19 -> 60000 | F19: cta cte. | G19: liquido | H19: total | J19: =H20-G17 -> 3389643 | L19: lucia | M19: =M41 -> 9000 | O19: GIO | P19: 37791 | Q19: GIFTCARD | R19: ZAPATILLAS LACOSTE | S19: OK
A20: DIVIDENDO | B20: 660000 | D20: =B20-C20 -> 660000 | E20: 77 DE 300 | F20: =SUM(D3:D38)+B40 -> 3607430 | G20: 0 | H20: =F20+G20 -> 3607430 | L20: carrera reforest papa | M20: 18573 | O20: NINON | P20: 19990 | Q20: GIFTCARD | R20: vestido | S20: llegada 12 dic
A21: regalos | B21: 0 | D21: =B21-C21 -> 0 | O21: FIORELLA | P21: 41990 | Q21: GIFTCARD | R21: unicornio | S21: OK
A22: Colegio Agus (ahorro) | B22: 120000 | D22: =B22-C22 -> 120000 | E22: normal 120000 | O22: SUPER
A23: Mov.- metro RAUL | B23: 33000 | D23: =B23-C23 -> 33000 | I23: para usar | J23: =G17-SUM(D20,D4,D5,D6,D7,D22,D9,D10,D24,D12,D25,D26,D13,D27,D14,D28,D16,D33,D34,D36,D19) -> -2350452 | L23: Total | M23: =SUM(M16:M22) -> 444638 | O23: LUCHITO | P23: 20990 | Q23: GIFTCARD | R23: POLERA ROJA | S23: ok
A24: Credito LU | B24: 0 | D24: =B24-C24 -> 0 | O24: CARITO
A25: Ahorro mantencion auto | B25: 40000 | D25: =B25-C25 -> 40000 | E25: normal 40000 | F25: ahorro colegio agus | G25: =SUM(G26:G28) -> 5636408 | L25: Deudas lucia | O25: CRIS | P25: 17990 | Q25: GIFTCARD | R25: POLAR | S25: ok
A26: Ahorro major - casa | B26: 1000000 | D26: =B26-C26 -> 1000000 | E26: normal 500000 | F26: en cta cte | G26: =G14*-1 -> 0 | I26: meses por pagar | J26: =ROUNDUP(12-(G25/'Colegio Agus'!K7),0) -> 12 | L26: Calcetas Lucía | M26: 9000 | O26: MAX | P26: =25390+3990 -> 29380 | Q26: GIFTCARD | R26: Juego nintendo | S26: ok
A27: nutri-kine | B27: 55000 | D27: =B27-C27 -> 55000 | E27: NORMAL 55000 | F27: en cta ahorro | G27: =AHRROS!B9 -> 5636408 | I27: falta | J27: ='Colegio Agus'!K7-G25 -> 602221.37 | O27: DOMI | P27: 24490 | Q27: GIFTCARD | R27: BLUEY | S27: OK
A28: entrenamiento raul | B28: 40000 | D28: =B28-C28 -> 40000 | F28: en cuenta lu | G28: 0 | I28: cuotas | J28: 6 | K28: jun-nov | O28: TRINI | S28: ok
A29: raul Carreras o mes anterior | B29: 40000 | D29: =B29-C29 -> 40000 | E29: ELIMINAR | I29: monto cuota | J29: =J27/J28 -> 100370.23 | O29: lu cumple | P29: =11992+1459 -> 13451 | Q29: EFECTIVO | R29: ….. | S29: …...
A30: raul | B30: 120000 | D30: =B30-C30 -> 120000 | E30: 85000 | O30: FLO | S30: ok
A31: lavado auto | B31: =8800 -> 8800 | D31: =B31-C31 -> 8800 | E31: 8800 | O31: SANTI
A32: Vacas o extras navidad o ahorro | B32: 0 | D32: =B32-C32 -> 0 | O32: MARTIN | P32: =18890+7990 -> 26880 | Q32: GIFTCARD | R32: carrito + musical | S32: OK
A33: ahorro viaje estudio agus | B33: 15000 | D33: =B33-C33 -> 15000 | E33: normal 15000 | O33: mama 2 | P33: =7992+1460 -> 9452 | Q33: EFECTIVO | R33: calendario | S33: emotions
A34: AHORRO CONTRIBUCIONES | B34: 32000 | D34: =B34-C34 -> 32000 | E34: debe ser 32000
A35: Utiles agus (uniforme) 2 de 2 (super extra) | B35: 0 | D35: =B35-C35 -> 0 | E35: normal 22000 en julio-agosto 2026
A36: Netflix gio (01 año- ultimo agosto) | B36: 0 | D36: =B36-C36 -> 0 | E36: 2620 mensual (32000 anual) | H36: lo q sobra a ahorro | O36: Total | P36: =SUM(P14:P33) -> 364284
A37: Eventos | B37: 0 | D37: =B37-C37 -> 0
J38: =2752586 -> 2752586
A39: Total gastos | B39: =SUM(B3:B38) -> 3480039 | C39: =SUM(C3:C18) -> 0 | D39: =SUM(D3:D38) -> 3480039 | J39: =574857 -> 574857 | O39: GASTADO CON GIFTCARD
A40: Remanente | B40: =B2-B39 -> 127391 | C40: =C2-C39 -> 3607430 | J40: =J38-J39 -> 2177729 | O40: perfume raul | P40: 29990
D41: =SUM(D3:D38) -> 3480039 | L41: total | M41: =SUM(M26:M40) -> 9000 | O41: cumple fiorella | P41: =7490*2 -> 14980 | Q41: mascota + pistola burbujas | S41: jumbo 1 norte 1 dic
E42: DEUDA LU
E43: Item | F43: Presupuestado | G43: gastado | O43: CUMPLE PAPA | P43: =40000 -> 40000 | Q43: POLERON LACOSTE | S43: llega 29nov paris
E44: =A3 -> Supermercado | F44: =B3 -> 250000 | G44: =C3 -> 0 | O44: CUMPLE CHRIS | P44: 12490 | Q44: SET PARRILLERO
E45: =A4 -> luz | F45: =B4 -> 32000 | G45: =C4 -> 0
E46: =A5 -> agua | F46: =B5 -> 10000 | G46: =C5 -> 0
E47: =A6 -> GG.CC + agua caliente | F47: =B6 -> 191251 | G47: =C6 -> 0 | O47: total | P47: =SUM(P40:P46) -> 97460
E48: =A7 -> seguro | F48: =B7 -> 82000 | G48: =C7 -> 0 | O48: Total efectivo | P48: =SUMIF(Q14:Q33,"EFECTIVO",P14:P33) -> 78813
E49: =A8 -> Agustina | F49: =B8 -> 80000 | G49: =C8 -> 0
E50: =A9 -> cuota curso agus | F50: =B9 -> 0 | G50: =C9 -> 0
E51: =A10 -> Teléfono | F51: =B10 -> 15988 | G51: =C10 -> 0 | O51: TOTAL USADO | P51: =SUM(P14:P33) -> 364284
E52: =A11 -> Feria/huevos/frutos secos | F52: =B11 -> 25000 | G52: =C11 -> 0
E53: =A12 -> frenillos agus | F53: =B12 -> 25000 | G53: =C12 -> 0 | O53: SALDO REGALOS | P53: =P13-P51 -> 80156
E54: =A13 -> TAG | F54: =B13 -> 60000 | G54: =C13 -> 0
E55: =A14 -> cumple agus (sep) / rev tecnica (AGO) | F55: =B14 -> 0 | G55: =C14 -> 0 | O55: SALDO GIFTCARD | P55: =P13-SUMIF(Q14:Q33,"GIFTCARD",P14:P33)-SUM(P40:P46) -> 61509
E56: =A15 -> Varios Ocio (viajes - paseos - salidas) | F56: =B15 -> 90000 | G56: =C15 -> 0
E57: =A16 -> Bencina | F57: =B16 -> 130000 | G57: =C16 -> 0 | O57: para usar giftcard | P57: =P55-#REF! -> #REF!
E58: =A17 -> carga metro - movilizacion-agus | F58: =B17 -> 25000 | G58: =C17 -> 0
E59: =A18 -> extras (pedidos-salidas- etc) | F59: =B18 -> 240000 | G59: =C18 -> 0
E60: =A19 -> Casa - ARREGLOS | F60: =B19 -> 60000 | G60: =C19 -> 0
E61: VTR | F61: 38000 | G61: 38000
E62: SUBTOTAL COMUN | F62: =SUM(F44:F60) -> 1316239 | G62: =SUM(G44:G61) -> 38000
E64: Dividido 2 | F64: =F62/2 -> 658119.5 | G64: =G62/2 -> 19000
E66: Deudas
E68: deudas varias | G68: =M41 -> 9000
E70: Total a depositar | G70: =G64+SUM(G67:G69) -> 28000

Sheet Colegio Agus
A1: proyeccion 2025 | I1: proyeccion 2026
A2: valor UF | B2: 39651.25 | I2: Valor UF | J2: 39700
B3: =142.77 -> 142.77 | C3: =B3*B2 -> 5661009 | D3: colegiatura | I3: Reajuste | J3: =B3*(1+I4) -> 148.4808 | K3: =J3*J2*0.95 -> 5599953.4 | L3: colegiatura
A4: descuento 5% | B4: =B3*0.95 -> 135.6315 | C4: =ROUND(B4*B2,0) -> 5377959 | D4: colegiatura con 5% dcto | I4: 0.04 | J4: =B5*(1+I4) -> 15.08 | K4: =J4*J2 -> 598676 | L4: matricula
B5: 14.5 | C5: =ROUND(B2*B5,0) -> 574943 | D5: matricula | K5: 40000 | L5: cgpa
C6: 35000 | D6: cgpa
F7: EN AHORRO | G7: =AHRROS!B9 -> 5636408 | K7: =SUM(K2:K5) -> 6238629.4 | L7: total 2026
C8: =C4+C5+C6 -> 5987902 | D8: total 2025 | F8: total 2025 | G8: =C8 -> 5987902
C9: =C8/12 -> 498991.83 | F9: FALTA/remanente | G9: =G8-G7 -> 351494 | J9: REMANENTE | K9: 2461727 | L9: cta
F10: EN CTA CTE | G10: ='NOV25'!G14*-1 -> 0 | K10: =120000*12 -> 1440000 | L10: raul | M10: 120 mil/mes
F11: por sacar FFMM | G11: =G8-G10 -> 5987902 | K11: 0 | L11: aporte lu
K12: =K7-K10-K9-K11 -> 2336902.4 | L12: lu
F13: falta | G13: =G11-G7 -> 351494

Sheet Majors
A1: MAJOR | B1: GASTO
A2: BOSTON | B2: =B48 -> 1750861
A3: CHICAGO | B3: =B98/2 -> 1593881
A4: LONDRES | B4: =B147 -> 4014046
A5: BERLIN | B5: =B202/3 -> 2484715.4
A6: TOKYO
A7: NEW YORK
A9: TOTAL | B9: =SUM(B2:B8) -> 9843503.4
A11: Presupuesto | D11: Valor dólar | E11: 840 | H11: MARATON BOSTON | M11: Ascenso | N11: Descenso | O11: Altimetria | Q11: AGUA | R11: GEL
B12: Gastado | D12: en dolares | H12: MILLA | I12: 42k | J12: ritmo KM | K12: T° Acumulado | Q12: AGUA | R12: GEL SIN
A13: Pasajes | B13: 496620 | C13: OK | H13: =I13/1.61 -> 0.62111801 | I13: 1 | J13: 0.0029513889 | K13: =J13 -> 0.0029513889 | M13: 0 | N13: 39 | O13: =M13-N13 -> -39
A14: Tasa embarque | B14: 104237 | C14: OK | H14: =I14/1.61 -> 1.242236 | I14: 2 | J14: 0.0029513889 | K14: =J14*(I14-I13)+K13 -> 0.0059027778 | M14: 6 | N14: 9 | O14: =M14-N14 -> -3
A15: Pasaporte | B15: 0 | C15: OK | H15: =I15/1.61 -> 1.863354 | I15: 3 | J15: 0.0029513889 | K15: =J15*(I15-I14)+K14 -> 0.0088541667 | M15: 0 | N15: 0 | O15: =M15-N15 -> 0
A16: Seguro medico | B16: 15659 | C16: ok | H16: =I16/1.61 -> 2.484472 | I16: 4 | J16: 0.0029513889 | K16: =J16*(I16-I15)+K15 -> 0.011805556 | M16: 0 | N16: 8 | O16: =M16-N16 -> -8
A17: cupo boston | B17: =250*E11 -> 210000 | C17: OK | H17: =I17/1.61 -> 3.1055901 | I17: 5 | J17: 0.0029513889 | K17: =J17*(I17-I16)+K16 -> 0.014756944 | M17: 0 | N17: 17 | O17: =M17-N17 -> -17 | P17: MILLA 3 - 5,4K | Q17: AGUA
A18: Hotel | B18: 476436 | C18: ok | D18: Reservado | E18: ojo con el fee | H18: =I18/1.61 -> 3.7267081 | I18: 6 | J18: 0.0029513889 | K18: =J18*(I18-I17)+K17 -> 0.017708333 | M18: 0 | N18: 14 | O18: =M18-N18 -> -14
A19: Visa waiber | B19: 0 | C19: ok | H19: =I19/1.61 -> 4.3478261 | I19: 7 | J19: 0.0029513889 | K19: =J19*(I19-I18)+K18 -> 0.020659722 | M19: 0 | N19: 0 | O19: =M19-N19 -> 0
H20: =I20/1.61 -> 4.9689441 | I20: 8 | J20: 0.0029513889 | K20: =J20*(I20-I19)+K19 -> 0.023611111 | M20: 10 | N20: 0 | O20: =M20-N20 -> 10
A21: preventa fotos | B21: 73404 | C21: ok | H21: =I21/1.61 -> 5.5900621 | I21: 9 | J21: 0.0029513889 | K21: =J21*(I21-I20)+K20 -> 0.0265625 | M21: 0 | N21: 9 | O21: =M21-N21 -> -9
H22: =I22/1.61 -> 6.2111801 | I22: 10 | J22: 0.0029513889 | K22: =J22*(I22-I21)+K21 -> 0.029513889 | M22: 0 | N22: 3 | O22: =M22-N22 -> -3 | P22: MILLA 6 - 9,5k | Q22: AGUA | R22: GEL CON
H23: =I23/1.61 -> 6.8322981 | I23: 11 | J23: 0.0029513889 | K23: =J23*(I23-I22)+K22 -> 0.032465278 | M23: 0 | N23: 2 | O23: =M23-N23 -> -2
A24: cortaviento | B24: 80568 | C24: ok | H24: =I24/1.61 -> 7.4534161 | I24: 12 | J24: 0.0029513889 | K24: =J24*(I24-I23)+K23 -> 0.035416667 | M24: 0 | N24: 1 | O24: =M24-N24 -> -1
A25: Visitas - comida -compras (TC) | B25: 201537 | C25: ok | H25: =I25/1.61 -> 8.0745342 | I25: 13 | J25: 0.0029513889 | K25: =J25*(I25-I24)+K24 -> 0.038368056 | M25: 11 | N25: 12 | O25: =M25-N25 -> -1
A26: Visitas - comida -compras (CASH) | B26: 92400 | C26: ok | H26: =I26/1.61 -> 8.6956522 | I26: 14 | J26: 0.0029513889 | K26: =J26*(I26-I25)+K25 -> 0.041319444 | M26: 0 | N26: 0 | O26: =M26-N26 -> 0
A27: Gastado | B27: =SUMIF(C13:C26,"OK",B13:B26) -> 1750861 | H27: =I27/1.61 -> 9.3167702 | I27: 15 | J27: 0.0029513889 | K27: =J27*(I27-I26)+K26 -> 0.044270833 | M27: 3 | N27: 6 | O27: =M27-N27 -> -3 | P27: MILLA 9 - 14,4K | Q27: AGUA
A28: Por gastar | B28: =SUMIF(C13:C24,"",B13:B25) -> 0 | H28: =I28/1.61 -> 9.9378882 | I28: 16 | J28: 0.0029513889 | K28: =J28*(I28-I27)+K27 -> 0.047222222 | M28: 7 | N28: 2 | O28: =M28-N28 -> 5
H29: =I29/1.61 -> 10.559006 | I29: 17 | J29: 0.0029513889 | K29: =J29*(I29-I28)+K28 -> 0.050173611 | M29: 5 | N29: 0 | O29: =M29-N29 -> 5
A30: Total | B30: =B27+B28 -> 1750861 | H30: =I30/1.61 -> 11.180124 | I30: 18 | J30: 0.0029513889 | K30: =J30*(I30-I29)+K29 -> 0.053125 | M30: 0 | N30: 0 | O30: =M30-N30 -> 0 | P30: MILLA 11 -17,9K | Q30: AGUA | R30: GEL SIN
H31: =I31/1.61 -> 11.801242 | I31: 19 | J31: 0.0029513889 | K31: =J31*(I31-I30)+K30 -> 0.056076389 | M31: 0 | N31: 7 | O31: =M31-N31 -> -7 | S31: mourten
A32: GASTOS REALES | H32: =I32/1.61 -> 12.42236 | I32: 20 | J32: 0.0029513889 | K32: =J32*(I32-I31)+K31 -> 0.059027778 | M32: 7 | N32: 12 | O32: =M32-N32 -> -5
B33: Gastado | H33: =I33/1.61 -> 13.043478 | I33: 21 | J33: 0.0029513889 | K33: =J33*(I33-I32)+K32 -> 0.061979167 | M33: 0 | N33: 3 | O33: =M33-N33 -> -3 | P33: MILLA 13 - 21,1K | Q33: AGUA
A34: Pasajes | B34: 496620 | H34: =I34/1.61 -> 13.664596 | I34: 22 | J34: 0.0029513889 | K34: =J34*(I34-I33)+K33 -> 0.064930556 | M34: 6 | N34: 6 | O34: =M34-N34 -> 0
A35: Tasa embarque | B35: 104237 | H35: =I35/1.61 -> 14.285714 | I35: 23 | J35: 0.0029513889 | K35: =J35*(I35-I34)+K34 -> 0.067881944 | M35: 0 | N35: 0 | O35: =M35-N35 -> 0 | S35: mourten
A36: Pasaporte | B36: 0 | H36: =I36/1.61 -> 14.906832 | I36: 24 | J36: 0.0029513889 | K36: =J36*(I36-I35)+K35 -> 0.070833333 | M36: 5 | N36: 0 | O36: =M36-N36 -> 5 | P36: MILLA 15 - 24K | Q36: AGUA | R36: GEL CON
A37: Seguro medico | B37: 15659 | H37: =I37/1.61 -> 15.52795 | I37: 25 | J37: 0.0029513889 | K37: =J37*(I37-I36)+K36 -> 0.073784722 | M37: 5 | N37: 0 | O37: =M37-N37 -> 5
A38: cupo boston | B38: 210000 | H38: =I38/1.61 -> 16.149068 | I38: 26 | J38: 0.0029513889 | K38: =J38*(I38-I37)+K37 -> 0.076736111 | M38: 9 | N38: 32 | O38: =M38-N38 -> -23
A39: Hotel | B39: 476436 | H39: =I39/1.61 -> 16.770186 | I39: 27 | J39: 0.0030671296 | K39: =J39*(I39-I38)+K38 -> 0.079803241 | M39: 17 | N39: 0 | O39: =M39-N39 -> 17 | P39: MILLA 17 - 27,5K | Q39: AGUA
A40: Visa waiber | B40: 0 | H40: =I40/1.61 -> 17.391304 | I40: 28 | J40: 0.0030671296 | K40: =J40*(I40-I39)+K39 -> 0.08287037 | M40: 0 | N40: 3 | O40: =M40-N40 -> -3
A41: compra TC (visita, compra , comida) | B41: 201537 | H41: =I41/1.61 -> 18.012422 | I41: 29 | J41: 0.0030671296 | K41: =J41*(I41-I40)+K40 -> 0.0859375 | M41: 19 | N41: 5 | O41: =M41-N41 -> 14
A42: preventa fotos | B42: 73404 | H42: =I42/1.61 -> 18.63354 | I42: 30 | J42: 0.0030671296 | K42: =J42*(I42-I41)+K41 -> 0.08900463 | M42: 0 | N42: 4 | O42: =M42-N42 -> -4 | P42: MILLA 19 - 30,6K | Q42: AGUA | R42: GEL SIN
H43: =I43/1.61 -> 19.254658 | I43: 31 | J43: 0.0030671296 | K43: =J43*(I43-I42)+K42 -> 0.092071759 | M43: 0 | N43: 11 | O43: =M43-N43 -> -11
A44: compra cash | B44: 92400 | C44: 200 USD EN EFECTIVO | H44: =I44/1.61 -> 19.875776 | I44: 32 | J44: 0.0030671296 | K44: =J44*(I44-I43)+K43 -> 0.095138889 | M44: 13 | N44: 0 | O44: =M44-N44 -> 13
A45: cortaviento | B45: 80568 | H45: =I45/1.61 -> 20.496894 | I45: 33 | J45: 0.0030671296 | K45: =J45*(I45-I44)+K44 -> 0.098206019 | M45: 0 | N45: 0 | O45: =M45-N45 -> 0
A46: Visitas | H46: =I46/1.61 -> 21.118012 | I46: 34 | J46: 0.0030671296 | K46: =J46*(I46-I45)+K45 -> 0.10127315 | M46: 25 | N46: 0 | O46: =M46-N46 -> 25 | P46: MILLA 21 - 33,8K | Q46: AGUA
H47: =I47/1.61 -> 21.73913 | I47: 35 | J47: 0.0029513889 | K47: =J47*(I47-I46)+K46 -> 0.10422454 | M47: 0 | N47: 23 | O47: =M47-N47 -> -23 | S47: mourten
A48: Gastado | B48: =SUM(B34:B46) -> 1750861 | H48: =I48/1.61 -> 22.360248 | I48: 36 | J48: 0.0029513889 | K48: =J48*(I48-I47)+K47 -> 0.10717593 | M48: 0 | N48: 4 | O48: =M48-N48 -> -4 | P48: MILLA 22 - 35,5K | Q48: AGUA | R48: GEL CON
H49: =I49/1.61 -> 22.981366 | I49: 37 | J49: 0.0029513889 | K49: =J49*(I49-I48)+K48 -> 0.11012731 | M49: 0 | N49: 15 | O49: =M49-N49 -> -15
H50: =I50/1.61 -> 23.602484 | I50: 38 | J50: 0.0029513889 | K50: =J50*(I50-I49)+K49 -> 0.1130787 | M50: 8 | N50: 8 | O50: =M50-N50 -> 0
H51: =I51/1.61 -> 24.223602 | I51: 39 | J51: 0.0029513889 | K51: =J51*(I51-I50)+K50 -> 0.11603009 | M51: 0 | N51: 16 | O51: =M51-N51 -> -16 | P51: MILLA 24 - 38,8K | Q51: GATORADE
H52: =I52/1.61 -> 24.84472 | I52: 40 | J52: 0.0029513889 | K52: =J52*(I52-I51)+K51 -> 0.11898148 | M52: 0 | N52: 6 | O52: =M52-N52 -> -6
H53: =I53/1.61 -> 25.465839 | I53: 41 | J53: 0.0029513889 | K53: =J53*(I53-I52)+K52 -> 0.12193287 | M53: 0 | N53: 2 | O53: =M53-N53 -> -2
H54: =I54/1.61 -> 26.086957 | I54: 42 | J54: 0.0029513889 | K54: =J54*(I54-I53)+K53 -> 0.12488426 | M54: 0 | N54: 0 | O54: =M54-N54 -> 0
H55: =I55/1.61 -> 26.21118 | I55: 42.2 | J55: 0.0029513889 | K55: =J55*(I55-I54)+K54 -> 0.12547454 | L55: META | M55: 0 | N55: 0 | O55: =M55-N55 -> 0
K57: ritmo medio | L57: =K55/I55 -> 0.0029733303
A58: CHICAGO
A59: Presupuesto | D59: Valor dólar | E59: 950 | H59: MARATON CHICAGO | M59: Ascenso | N59: Descenso | O59: Altimetria | Q59: AGUA | R59: GEL
B60: Gastado | D60: en dolares | H60: MILLA | I60: 42k | J60: ritmo KM | K60: T° Acumulado | Q60: AGUA | R60: GEL SIN | T60: MILLA | U60: KM | V60: RITMO MI/MIN
A61: Pasajes x2 | B61: 1267184 | C61: OK | H61: =I61/1.61 -> 0.62111801 | I61: 1 | J61: 0.0030671296 | K61: =J61 -> 0.0030671296 | M61: 0 | N61: 39 | O61: =M61-N61 -> -39 | T61: 1 | U61: =CONVERT(T61,"mi","km") -> 1.609344 | V61: =J61*U61 -> 0.0049360667
A62: Tasa embarque x2 | H62: =I62/1.61 -> 1.242236 | I62: 2 | J62: 0.0030092593 | K62: =J62*(I62-I61)+K61 -> 0.0060763889 | M62: 6 | N62: 9 | O62: =M62-N62 -> -3 | T62: 2 | U62: =CONVERT(T62,"mi","km") -> 3.218688 | V62: =J63*U62/T62 -> 0.0046566667
A63: Pasaporte | B63: 0 | C63: OK | H63: =I63/1.61 -> 1.863354 | I63: 3 | J63: 0.0028935185 | K63: =J63*(I63-I62)+K62 -> 0.0089699074 | M63: 0 | N63: 0 | O63: =M63-N63 -> 0 | T63: 3 | U63: =CONVERT(T63,"mi","km") -> 4.828032
A64: Seguro medico | B64: 34512 | C64: ok | H64: =I64/1.61 -> 2.484472 | I64: 4 | J64: 0.0028935185 | K64: =J64*(I64-I63)+K63 -> 0.011863426 | M64: 0 | N64: 8 | O64: =M64-N64 -> -8 | T64: 4 | U64: =CONVERT(T64,"mi","km") -> 6.437376
A65: cupo chicago | B65: =308.98*E59 -> 293531 | C65: ok | H65: =I65/1.61 -> 3.1055901 | I65: 5 | J65: 0.0028935185 | K65: =J65*(I65-I64)+K64 -> 0.014756944 | M65: 0 | N65: 17 | O65: =M65-N65 -> -17 | P65: MILLA 3 - 5,4K | Q65: AGUA | T65: 5 | U65: =CONVERT(T65,"mi","km") -> 8.04672
A66: Hotel | B66: 1516000 | C66: ok | E66: ojo con el fee | H66: =I66/1.61 -> 3.7267081 | I66: 6 | J66: 0.0028935185 | K66: =J66*(I66-I65)+K65 -> 0.017650463 | M66: 0 | N66: 14 | O66: =M66-N66 -> -14 | T66: 6 | U66: =CONVERT(T66,"mi","km") -> 9.656064
A67: Visa waiber | B67: 0 | C67: ok | H67: =I67/1.61 -> 4.3478261 | I67: 7 | J67: 0.0028935185 | K67: =J67*(I67-I66)+K66 -> 0.020543981 | M67: 0 | N67: 0 | O67: =M67-N67 -> 0 | T67: 7 | U67: =CONVERT(T67,"mi","km") -> 11.265408
A68: Compras con TC previas | B68: 0 | C68: ok | H68: =I68/1.61 -> 4.9689441 | I68: 8 | J68: 0.0028935185 | K68: =J68*(I68-I67)+K67 -> 0.0234375 | M68: 10 | N68: 0 | O68: =M68-N68 -> 10 | T68: 8 | U68: =CONVERT(T68,"mi","km") -> 12.874752
A69: preventa fotos | B69: 70935 | C69: ok | H69: =I69/1.61 -> 5.5900621 | I69: 9 | J69: 0.0028935185 | K69: =J69*(I69-I68)+K68 -> 0.026331019 | M69: 0 | N69: 9 | O69: =M69-N69 -> -9 | T69: 9 | U69: =CONVERT(T69,"mi","km") -> 14.484096
A70: bus aeropuerto | B70: 5600 | C70: ok | H70: =I70/1.61 -> 6.2111801 | I70: 10 | J70: 0.0028935185 | K70: =J70*(I70-I69)+K69 -> 0.029224537 | M70: 0 | N70: 3 | O70: =M70-N70 -> -3 | P70: MILLA 6 - 9,5k | Q70: AGUA | R70: GEL CON | T70: 10 | U70: =CONVERT(T70,"mi","km") -> 16.09344
A71: citypass | B71: 267731 | C71: ok | H71: =I71/1.61 -> 6.8322981 | I71: 11 | J71: 0.0028935185 | K71: =J71*(I71-I70)+K70 -> 0.032118056 | M71: 0 | N71: 2 | O71: =M71-N71 -> -2 | T71: 11 | U71: =CONVERT(T71,"mi","km") -> 17.702784
A72: six flags | B72: 0 | C72: ok | H72: =I72/1.61 -> 7.4534161 | I72: 12 | J72: 0.0028935185 | K72: =J72*(I72-I71)+K71 -> 0.035011574 | M72: 0 | N72: 1 | O72: =M72-N72 -> -1 | T72: 12 | U72: =CONVERT(T72,"mi","km") -> 19.312128
A73: por pagar TC | B73: 260603 | C73: ok | H73: =I73/1.61 -> 8.0745342 | I73: 13 | J73: 0.0028935185 | K73: =J73*(I73-I72)+K72 -> 0.037905093 | M73: 11 | N73: 12 | O73: =M73-N73 -> -1 | T73: 13 | U73: =CONVERT(T73,"mi","km") -> 20.921472
A74: cortaviento | B74: 0 | C74: ok | H74: =I74/1.61 -> 8.6956522 | I74: 14 | J74: 0.0028935185 | K74: =J74*(I74-I73)+K73 -> 0.040798611 | M74: 0 | N74: 0 | O74: =M74-N74 -> 0 | T74: 14 | U74: =CONVERT(T74,"mi","km") -> 22.530816
A75: Visitas - comida -compras (TC) | B75: 469524 | C75: ok | H75: =I75/1.61 -> 9.3167702 | I75: 15 | J75: 0.0028935185 | K75: =J75*(I75-I74)+K74 -> 0.04369213 | M75: 3 | N75: 6 | O75: =M75-N75 -> -3 | P75: MILLA 9 - 14,4K | Q75: AGUA | T75: 15 | U75: =CONVERT(T75,"mi","km") -> 24.14016
A76: Visitas - comida -compras (CASH) | B76: =500*E59 -> 475000 | C76: ok | H76: =I76/1.61 -> 9.9378882 | I76: 16 | J76: 0.0028935185 | K76: =J76*(I76-I75)+K75 -> 0.046585648 | M76: 7 | N76: 2 | O76: =M76-N76 -> 5 | T76: 16 | U76: =CONVERT(T76,"mi","km") -> 25.749504
A77: Gastado | B77: =SUMIF(C61:C76,"OK",B61:B76) -> 4660620 | H77: =I77/1.61 -> 10.559006 | I77: 17 | J77: 0.0028935185 | K77: =J77*(I77-I76)+K76 -> 0.049479167 | M77: 5 | N77: 0 | O77: =M77-N77 -> 5 | T77: 17 | U77: =CONVERT(T77,"mi","km") -> 27.358848
A78: Por gastar | B78: =SUMIF(C61:C76,"",B61:B76) -> 0 | H78: =I78/1.61 -> 11.180124 | I78: 18 | J78: 0.0028935185 | K78: =J78*(I78-I77)+K77 -> 0.052372685 | M78: 0 | N78: 0 | O78: =M78-N78 -> 0 | P78: MILLA 11 -17,9K | Q78: AGUA | R78: GEL SIN | T78: 18 | U78: =CONVERT(T78,"mi","km") -> 28.968192
A79: % hotel y pasajes | B79: =(B61+B66)/B80 -> 0.59717033 | H79: =I79/1.61 -> 11.801242 | I79: 19 | J79: 0.0028935185 | K79: =J79*(I79-I78)+K78 -> 0.055266204 | M79: 0 | N79: 7 | O79: =M79-N79 -> -7 | S79: mourten | T79: 19 | U79: =CONVERT(T79,"mi","km") -> 30.577536
A80: Total | B80: =B77+B78 -> 4660620 | H80: =I80/1.61 -> 12.42236 | I80: 20 | J80: 0.0028935185 | K80: =J80*(I80-I79)+K79 -> 0.058159722 | M80: 7 | N80: 12 | O80: =M80-N80 -> -5 | T80: 20 | U80: =CONVERT(T80,"mi","km") -> 32.18688
H81: =I81/1.61 -> 13.043478 | I81: 21 | J81: 0.0028935185 | K81: =J81*(I81-I80)+K80 -> 0.061053241 | M81: 0 | N81: 3 | O81: =M81-N81 -> -3 | P81: MILLA 13 - 21,1K | Q81: AGUA | T81: 21 | U81: =CONVERT(T81,"mi","km") -> 33.796224
A82: GASTOS REALES | H82: =I82/1.61 -> 13.664596 | I82: 22 | J82: 0.0028935185 | K82: =J82*(I82-I81)+K81 -> 0.063946759 | M82: 6 | N82: 6 | O82: =M82-N82 -> 0 | T82: 22 | U82: =CONVERT(T82,"mi","km") -> 35.405568
B83: Gastado | H83: =I83/1.61 -> 14.285714 | I83: 23 | J83: 0.0028935185 | K83: =J83*(I83-I82)+K82 -> 0.066840278 | M83: 0 | N83: 0 | O83: =M83-N83 -> 0 | S83: mourten | T83: 23 | U83: =CONVERT(T83,"mi","km") -> 37.014912
A84: Pasajes | B84: =IF(C61="ok",B61,0) -> 1267184 | H84: =I84/1.61 -> 14.906832 | I84: 24 | J84: 0.0028935185 | K84: =J84*(I84-I83)+K83 -> 0.069733796 | M84: 5 | N84: 0 | O84: =M84-N84 -> 5 | P84: MILLA 15 - 24K | Q84: AGUA | R84: GEL CON | T84: 24 | U84: =CONVERT(T84,"mi","km") -> 38.624256
A85: Tasa embarque | H85: =I85/1.61 -> 15.52795 | I85: 25 | J85: 0.0028935185 | K85: =J85*(I85-I84)+K84 -> 0.072627315 | M85: 5 | N85: 0 | O85: =M85-N85 -> 5 | T85: 25 | U85: =CONVERT(T85,"mi","km") -> 40.2336
A86: Pasaporte | B86: =IF(C63="ok",B63,0) -> 0 | H86: =I86/1.61 -> 16.149068 | I86: 26 | J86: 0.0028935185 | K86: =J86*(I86-I85)+K85 -> 0.075520833 | M86: 9 | N86: 32 | O86: =M86-N86 -> -23 | T86: 26 | U86: =CONVERT(T86,"mi","km") -> 41.842944
A87: Seguro medico | B87: =IF(C64="ok",B64,0) -> 34512 | H87: =I87/1.61 -> 16.770186 | I87: 27 | J87: 0.0028935185 | K87: =J87*(I87-I86)+K86 -> 0.078414352 | M87: 17 | N87: 0 | O87: =M87-N87 -> 17 | P87: MILLA 17 - 27,5K | Q87: AGUA | T87: 26.2 | U87: =CONVERT(T87,"mi","km") -> 42.164813
A88: cupo boston | B88: =IF(C65="ok",B65,0) -> 293531 | H88: =I88/1.61 -> 17.391304 | I88: 28 | J88: 0.0028935185 | K88: =J88*(I88-I87)+K87 -> 0.08130787 | M88: 0 | N88: 3 | O88: =M88-N88 -> -3 | U88: =CONVERT(T88,"mi","km") -> 0
A89: Hotel | B89: =IF(C66="ok",B66,0) -> 1516000 | H89: =I89/1.61 -> 18.012422 | I89: 29 | J89: 0.0028935185 | K89: =J89*(I89-I88)+K88 -> 0.084201389 | M89: 19 | N89: 5 | O89: =M89-N89 -> 14 | U89: =CONVERT(T89,"mi","km") -> 0
A90: Visa waiber | B90: =IF(C67="ok",B67,0) -> 0 | H90: =I90/1.61 -> 18.63354 | I90: 30 | J90: 0.0028935185 | K90: =J90*(I90-I89)+K89 -> 0.087094907 | M90: 0 | N90: 4 | O90: =M90-N90 -> -4 | P90: MILLA 19 - 30,6K | Q90: AGUA | R90: GEL SIN | U90: =CONVERT(T90,"mi","km") -> 0
A91: compra TC (visita, compra , comida) | B91: =IF(C68="ok",B68,0) -> 0 | H91: =I91/1.61 -> 19.254658 | I91: 31 | J91: 0.0028935185 | K91: =J91*(I91-I90)+K90 -> 0.089988426 | M91: 0 | N91: 11 | O91: =M91-N91 -> -11 | U91: =CONVERT(T91,"mi","km") -> 0
A92: preventa fotos | B92: =IF(C69="ok",B69,0) -> 70935 | H92: =I92/1.61 -> 19.875776 | I92: 32 | J92: 0.0028935185 | K92: =J92*(I92-I91)+K91 -> 0.092881944 | M92: 13 | N92: 0 | O92: =M92-N92 -> 13 | U92: =CONVERT(T92,"mi","km") -> 0
A93: bus aeropuerto | B93: 5600 | H93: =I93/1.61 -> 20.496894 | I93: 33 | J93: 0.0028935185 | K93: =J93*(I93-I92)+K92 -> 0.095775463 | M93: 0 | N93: 0 | O93: =M93-N93 -> 0 | U93: =CONVERT(T93,"mi","km") -> 0
A94: compra cash | C94: XXX USD EN EFECTIVO | H94: =I94/1.61 -> 21.118012 | I94: 34 | J94: 0.0028935185 | K94: =J94*(I94-I93)+K93 -> 0.098668981 | M94: 25 | N94: 0 | O94: =M94-N94 -> 25 | P94: MILLA 21 - 33,8K | Q94: AGUA | U94: =CONVERT(T94,"mi","km") -> 0
A95: cortaviento | H95: =I95/1.61 -> 21.73913 | I95: 35 | J95: 0.0028935185 | K95: =J95*(I95-I94)+K94 -> 0.1015625 | M95: 0 | N95: 23 | O95: =M95-N95 -> -23 | S95: mourten | U95: =CONVERT(T95,"mi","km") -> 0
A96: Visitas | H96: =I96/1.61 -> 22.360248 | I96: 36 | J96: 0.0028935185 | K96: =J96*(I96-I95)+K95 -> 0.10445602 | M96: 0 | N96: 4 | O96: =M96-N96 -> -4 | P96: MILLA 22 - 35,5K | Q96: AGUA | R96: GEL CON | U96: =CONVERT(T96,"mi","km") -> 0
H97: =I97/1.61 -> 22.981366 | I97: 37 | J97: 0.0028935185 | K97: =J97*(I97-I96)+K96 -> 0.10734954 | M97: 0 | N97: 15 | O97: =M97-N97 -> -15 | U97: =CONVERT(T97,"mi","km") -> 0
A98: Gastado | B98: =SUM(B84:B96) -> 3187762 | H98: =I98/1.61 -> 23.602484 | I98: 38 | J98: 0.0028935185 | K98: =J98*(I98-I97)+K97 -> 0.11024306 | M98: 8 | N98: 8 | O98: =M98-N98 -> 0 | U98: =CONVERT(T98,"mi","km") -> 0
H99: =I99/1.61 -> 24.223602 | I99: 39 | J99: 0.0028935185 | K99: =J99*(I99-I98)+K98 -> 0.11313657 | M99: 0 | N99: 16 | O99: =M99-N99 -> -16 | P99: MILLA 24 - 38,8K | Q99: GATORADE | U99: =CONVERT(T99,"mi","km") -> 0
H100: =I100/1.61 -> 24.84472 | I100: 40 | J100: 0.0028935185 | K100: =J100*(I100-I99)+K99 -> 0.11603009 | M100: 0 | N100: 6 | O100: =M100-N100 -> -6 | U100: =CONVERT(T100,"mi","km") -> 0
H101: =I101/1.61 -> 25.465839 | I101: 41 | J101: 0.0028935185 | K101: =J101*(I101-I100)+K100 -> 0.11892361 | M101: 0 | N101: 2 | O101: =M101-N101 -> -2 | U101: =CONVERT(T101,"mi","km") -> 0
H102: =I102/1.61 -> 26.086957 | I102: 42 | J102: 0.0028935185 | K102: =J102*(I102-I101)+K101 -> 0.12181713 | M102: 0 | N102: 0 | O102: =M102-N102 -> 0 | U102: =CONVERT(T102,"mi","km") -> 0
H103: =I103/1.61 -> 26.21118 | I103: 42.2 | J103: 0.0028935185 | K103: =J103*(I103-I102)+K102 -> 0.12239583 | L103: META | M103: 0 | N103: 0 | O103: =M103-N103 -> 0 | U103: =CONVERT(T103,"mi","km") -> 0
...

Sheet Lista chequeo maratón
B1: HORA Y LUGAR
B2: RUTA Y TIEMPO
B3: VASELINA
B4: BLOQUEADOR SOLAR
B5: SHORT-POLERA
B6: CALCETINES
B7: BOXER
B8: ZAPATILLAS (X2)
B9: VISERA
B10: ANTEOJOS
B11: MUÑEQUERA
B12: MANGAS
... B61: HAWAIANA

Sheet viña
A1: 3k | D1: 10k | G1: 21k | J1: Maraton Viña | P1: MARATON VIÑA | U1: Ascenso | V1: Descenso | W1: Altimetria | Y1: AGUA | Z1: GEL SIN | AE1: Ascenso | AF1: Descenso | AG1: Altimetria
A2: 1 | B2: 0.0023726852 | C2: min/km | E2: 0.0025 | G2: 1 | H2: 0.0026041667 | K2: 42k | L2: ritmo KM | M2: T° Acumulado | P2: MILLA | Q2: 42k | R2: ritmo KM | S2: T° Acumulado | Y2: AGUA | Z2: GEL SIN | AB2: ritmo KM | AC2: T° Acumulado
A3: 0.1 | B3: =$B$2*A3 -> 0.00023726852 | D3: 0.1 | E3: =$E$2*D3 -> 0.00025 | G3: 2 | H3: =$H$2*G3 -> 0.0052083333 | K3: 1 | L3: 0.002662037 | M3: =L3 -> 0.002662037 | P3: =Q3/1.61 -> 0.62111801 | Q3: 1 | R3: 0.002662037 | S3: =R3 -> 0.002662037 | U3: 9 | V3: 4 | W3: =U3-V3 -> 5 | AB3: 0.0027777778 | AC3: =AB3 -> 0.0027777778 | AE3: 0 | AF3: 9 | AG3: =AE3-AF3 -> -9
A4: 0.2 | B4: =$B$2*A4 -> 0.00047453704 | D4: 0.2 | E4: =$E$2*D4 -> 0.0005 | G4: 3 | H4: =$H$2*G4 -> 0.0078125 | K4: 2 | L4: 0.002662037 | M4: =L4*(K4-K3)+M3 -> 0.0053240741 | N4: LAS SALINAS | P4: =Q4/1.61 -> 1.242236 | Q4: 2 | R4: 0.002662037 | S4: =R4*(Q4-Q3)+S3 -> 0.0053240741 | T4: CLUB | U4: 1 | V4: 1 | W4: =U4-V4 -> 0 | AB4: 0.0027777778 | AC4: =AB4*(AA4-AA3)+AC3 -> 0.0027777778 | AE4: 0 | AF4: 10 | AG4: =AE4-AF4 -> -10
A5: 0.3 | B5: =$B$2*A5 -> 0.00071180556 | D5: 0.25 | E5: =$E$2*D5 -> 0.000625 | G5: 4 | H5: =$H$2*G5 -> 0.010416667 | K5: 3 | L5: 0.0026041667 | M5: =L5*(K5-K4)+M4 -> 0.0079282407 | N5: COPEC SALINAS | P5: =Q5/1.61 -> 1.863354 | Q5: 3 | R5: 0.0026041667 | S5: =R5*(Q5-Q4)+S4 -> 0.0079282407 | T5: ACANAV | U5: 1 | V5: 4 | W5: =U5-V5 -> -3 | X5: LU COPEC | Y5: ISOTON | AB5: 0.0027777778 | AC5: =AB5*(AA5-AA4)+AC4 -> 0.0027777778 | AE5: 11 | AF5: 17 | AG5: =AE5-AF5 -> -6
A6: 0.4 | B6: =$B$2*A6 -> 0.00094907407 | D6: 0.5 | E6: =$E$2*D6 -> 0.00125 | G6: 5 | H6: =$H$2*G6 -> 0.013020833 | K6: 4 | L6: 0.0026041667 | M6: =L6*(K6-K5)+M5 -> 0.010532407 | P6: =Q6/1.61 -> 2.484472 | Q6: 4 | R6: 0.0026041667 | S6: =R6*(Q6-Q5)+S5 -> 0.010532407 | T6: PETROBRAS | U6: 0 | V6: 1 | W6: =U6-V6 -> -1 | AB6: 0.0027777778 | AC6: =AB6*(AA6-AA5)+AC5 -> 0.0027777778 | AE6: 0 | AF6: 53 | AG6: =AE6-AF6 -> -53
A7: 0.6 | B7: =$B$2*A7 -> 0.0014236111 | D7: 1 | E7: =$E$2*D7 -> 0.0025 | G7: 5 | H7: =$H$2*G7 -> 0.013020833 | K7: 5 | L7: 0.0026041667 | M7: =L7*(K7-K6)+M6 -> 0.013136574 | P7: =Q7/1.61 -> 3.1055901 | Q7: 5 | R7: 0.0026041667 | S7: =R7*(Q7-Q6)+S6 -> 0.013136574 | T7: 8NORTE | U7: 1 | V7: 1 | W7: =U7-V7 -> 0 | X7: 8NORTE | Y7: AGUA | AB7: 0.0027777778 | AC7: =AB7*(AA7-AA6)+AC6 -> 0.0027777778 | AE7: 0 | AF7: 0 | AG7: =AE7-AF7 -> 0
A8: 0.8 | B8: =$B$2*A8 -> 0.0018981481 | D8: 2 | E8: =$E$2*D8 -> 0.005 | G8: 8 | H8: =$H$2*G8 -> 0.020833333 | K8: 6 | L8: 0.0026041667 | M8: =L8*(K8-K7)+M7 -> 0.015740741 | P8: =Q8/1.61 -> 3.7267081 | Q8: 6 | R8: 0.0026041667 | S8: =R8*(Q8-Q7)+S7 -> 0.015740741 | U8: 0 | V8: 2 | W8: =U8-V8 -> -2 | X8: CAP DUCAL | Y8: AGUA | Z8: GEL SIN | AB8: 0.0034722222 | AC8: =AB8*(AA8-AA7)+AC7 -> 0.0027777778 | AE8: 57 | AF8: 8 | AG8: =AE8-AF8 -> 49
A9: 1.2 | B9: =$B$2*A9 -> 0.0028472222 | D9: 3 | E9: =$E$2*D9 -> 0.0075 | G9: 10 | H9: =$H$2*G9 -> 0.026041667 | K9: 7 | L9: 0.0026041667 | M9: =L9*(K9-K8)+M8 -> 0.018344907 | N9: PUENTE CAPUCHINO | P9: =Q9/1.61 -> 4.3478261 | Q9: 7 | R9: 0.0026041667 | S9: =R9*(Q9-Q8)+S8 -> 0.018344907 | T9: RELOJ FLOR | U9: 10 | V9: 4 | W9: =U9-V9 -> 6 | AB9: 0.0027777778 | AC9: =AB9*(AA9-AA8)+AC8 -> 0.0027777778 | AE9: 7 | AF9: 0 | AG9: =AE9-AF9 -> 7
A10: 1.4 | B10: =$B$2*A10 -> 0.0033217593 | D10: 4 | E10: =$E$2*D10 -> 0.01 | G10: 12 | H10: =$H$2*G10 -> 0.03125 | K10: 8 | L10: 0.0026041667 | M10: =L10*(K10-K9)+M9 -> 0.020949074 | P10: =Q10/1.61 -> 4.9689441 | Q10: 8 | R10: 0.0026041667 | S10: =R10*(Q10-Q9)+S9 -> 0.020949074 | U10: 5 | V10: 7 | W10: =U10-V10 -> -2 | AB10: 0.0034722222 | AC10: =AB10*(AA10-AA9)+AC9 -> 0.0027777778 | AE10: 15 | AF10: 0 | AG10: =AE10-AF10 -> 15
A11: 1.6 | B11: =$B$2*A11 -> 0.0037962963 | D11: 4.63 | E11: =$E$2*D11 -> 0.011575 | G11: 14 | H11: =$H$2*G11 -> 0.036458333 | K11: 9 | L11: 0.0026041667 | M11: =L11*(K11-K10)+M10 -> 0.023553241 | P11: =Q11/1.61 -> 5.5900621 | Q11: 9 | R11: 0.0026041667 | S11: =R11*(Q11-Q10)+S10 -> 0.023553241 | U11: 6 | V11: 1 | W11: =U11-V11 -> 5 | X11: PORTALES IDA | Y11: ISOTON | AB11: 0.0034722222 | AC11: =AB11*(AA11-AA10)+AC10 -> 0.0027777778 | AE11: 15 | AF11: 4 | AG11: =AE11-AF11 -> 11
A12: 1.8 | B12: =$B$2*A12 -> 0.0042708333 | D12: 5 | E12: =$E$2*D12 -> 0.0125 | G12: 16 | H12: =$H$2*G12 -> 0.041666667 | K12: 10 | L12: 0.0026041667 | M12: =L12*(K12-K11)+M11 -> 0.026157407 | P12: =Q12/1.61 -> 6.2111801 | Q12: 10 | R12: 0.0026041667 | S12: =R12*(Q12-Q11)+S11 -> 0.026157407 | T12: USM | U12: 0 | V12: 6 | W12: =U12-V12 -> -6 | AB12: 0.0034722222 | AC12: =AB12*(AA12-AA11)+AC11 -> 0.0027777778 | AE12: 13 | AF12: 6 | AG12: =AE12-AF12 -> 7
A13: 2 | B13: =$B$2*A13 -> 0.0047453704 | D13: 7 | E13: =$E$2*D13 -> 0.0175 | G13: 18 | H13: =$H$2*G13 -> 0.046875 | K13: 11 | L13: 0.0026041667 | M13: =L13*(K13-K12)+M12 -> 0.028761574 | N13: NUDO BARON | P13: =Q13/1.61 -> 6.8322981 | Q13: 11 | R13: 0.0026041667 | S13: =R13*(Q13-Q12)+S12 -> 0.028761574 | U13: 0 | V13: 2 | W13: =U13-V13 -> -2 | AB13: 0.0027777778 | AC13: =AB13*(AA13-AA12)+AC12 -> 0.0027777778 | AE13: 0 | AF13: 11 | AG13: =AE13-AF13 -> -11
A14: 2.2 | B14: =$B$2*A14 -> 0.0052199074 | D14: 8 | E14: =$E$2*D14 -> 0.02 | G14: 20 | H14: =$H$2*G14 -> 0.052083333 | K14: 12 | L14: 0.0026041667 | M14: =L14*(K14-K13)+M13 -> 0.031365741 | P14: =Q14/1.61 -> 7.4534161 | Q14: 12 | R14: 0.0026041667 | S14: =R14*(Q14-Q13)+S13 -> 0.031365741 | U14: 7 | V14: 4 | W14: =U14-V14 -> 3 | X14: PORTALES VUELTA | Y14: AGUA | Z14: GEL SIN | AB14: 0.0027777778 | AC14: =AB14*(AA14-AA13)+AC13 -> 0.0027777778 | AE14: 0 | AF14: 29 | AG14: =AE14-AF14 -> -29
A15: 2.4 | B15: =$B$2*A15 -> 0.0056944444 | D15: 9 | E15: =$E$2*D15 -> 0.0225 | G15: 21.1 | H15: =$H$2*G15 -> 0.054947917 | K15: 13 | L15: 0.0026041667 | M15: =L15*(K15-K14)+M14 -> 0.033969907 | P15: =Q15/1.61 -> 8.0745342 | Q15: 13 | R15: 0.0026041667 | S15: =R15*(Q15-Q14)+S14 -> 0.033969907 | T15: RELOJ FLOR | U15: 0 | V15: 2 | W15: =U15-V15 -> -2 | AB15: 0.0034722222 | AC15: =AB15*(AA15-AA14)+AC14 -> 0.0027777778 | AE15: 29 | AF15: 0 | AG15: =AE15-AF15 -> 29
A16: 3 | B16: =$B$2*A16 -> 0.0071180556 | D16: 10 | E16: =$E$2*D16 -> 0.025 | H16: =$H$2*G16 -> 0 | K16: 14 | L16: 0.0026041667 | M16: =L16*(K16-K15)+M15 -> 0.036574074 | P16: =Q16/1.61 -> 8.6956522 | Q16: 14 | R16: 0.0026041667 | S16: =R16*(Q16-Q15)+S15 -> 0.036574074 | U16: 1 | V16: 5 | W16: =U16-V16 -> -4
K17: 15 | L17: 0.0026041667 | M17: =L17*(K17-K16)+M16 -> 0.039178241 | N17: VUELTA MOLO | P17: =Q17/1.61 -> 9.3167702 | Q17: 15 | R17: 0.0026041667 | S17: =R17*(Q17-Q16)+S16 -> 0.039178241 | T17: 8NORTE | U17: 3 | V17: 4 | W17: =U17-V17 -> -1
H18: vuelta 400 | K18: 16 | L18: 0.0026041667 | M18: =L18*(K18-K17)+M17 -> 0.041782407 | P18: =Q18/1.61 -> 9.9378882 | Q18: 16 | R18: 0.0026041667 | S18: =R18*(Q18-Q17)+S17 -> 0.041782407 | U18: 2 | V18: 0 | W18: =U18-V18 -> 2 | X18: 8/10 NORTE | Y18: ISOTON | AC18: ritmo medio | AD18: =AC15/AA15 -> #DIV/0!
A19: VUELTA | D19: z1 | E19: 0.1875 | F19: 0.18055556 | K19: 17 | L19: 0.0026041667 | M19: =L19*(K19-K18)+M18 -> 0.044386574 | P19: =Q19/1.61 -> 10.559006 | Q19: 17 | R19: 0.0026041667 | S19: =R19*(Q19-Q18)+S18 -> 0.044386574 | T19: ACANAV | U19: 1 | V19: 2 | W19: =U19-V19 -> -1
A20: 1 | B20: 0.00092592593 | C20: 43 SEG | D20: z2 | E20: 0.18055556 | F20: 0.17361111 | K20: 18 | L20: 0.0026041667 | M20: =L20*(K20-K19)+M19 -> 0.046990741 | N20: NUDO BARON | P20: =Q20/1.61 -> 11.180124 | Q20: 18 | R20: 0.0026041667 | S20: =R20*(Q20-Q19)+S19 -> 0.046990741 | T20: CLUB | U20: 3 | V20: 0 | W20: =U20-V20 -> 3 | X20: LU CLUB | Y20: AGUA | Z20: GEL CON
A21: 2 | B21: 0.00092592593 | C21: 42 SE | D21: z3 | E21: 0.17361111 | F21: 0.16527778 | H21: 0.066666667 | K21: 19 | L21: 0.0025462963 | M21: =L21*(K21-K20)+M20 -> 0.049537037 | P21: =Q21/1.61 -> 11.801242 | Q21: 19 | R21: 0.0026041667 | S21: =R21*(Q21-Q20)+S20 -> 0.049594907 | U21: 2 | V21: 0 | W21: =U21-V21 -> 2
A22: 3 | B22: 0.00092592593 | C22: 41 SEG | D22: z4 | E22: 0.16527778 | F22: 0.15972222 | H22: 0.063888889 | K22: 20 | L22: 0.0025462963 | M22: =L22*(K22-K21)+M21 -> 0.052083333 | P22: =Q22/1.61 -> 12.42236 | Q22: 20 | R22: 0.0026041667 | S22: =R22*(Q22-Q21)+S21 -> 0.052199074 | U22: 4 | V22: 0 | W22: =U22-V22 -> 4
A23: 4 | B23: 0.00092592593 | C23: 40 SEG | D23: z5b | E23: 0.15972222 | F23: 0.15208333 | K23: 21 | L23: 0.0025462963 | M23: =L23*(K23-K22)+M22 -> 0.05462963 | P23: =Q23/1.61 -> 13.043478 | Q23: 21 | R23: 0.0026041667 | S23: =R23*(Q23-Q22)+S22 -> 0.054803241 | T23: 1° REÑACA | U23: 0 | V23: 9 | W23: =U23-V23 -> -9 | X23: REÑACA 1° | Y23: ISOTON
A24: 5 | B24: 0.00092592593 | D24: z5b | E24: 0.15208333 | F24: 0.14236111 | K24: 21.1 | L24: 0.0025462963 | M24: =L24*(K24-K23)+M23 -> 0.054884259 | N24: PUENTE CAPUCHINO | P24: =Q24/1.61 -> 13.664596 | Q24: 22 | R24: 0.0029513889 | S24: =R24*(Q24-Q23)+S23 -> 0.05775463 | U24: 9 | V24: 4 | W24: =U24-V24 -> 5
A25: 6 | B25: 0.00092592593 | K25: 23 | L25: 0.0028356481 | M25: =L25*(K25-K24)+M24 -> 0.060271991 | P25: =Q25/1.61 -> 14.285714 | Q25: 23 | R25: 0.0029513889 | S25: =R25*(Q25-Q24)+S24 -> 0.060706019 | T25: CLUB | U25: 1 | V25: 1 | W25: =U25-V25 -> 0
A26: 7 | B26: 0.00092592593 | K26: 24 | L26: 0.0028356481 | M26: =L26*(K26-K25)+M25 -> 0.063107639 | P26: =Q26/1.61 -> 14.906832 | Q26: 24 | R26: 0.0029513889 | S26: =R26*(Q26-Q25)+S25 -> 0.063657407 | T26: ACANAV | U26: 1 | V26: 4 | W26: =U26-V26 -> -3 | X26: LU COPEC | Y26: AGUA | Z26: GEL SIN
A27: 7.5 | B27: 0.00046296296 | K27: 25 | L27: 0.0028356481 | M27: =L27*(K27-K26)+M26 -> 0.065943287 | P27: =Q27/1.61 -> 15.52795 | Q27: 25 | R27: 0.0029513889 | S27: =R27*(Q27-Q26)+S26 -> 0.066608796 | T27: PETROBRAS | U27: 0 | V27: 1 | W27: =U27-V27 -> -1
K28: 26 | L28: 0.0028356481 | M28: =L28*(K28-K27)+M27 -> 0.068778935 | P28: =Q28/1.61 -> 16.149068 | Q28: 26 | R28: 0.0029513889 | S28: =R28*(Q28-Q27)+S27 -> 0.069560185 | T28: 8NORTE | U28: 1 | V28: 1 | W28: =U28-V28 -> 0 | X28: 8/10 NORTE | Y28: ISOTON
B29: =SUM(B20:B27) -> 0.0069444444 | K29: 27 | L29: 0.0028356481 | M29: =L29*(K29-K28)+M28 -> 0.071614583 | N29: COPEC SALINAS | P29: =Q29/1.61 -> 16.770186 | Q29: 27 | R29: 0.0029513889 | S29: =R29*(Q29-Q28)+S28 -> 0.072511574 | U29: 0 | V29: 2 | W29: =U29-V29 -> -2
K30: 28 | L30: 0.0028356481 | M30: =L30*(K30-K29)+M29 -> 0.074450231 | N30: LAS SALINAS | P30: =Q30/1.61 -> 17.391304 | Q30: 28 | R30: 0.0029513889 | S30: =R30*(Q30-Q29)+S29 -> 0.075462963 | T30: RELOJ FLOR | U30: 10 | V30: 4 | W30: =U30-V30 -> 6
K31: 29 | L31: 0.0028356481 | M31: =L31*(K31-K30)+M30 -> 0.07728588 | P31: =Q31/1.61 -> 18.012422 | Q31: 29 | R31: 0.0029513889 | S31: =R31*(Q31-Q30)+S30 -> 0.078414352 | U31: 5 | V31: 7 | W31: =U31-V31 -> -2
K32: 30 | L32: 0.0028356481 | M32: =L32*(K32-K31)+M31 -> 0.080121528 | P32: =Q32/1.61 -> 18.63354 | Q32: 30 | R32: 0.0029513889 | S32: =R32*(Q32-Q31)+S31 -> 0.081365741 | U32: 6 | V32: 1 | W32: =U32-V32 -> 5 | X32: PORTALES IDA | Y32: AGUA | Z32: GEL CON
K33: 31 | L33: 0.0028356481 | M33: =L33*(K33-K32)+M32 -> 0.082957176 | P33: =Q33/1.61 -> 19.254658 | Q33: 31 | R33: 0.0028935185 | S33: =R33*(Q33-Q32)+S32 -> 0.084259259 | T33: USM | U33: 0 | V33: 6 | W33: =U33-V33 -> -6
K34: 32 | L34: 0.0028356481 | M34: =L34*(K34-K33)+M33 -> 0.085792824 | P34: =Q34/1.61 -> 19.875776 | Q34: 32 | R34: 0.0028935185 | S34: =R34*(Q34-Q33)+S33 -> 0.087152778 | U34: 0 | V34: 2 | W34: =U34-V34 -> -2
K35: 33 | L35: 0.0028356481 | M35: =L35*(K35-K34)+M34 -> 0.088628472 | N35: STELLA MARIS | P35: =Q35/1.61 -> 20.496894 | Q35: 33 | R35: 0.0028935185 | S35: =R35*(Q35-Q34)+S34 -> 0.090046296 | U35: 7 | V35: 4 | W35: =U35-V35 -> 3 | X35: PORTALES VUELTA | Y35: ISOTON
K36: 34 | L36: 0.0028356481 | M36: =L36*(K36-K35)+M35 -> 0.09146412 | P36: =Q36/1.61 -> 21.118012 | Q36: 34 | R36: 0.0028935185 | S36: =R36*(Q36-Q35)+S35 -> 0.092939815 | T36: RELOJ FLOR | U36: 0 | V36: 2 | W36: =U36-V36 -> -2
K37: 35 | L37: 0.0028356481 | M37: =L37*(K37-K36)+M36 -> 0.094299769 | P37: =Q37/1.61 -> 21.73913 | Q37: 35 | R37: 0.0028935185 | S37: =R37*(Q37-Q36)+S36 -> 0.095833333 | U37: 1 | V37: 5 | W37: =U37-V37 -> -4
K38: 36 | L38: 0.0028356481 | M38: =L38*(K38-K37)+M37 -> 0.097135417 | P38: =Q38/1.61 -> 22.360248 | Q38: 36 | R38: 0.0028935185 | S38: =R38*(Q38-Q37)+S37 -> 0.098726852 | T38: 8NORTE | U38: 3 | V38: 4 | W38: =U38-V38 -> -1 | X38: 8/10 NORTE | Y38: AGUA | Z38: GEL SIN
K39: 37 | L39: 0.0028356481 | M39: =L39*(K39-K38)+M38 -> 0.099971065 | N39: HIGUERRILLAS | P39: =Q39/1.61 -> 22.981366 | Q39: 37 | R39: 0.0028935185 | S39: =R39*(Q39-Q38)+S38 -> 0.10162037 | T39: PETROBRAS | U39: 2 | V39: 0 | W39: =U39-V39 -> 2
K40: 38 | L40: 0.0028356481 | M40: =L40*(K40-K39)+M39 -> 0.10280671 | P40: =Q40/1.61 -> 23.602484 | Q40: 38 | R40: 0.0028935185 | S40: =R40*(Q40-Q39)+S39 -> 0.10451389 | T40: ACANAV | U40: 1 | V40: 2 | W40: =U40-V40 -> -1
K41: 39 | L41: 0.0028356481 | M41: =L41*(K41-K40)+M40 -> 0.10564236 | P41: =Q41/1.61 -> 24.223602 | Q41: 39 | R41: 0.0028935185 | S41: =R41*(Q41-Q40)+S40 -> 0.10740741 | T41: CLUB | U41: 3 | V41: 0 | W41: =U41-V41 -> 3 | X41: LU DGPA | Y41: ISOTON
K42: 40 | L42: 0.0028356481 | M42: =L42*(K42-K41)+M41 -> 0.10847801 | N42: STELLA MARIS | P42: =Q42/1.61 -> 24.84472 | Q42: 40 | R42: 0.0028935185 | S42: =R42*(Q42-Q41)+S41 -> 0.11030093 | U42: 2 | V42: 0 | W42: =U42-V42 -> 2
K43: 41 | L43: 0.0028356481 | M43: =L43*(K43-K42)+M42 -> 0.11131366 | P43: =Q43/1.61 -> 25.465839 | Q43: 41 | R43: 0.0028935185 | S43: =R43*(Q43-Q42)+S42 -> 0.11319444 | U43: 4 | V43: 0 | W43: =U43-V43 -> 4
K44: 42 | L44: 0.0028356481 | M44: =L44*(K44-K43)+M43 -> 0.11414931 | P44: =Q44/1.61 -> 26.086957 | Q44: 42 | R44: 0.0028935185 | S44: =R44*(Q44-Q43)+S43 -> 0.11608796 | U44: 0 | V44: 9 | W44: =U44-V44 -> -9
K45: 42.2 | L45: 0.0028356481 | M45: =L45*(K45-K44)+M44 -> 0.11471644 | N45: META | P45: =Q45/1.61 -> 26.21118 | Q45: 42.2 | R45: 0.0028935185 | S45: =R45*(Q45-Q44)+S44 -> 0.11666667 | T45: META | U45: 0 | V45: 0 | W45: =U45-V45 -> 0
M47: ritmo medio | N47: =M45/K45 -> 0.0027183989 | S47: ritmo medio | T47: =S45/Q45 -> 0.002764613
M48: ritmo medio | N48: =N49/K45 -> 0.002797525
M49: tiempo | N49: 0.11805556

Sheet mds
A1: MARATON SANTIAGO | F1: Ascenso | G1: Descenso | H1: Altimetria | J1: AGUA | K1: GEL | M1: 21K MARATON SANTIAGO | R1: Ascenso | S1: Descenso | T1: Altimetria | V1: AGUA | W1: GEL
A2: MILLA | B2: 42k | C2: ritmo KM | D2: T° Acumulado | J2: AGUA | K2: GEL SIN | M2: MILLA | N2: km | O2: ritmo KM | P2: T° Acumulado | V2: AGUA | W2: GEL VO2 CON
A3: =B3/1.61 -> 0.62111801 | B3: 1 | C3: 0.0028356481 | D3: =C3 -> 0.0028356481 | F3: 0 | G3: 20 | H3: =F3-G3 -> -20 | M3: =N3/1.61 -> 0.62111801 | N3: 1 | O3: 0.0026041667 | P3: =O3 -> 0.0026041667 | R3: 0 | S3: 4 | T3: =R3-S3 -> -4
A4: =B4/1.61 -> 1.242236 | B4: 2 | C4: 0.0028356481 | D4: =C4*(B4-B3)+D3 -> 0.0056712963 | F4: 0 | G4: 8 | H4: =F4-G4 -> -8 | M4: =N4/1.61 -> 1.242236 | N4: 2 | O4: 0.0026041667 | P4: =O4*(N4-N3)+P3 -> 0.0052083333 | R4: 0 | S4: 5 | T4: =R4-S4 -> -5
A5: =B5/1.61 -> 1.863354 | B5: 3 | C5: 0.0028356481 | D5: =C5*(B5-B4)+D4 -> 0.0085069444 | F5: 3 | G5: 2 | H5: =F5-G5 -> 1 | M5: =N5/1.61 -> 1.863354 | N5: 3 | O5: 0.0026041667 | P5: =O5*(N5-N4)+P4 -> 0.0078125 | R5: 0 | S5: 6 | T5: =R5-S5 -> -6
A6: =B6/1.61 -> 2.484472 | B6: 4 | C6: 0.0028356481 | D6: =C6*(B6-B5)+D5 -> 0.011342593 | F6: 1 | G6: 5 | H6: =F6-G6 -> -4 | M6: =N6/1.61 -> 2.484472 | N6: 4 | O6: 0.0026041667 | P6: =O6*(N6-N5)+P5 -> 0.010416667 | R6: 5 | S6: 0 | T6: =R6-S6 -> 5
A7: =B7/1.61 -> 3.1055901 | B7: 5 | C7: 0.0028356481 | D7: =C7*(B7-B6)+D6 -> 0.014178241 | F7: 2 | G7: 3 | H7: =F7-G7 -> -1 | I7: MILLA 3 - 5,4K | J7: AGUA | M7: =N7/1.61 -> 3.1055901 | N7: 5 | O7: 0.0026041667 | P7: =O7*(N7-N6)+P6 -> 0.013020833 | R7: 0 | S7: 6 | T7: =R7-S7 -> -6 | U7: 4,5k | V7: GATORADE
A8: =B8/1.61 -> 3.7267081 | B8: 6 | C8: 0.0028935185 | D8: =C8*(B8-B7)+D7 -> 0.017071759 | F8: 6 | G8: 0 | H8: =F8-G8 -> 6 | M8: =N8/1.61 -> 3.7267081 | N8: 6 | O8: 0.002662037 | P8: =O8*(N8-N7)+P7 -> 0.01568287 | R8: 7 | S8: 0 | T8: =R8-S8 -> 7
A9: =B9/1.61 -> 4.3478261 | B9: 7 | C9: 0.0028935185 | D9: =C9*(B9-B8)+D8 -> 0.019965278 | F9: 9 | G9: 0 | H9: =F9-G9 -> 9 | M9: =N9/1.61 -> 4.3478261 | N9: 7 | O9: 0.002662037 | P9: =O9*(N9-N8)+P8 -> 0.018344907 | R9: 9 | S9: 0 | T9: =R9-S9 -> 9
A10: =B10/1.61 -> 4.9689441 | B10: 8 | C10: 0.0028935185 | D10: =C10*(B10-B9)+D9 -> 0.022858796 | F10: 10 | G10: 0 | H10: =F10-G10 -> 10 | M10: =N10/1.61 -> 4.9689441 | N10: 8 | O10: 0.002662037 | P10: =O10*(N10-N9)+P9 -> 0.021006944 | R10: 5 | S10: 0 | T10: =R10-S10 -> 5
A11: =B11/1.61 -> 5.5900621 | B11: 9 | C11: 0.0028935185 | D11: =C11*(B11-B10)+D10 -> 0.025752315 | F11: 8 | G11: 0 | H11: =F11-G11 -> 8 | M11: =N11/1.61 -> 5.5900621 | N11: 9 | O11: 0.002662037 | P11: =O11*(N11-N10)+P10 -> 0.023668981 | R11: 10 | S11: 0 | T11: =R11-S11 -> 10 | U11: 9,3K | V11: AGUA | W11: GEL MOURTEN SIN
A12: =B12/1.61 -> 6.2111801 | B12: 10 | C12: 0.0028935185 | D12: =C12*(B12-B11)+D11 -> 0.028645833 | F12: 1 | G12: 3 | H12: =F12-G12 -> -2 | I12: MILLA 6 - 9,5k | J12: AGUA | K12: GEL CON | M12: =N12/1.61 -> 6.2111801 | N12: 10 | O12: 0.002662037 | P12: =O12*(N12-N11)+P11 -> 0.026331019 | R12: 0 | S12: 5 | T12: =R12-S12 -> -5
A13: =B13/1.61 -> 6.8322981 | B13: 11 | C13: 0.0028935185 | D13: =C13*(B13-B12)+D12 -> 0.031539352 | F13: 9 | G13: 0 | H13: =F13-G13 -> 9 | M13: =N13/1.61 -> 6.8322981 | N13: 11 | O13: 0.002662037 | P13: =O13*(N13-N12)+P12 -> 0.028993056 | R13: 10 | S13: 0 | T13: =R13-S13 -> 10
A14: =B14/1.61 -> 7.4534161 | B14: 12 | C14: 0.0028935185 | D14: =C14*(B14-B13)+D13 -> 0.03443287 | F14: 9 | G14: 0 | H14: =F14-G14 -> 9 | M14: =N14/1.61 -> 7.4534161 | N14: 12 | O14: 0.002662037 | P14: =O14*(N14-N13)+P13 -> 0.031655093 | R14: 9 | S14: 0 | T14: =R14-S14 -> 9
A15: =B15/1.61 -> 8.0745342 | B15: 13 | C15: 0.0028935185 | D15: =C15*(B15-B14)+D14 -> 0.037326389 | F15: 8 | G15: 0 | H15: =F15-G15 -> 8 | M15: =N15/1.61 -> 8.0745342 | N15: 13 | O15: 0.002662037 | P15: =O15*(N15-N14)+P14 -> 0.03431713 | R15: 11 | S15: 0 | T15: =R15-S15 -> 11
A16: =B16/1.61 -> 8.6956522 | B16: 14 | C16: 0.0028935185 | D16: =C16*(B16-B15)+D15 -> 0.040219907 | F16: 9 | G16: 0 | H16: =F16-G16 -> 9 | M16: =N16/1.61 -> 8.6956522 | N16: 14 | O16: 0.002662037 | P16: =O16*(N16-N15)+P15 -> 0.036979167 | R16: 16 | S16: 10 | T16: =R16-S16 -> 6 | U16: 14,3 K | V16: AGUA??
A17: =B17/1.61 -> 9.3167702 | B17: 15 | C17: 0.0028935185 | D17: =C17*(B17-B16)+D16 -> 0.043113426 | F17: 15 | G17: 0 | H17: =F17-G17 -> 15 | I17: MILLA 9 - 14,4K | J17: AGUA | M17: =N17/1.61 -> 9.3167702 | N17: 15 | O17: 0.002662037 | P17: =O17*(N17-N16)+P16 -> 0.039641204 | R17: 16 | S17: 0 | T17: =R17-S17 -> 16
A18: =B18/1.61 -> 9.9378882 | B18: 16 | C18: 0.0028356481 | D18: =C18*(B18-B17)+D17 -> 0.045949074 | F18: 0 | G18: 9 | H18: =F18-G18 -> -9 | M18: =N18/1.61 -> 9.9378882 | N18: 16 | O18: 0.0026041667 | P18: =O18*(N18-N17)+P17 -> 0.04224537 | R18: 0 | S18: 4 | T18: =R18-S18 -> -4
A19: =B19/1.61 -> 10.559006 | B19: 17 | C19: 0.0028356481 | D19: =C19*(B19-B18)+D18 -> 0.048784722 | F19: 0 | G19: 10 | H19: =F19-G19 -> -10 | M19: =N19/1.61 -> 10.559006 | N19: 17 | O19: 0.0026041667 | P19: =O19*(N19-N18)+P18 -> 0.044849537 | R19: 0 | S19: 13 | T19: =R19-S19 -> -13 | U19: 17,8 K | V19: GATORADE
A20: =B20/1.61 -> 11.180124 | B20: 18 | C20: 0.0028356481 | D20: =C20*(B20-B19)+D19 -> 0.05162037 | F20: 0 | G20: 6 | H20: =F20-G20 -> -6 | I20: MILLA 11 -17,9K | J20: AGUA | K20: GEL SIN | M20: =N20/1.61 -> 11.180124 | N20: 18 | O20: 0.0026041667 | P20: =O20*(N20-N19)+P19 -> 0.047453704 | R20: 0 | S20: 7 | T20: =R20-S20 -> -7
A21: =B21/1.61 -> 11.801242 | B21: 19 | C21: 0.0028356481 | D21: =C21*(B21-B20)+D20 -> 0.054456019 | F21: 0 | G21: 6 | H21: =F21-G21 -> -6 | M21: =N21/1.61 -> 11.801242 | N21: 19 | O21: 0.0026041667 | P21: =O21*(N21-N20)+P20 -> 0.05005787 | R21: 0 | S21: 5 | T21: =R21-S21 -> -5
A22: =B22/1.61 -> 12.42236 | B22: 20 | C22: 0.0028356481 | D22: =C22*(B22-B21)+D21 -> 0.057291667 | F22: 6 | G22: 2 | H22: =F22-G22 -> 4 | M22: =N22/1.61 -> 12.42236 | N22: 20 | O22: 0.0026041667 | P22: =O22*(N22-N21)+P21 -> 0.052662037 | R22: 0 | S22: 10 | T22: =R22-S22 -> -10
A23: =B23/1.61 -> 13.043478 | B23: 21 | C23: 0.0029166667 | D23: =C23*(B23-B22)+D22 -> 0.060208333 | E23: =D23/B23 -> 0.0028670635 | F23: 6 | G23: 0 | H23: =F23-G23 -> 6 | I23: MILLA 13 - 21,1K | J23: AGUA | M23: =N23/1.61 -> 13.043478 | N23: 21 | O23: 0.0026041667 | P23: =O23*(N23-N22)+P22 -> 0.055266204 | R23: 0 | S23: 27 | T23: =R23-S23 -> -27
A24: =B24/1.61 -> 13.664596 | B24: 22 | C24: 0.0029166667 | D24: =C24*(B24-B23)+D23 -> 0.063125 | F24: 6 | G24: 0 | H24: =F24-G24 -> 6 | M24: =N24/1.61 -> 13.10559 | N24: 21.1 | O24: 0.0026041667 | P24: =O24*(N24-N23)+P23 -> 0.05552662 | T24: =R24-S24 -> 0
A25: =B25/1.61 -> 14.285714 | B25: 23 | C25: 0.0029166667 | D25: =C25*(B25-B24)+D24 -> 0.066041667 | F25: 6 | G25: 0 | H25: =F25-G25 -> 6
A26: =B26/1.61 -> 14.906832 | B26: 24 | C26: 0.0029166667 | D26: =C26*(B26-B25)+D25 -> 0.068958333 | F26: 12 | G26: 0 | H26: =F26-G26 -> 12 | I26: MILLA 15 - 24K | J26: AGUA | K26: GEL CON | P26: ritmo medio | Q26: =P24/N24 -> 0.0026315934
A27: =B27/1.61 -> 15.52795 | B27: 25 | C27: 0.0029166667 | D27: =C27*(B27-B26)+D26 -> 0.071875 | F27: 10 | G27: 0 | H27: =F27-G27 -> 10
A28: =B28/1.61 -> 16.149068 | B28: 26 | C28: 0.0029166667 | D28: =C28*(B28-B27)+D27 -> 0.074791667 | F28: 8 | G28: 0 | H28: =F28-G28 -> 8
A29: =B29/1.61 -> 16.770186 | B29: 27 | C29: 0.0029166667 | D29: =C29*(B29-B28)+D28 -> 0.077708333 | F29: 12 | G29: 0 | H29: =F29-G29 -> 12 | I29: MILLA 17 - 27,5K | J29: AGUA
A30: =B30/1.61 -> 17.391304 | B30: 28 | C30: 0.0029166667 | D30: =C30*(B30-B29)+D29 -> 0.080625 | F30: 7 | G30: 0 | H30: =F30-G30 -> 7
A31: =B31/1.61 -> 18.012422 | B31: 29 | C31: 0.0029166667 | D31: =C31*(B31-B30)+D30 -> 0.083541667 | F31: 5 | G31: 0 | H31: =F31-G31 -> 5
A32: =B32/1.61 -> 18.63354 | B32: 30 | C32: 0.0029166667 | D32: =C32*(B32-B31)+D31 -> 0.086458333 | F32: 7 | G32: 0 | H32: =F32-G32 -> 7 | I32: MILLA 19 - 30,6K | J32: AGUA | K32: GEL SIN
A33: =B33/1.61 -> 19.254658 | B33: 31 | C33: 0.0029166667 | D33: =C33*(B33-B32)+D32 -> 0.089375 | F33: 3 | G33: 0 | H33: =F33-G33 -> 3
A34: =B34/1.61 -> 19.875776 | B34: 32 | C34: 0.0029166667 | D34: =C34*(B34-B33)+D33 -> 0.092291667 | F34: 3 | G34: 2 | H34: =F34-G34 -> 1
A35: =B35/1.61 -> 20.496894 | B35: 33 | C35: 0.0027777778 | D35: =C35*(B35-B34)+D34 -> 0.095069444 | F35: 4 | G35: 7 | H35: =F35-G35 -> -3
A36: =B36/1.61 -> 21.118012 | B36: 34 | C36: 0.0027777778 | D36: =C36*(B36-B35)+D35 -> 0.097847222 | F36: 0 | G36: 9 | H36: =F36-G36 -> -9 | I36: MILLA 21 - 33,8K | J36: AGUA
A37: =B37/1.61 -> 21.73913 | B37: 35 | C37: 0.0027777778 | D37: =C37*(B37-B36)+D36 -> 0.100625 | F37: 0 | G37: 15 | H37: =F37-G37 -> -15
A38: =B38/1.61 -> 22.360248 | B38: 36 | C38: 0.0027777778 | D38: =C38*(B38-B37)+D37 -> 0.10340278 | F38: 0 | G38: 7 | H38: =F38-G38 -> -7 | I38: MILLA 22 - 35,5K | J38: AGUA | K38: GEL CON
A39: =B39/1.61 -> 22.981366 | B39: 37 | C39: 0.0027777778 | D39: =C39*(B39-B38)+D38 -> 0.10618056 | F39: 0 | G39: 14 | H39: =F39-G39 -> -14
A40: =B40/1.61 -> 23.602484 | B40: 38 | C40: 0.0027777778 | D40: =C40*(B40-B39)+D39 -> 0.10895833 | F40: 0 | G40: 11 | H40: =F40-G40 -> -11
A41: =B41/1.61 -> 24.223602 | B41: 39 | C41: 0.0027777778 | D41: =C41*(B41-B40)+D40 -> 0.11173611 | F41: 0 | G41: 12 | H41: =F41-G41 -> -12 | I41: MILLA 24 - 38,8K | J41: GATORADE
A42: =B42/1.61 -> 24.84472 | B42: 40 | C42: 0.0027777778 | D42: =C42*(B42-B41)+D41 -> 0.11451389 | F42: 0 | G42: 9 | H42: =F42-G42 -> -9
A43: =B43/1.61 -> 25.465839 | B43: 41 | C43: 0.0027777778 | D43: =C43*(B43-B42)+D42 -> 0.11729167 | F43: 0 | G43: 11 | H43: =F43-G43 -> -11
A44: =B44/1.61 -> 26.086957 | B44: 42 | C44: 0.0027777778 | D44: =C44*(B44-B43)+D43 -> 0.12006944 | F44: 0 | G44: 14 | H44: =F44-G44 -> -14
A45: =B45/1.61 -> 26.21118 | B45: 42.2 | C45: 0.0027777778 | D45: =C45*(B45-B44)+D44 -> 0.120625 | E45: META | F45: 0 | G45: 4 | H45: =F45-G45 -> -4
D47: ritmo medio | E47: =D45/B45 -> 0.0028584123

Sheet Vacaciones
A1: ORLANDO
A2: Presupuesto | E2: Valor dólar | F2: 870 | L2: =41832*2 -> 83664 | N2: =53934*2 -> 107868 | O2: 977567
B3: Presupuestado | C3: Gastado | E3: en dolares | K3: millas | L3: =L2-35000 -> 48664
A4: Pasajes + tasa | B4: 591800 | C4: 591800 | L4: =20916*2 -> 41832 | N4: =377212*2 -> 754424 | O4: 137268
A5: Pasaporte | B5: 0 | C5: 0 | K5: millas | L5: =L4-35000 -> 6832 | O5: =N4-N2 -> 646556
A6: Seguro medico | B6: 79030 | C6: 79030
A7: Carrera | B7: 32976 | C7: 32976
A8: Hotel | B8: 670000 | C8: =670000+146.25*800 -> 787000
A9: Auto | B9: 617058 | C9: =617058+59.53*800 -> 664682 | H9: avis | I9: alamo
A10: Visa waiber | B10: 54971 | C10: 54971
A11: compras | B11: 400000 | C11: =(2217.46-366-146.25-59.53)*800 -> 1316544
A12: Comida (13 días) | B12: 400000
A13: Visitas | B13: 300000
A14: Agus | B14: =210000+245*800 -> 406000 | C14: =429.98*800 -> 343984
A15: Entradas Universal | B15: 716469 | C15: 716469 | E15: 710
A16: Entradas Disney | B16: 1108617 | C16: 1108617 | E16: 1233
A17: seaworld o lego | B17: =F2*E17 -> 234900 | C17: =366*800 -> 292800 | E17: =90*3 -> 270
A18: TOTAL | B18: =SUM(B4:B17) -> 5611821 | C18: =SUM(C4:C17) -> 5988873
A20: Por Gastar | B20: =B18-C18 -> -377052
A23: LOS ANGELES | L23: POR SEPARADO | M23: GO CITY | N23: CITY PASS | O23: CITY PASS (WARNER) | P23: CITY PASS (UNIVERSAL
A24: Presupuesto | E24: Valor dólar | F24: 890 | K24: UNIVERSAL /WARNER | L24: 372 | M24: 994.65 | N24: =223*3+6 -> 675 | O24: 372 | P24: 228
B25: Presupuestado | C25: Gastado | D25: disponible | K25: WARNER / UNIVERSAL | L25: 228 | O25: =109*3+6 -> 333 | P25: =170*3+6 -> 516
A26: Pasajes + tasa | B26: =1617804+45000 -> 1662804 | C26: =1617804+45000 -> 1662804 | D26: =B26-C26 -> 0 | K26: BREA
A27: pasajes sin francisco o auto | B27: 182552 | C27: 182552 | D27: =B27-C27 -> 0 | K27: BUS | L27: =63.75*3 -> 191.25
A28: Pasaporte | B28: 0 | C28: - | D28: =B28-C28 -> #VALUE! | K28: MUSEO
A29: Seguro medico | B29: TC | C29: TC | D29: =B29-C29 -> #VALUE! | K29: ZOO | L29: =27*3 -> 81 | N29: 81 | O29: 81 | P29: 81
A30: Carrera | B30: --- | C30: --- | D30: =B30-C30 -> #VALUE! | K30: GRIFFITH | L30: GRATIS | N30: GRATIS | O30: GRATIS | P30: GRATIS
A31: Hotel sfco | B31: 412273 | C31: =412273 -> 412273 | D31: =B31-C31 -> 0 | K31: MADAME TUSSAUDS
A32: Hotel LA | B32: 900000 | C32: 780000 | D32: =B32-C32 -> 120000 | K32: SANTA MONICA BIKE
A33: city pass LA (UNIVERSAL) | B33: 631395 | C33: 631395 | D33: =B33-C33 -> 0 | H33: avis | I33: alamo | K33: SIGN HOLLYWOOD
A34: Visa waiber | B34: 112774 | C34: 112774 | D34: =B34-C34 -> 0
A35: compras | B35: 500000 | C35: 1665861 | D35: =B35+B36+B37-C35 -> 34139
A36: Comida (12 días) | B36: 700000 | K36: TOTAL | L36: =SUM(L24:L35) -> 872.25 | M36: =SUM(M24:M35) -> 994.65 | N36: =SUM(N24:N35) -> 756 | O36: =SUM(O24:O35) -> 786 | P36: =SUM(P24:P35) -> 825
A37: Visitas | B37: 500000
A38: Agus | D38: =B38-C38 -> 0
A39: city pass San FCO (C3) | B39: 233226 | C39: 233226 | D39: =B39-C39 -> 0 | E39: 710 | N39: =M36-N36 -> 238.65
A40: Por pagar compras | C40: =324896+88509 -> 413405 | D40: =B40-C40 -> -413405 | E40: 1233
A41: entredas six flags o bush garden | B41: 214562 | C41: 214562 | D41: =B41-C41 -> 0 | E41: =90*3 -> 270
A42: TOTAL | B42: =SUM(B26:B41) -> 6049586 | C42: =SUM(C26:C41) -> 6308852 | D42: =B42-C42 -> -259266
A44: Por Gastar | B44: =B42-C42 -> -259266

Sheet Hoja1
C1: usd (P/P) | D1: noches | E1: unitario
A2: edenia universo viajes | B2: mexico | C2: 1873 | D2: 3 | E2: =C2/D2 -> 624.33333 | F2: (2 corredores)
A3: edenia universo viajes | B3: mexico | C3: 2000 | D3: 3 | E3: =C3/D3 -> 666.66667 | F3: (1 cor + 1 acomp) | H3: acompñamte paga mil dolares
C4: 3120 | D4: 3 | E4: =C4/D4 -> 1040 | F4: single | H4: acompñamte paga mil dolares
A5: destiny | B5: colombia | C5: 3495 | D5: 3 | E5: =C5/D5 -> 1165 | F5: (2 corredores)
A6: Lift | B6: Mexico | C6: =2199+625 -> 2824 | D6: 4 | E6: =C6/D6 -> 706 | G6: out
A7: maratones y viajes | B7: mexico | C7: 3295 | D7: 4 | E7: =C7/D7 -> 823.75 | F7: 1 corr
A8: amaison | B8: argentina | C8: 3460 | D8: 5 | E8: =C8/D8 -> 692 | G8: out
A9: i run the globe | B9: canada | C9: =2800+657 -> 3457 | D9: 4 | E9: =C9/D9 -> 864.25 | F9: single
C10: =657+3253 -> 3910 | D10: 5 | E10: =C10/D10 -> 782
A11: imich | B11: chile | C11: 3519 | D11: 4 | E11: =C11/D11 -> 879.75 | F11: single
F12: single
A13: car int | B13: chile | C13: 4290 | D13: 4 | E13: =C13/D13 -> 1072.5
A14: fernando pineda | B14: esp | C14: 3136 | D14: 5 | E14: =C14/D14 -> 627.2 | G14: out
A15: born 2 run | B15: italia | G15: out
A16: be next
A18: nz | C18: 5192 | D18: 7 | E18: =C18/D18 -> 741.71429
A20: dream travel canada | G20: out
